Workbook
Name _Toc211432252: Sheet1!$A$23
Name _Toc211432253: Sheet1!$B$23
Name _Toc211432254: Sheet1!$C$23
Name _Toc211432255: Sheet1!$D$23
Name _Toc211432256: Sheet1!$E$23
Name _Toc211432257: Sheet1!$A$24
Name _Toc211432258: Sheet1!$A$24
Name _Toc211432259: Sheet1!$B$24
Name _Toc211432260: Sheet1!$C$24
Name _Toc211432261: Sheet1!$D$24
Name _Toc211432262: Sheet1!$E$24
Name _Toc211432263: Sheet1!$A$25

Sheet Project Narrative
A1: Project Narrative
A2: ='Part I-Project Identification'!F27 -> Westchester Village II
A3: =CONCATENATE('Part I-Project Identification'!F28,", ", 'Part I-Project Identification'!J28," County") -> Jonesboro, Clayton County
A5: << Enter paragraphs here. Press and hold Alt-Enter to start new paragraphs. Please do NOT use space lines between paragraphs - use indentation instead.>> | B5: NOTE: Row size may be increased or decreased as needed. Press and hold Alt-Enter to start new paragraphs in the same box. Please do NOT insert blank lines between paragraphs. Use outline numbering, bullet points, and/or indentation instead.

Sheet Part I-Project Identification
B1: Labels | F1: LocationValues1 | G1: Latitude | H1: Unit Count/Tenancy/Pool | I1: LocationLabels2 | J1: Longitude/LocationValues2 | K1: TC Election | N1: QCT | O1: Tract/MSA | P1: DDA/Unit Area | Z1: 1
A2: =CONCATENATE("Part I-Project Identification"," - ",$O$7," ",$F$27,", ",$F$28,", ",J28," County") -> Part I-Project Identification - 2026-0xx Westchester Village II, Jonesboro, Clayton County | Z2: 2 | AA2: 1
Z3: 3 | AA3: 2
A4: The Georgia Department of Community Affairs (DCA) is committed to providing all persons with equal access to its services, programs, activities, education and employment regardless of race, color, national origin, religion, sex, familial status, disability or age. For a reasonable accommodation please email hfdround@dca.ga.gov. For the best operability of this workbook, fill out both the blue cells and the Tabs/Parts in order of appearance. If you encounter issues with this workbook's operation, simply email allocation@dca.ga.gov with a detailed description of the problem and attach a copy of your core application. Please include the Tab / Part Number and Name and the cell reference (column letter, row number) where the issue occurs. | Z4: 4 | AA4: 3
Z5: 5 | AA5: 4
A6: May XX, 2026 | G6: Blue-shaded cells are unlocked for Applicant use and do not contain references/formulas. | P6: DCA Use ONLY - Project Nbr: | Z6: 6 | AA6: 5
G7: Green-shaded cells unlocked for Applicant use but do contain default references/formulas able to be overwritten. | O7: 2026-0xx | Q7: Please note: Any questions asked in this Excel core application workbook that are necessarily replicated in the Emphasys System core application must have identical answers in both places. | Z7: 7 | AA7: 6
G8: Yellow cells - DCA Use ONLY | Z8: 8 | AA8: 7
Z9: 9 | AA9: 8
A10: I. | B10: DCA RESOURCES | F10: LIHTC (auto-filled from later entries) | I10: ='Part III-A-Uses of Funds'!$J$192 -> 1350000 | L10: DCA HOME (from Consent Form) | O10: ='Part II-Sources of Funds'!$H$6 -> 0 | Z10: 10 | AA10: 9
Z11: 11 | AA11: 10
A12: II. | B12: TYPE OF APPLICATION | F12: 9% Credits | I12: --> REQUIRED: | J12: Determination Number (if applies) - use format 2026PA-### | O12: 2026-PA123 | Z12: 12 | AA12: 11
F13: If 4% Credit, does Owner or Developer have a 4% Credits/Bonds property that received an LOD from DCA in 2022 or earlier? | P13: No | Z13: 13 | AA13: 12
M14: Is this project New Construction? | P14: Yes | Z14: 14
B15: =IF('Part I-Project Identification'!$F$12="9% Credits","9%", IF('Part I-Project Identification'!$F$12="4% Credits/Bonds","4%","")) -> 9% | Z15: 15 | AA15: 13
A16: III. | B16: APPLICANT CONTACT FOR APPLICATION SUBMISSION AND REVIEW | I16: (Enter all phone numbers without using hyphens, parentheses, decimals, etc - for example: 1234567890) | Z16: 16 | AA16: 14
B17: Organization Name | F17: Westchester Ventures, LLC | I17: Contact | J17: Philip Searles | M17: Title | N17: Principal | Z17: 17 | AA17: 15
B18: Office Phone | F18: 6784676861 | I18: Ext. | M18: Direct Line | N18: 6784676861 | Z18: 18 | AA18: 16
B19: E-mail | F19: philipsearles@gmail.com | M19: Cellular | N19: 6784676861 | Z19: 19 | AA19: 17
B20: Alternate Contact | Z20: 20 | AA20: 18
B21: Organization Name | I21: Contact | M21: Title | Z21: 21 | AA21: 19
B22: Office Phone | I22: Ext. | M22: Direct Line | Z22: 22 | AA22: 20
B23: E-mail | M23: Cellular | Z23: 23 | AA23: 21
Z24: 24 | AA24: 22
A25: IV. | B25: PROJECT LOCATION | Z25: 25 | AA25: 23
Z26: 26 | AA26: 24
B27: Project Name | F27: Westchester Village II | M27: QCT? | P27: No | Z27: 27 | AA27: 25
B28: City | F28: Jonesboro | I28: County | J28: =IF(F28="","",VLOOKUP(F28,'DCA Underwriting Assumptions'!$T$167:$U$796,2,FALSE)) -> Clayton | M28: DDA? | P28: No | Z28: 28 | AA28: 26
B29: Site is predominantly located within: | F29: Unincorporated County | J29: (Adjust County if needed) | M29: Site Acreage | O29: 7.44 | Z29: 29 | AA29: 27
B30: In USDA Rural Area? | F30: No | J30: Overall: | K30: =IF(F30="Yes","Rural","Urban") -> Urban | M30: HUD SA: | N30: =VLOOKUP($J$28,'DCA Underwriting Assumptions'!$G$167:$J$326,4) -> MSA | O30: =IF($F$28="","",VLOOKUP($J$28,'DCA Underwriting Assumptions'!$G$167:$L$326,3,FALSE)) -> Atlanta-Sandy Springs-Marietta | Z30: 30 | AA30: 28
Z31: 31 | AA31: 29
A32: V. | B32: WAIVERS AND/OR PRE-APPROVALS | Z32: 32 | AA32: 30
Z33: 33 | AA33: 31
B34: Have the following waivers and/or pre-approvals been approved by DCA? | Z34: 34 | AA34: 32
Z35: 35 | AA35: 33
C36: HOME Consent? | L36: State Basis Boost (extraordinary circumstances) | Z36: 36 | AA36: 34
C37: Cost Limit? | J37: If Yes, new Limit is -------------------------------------------->: | Z37: 37 | AA37: 35
C38: Operating Expense? | I38: No | J38: If Yes, new Limit is -------------------------------------------->: | Z38: 38 | AA38: 36
C39: Credit Award Limitation (extraordinary circumstances)? | I39: No | J39: If Yes, new Limit is -------------------------------------------->: | Z39: 39 | AA39: 37
Z40: 40 | AA40: 38
Z41: 41 | AA41: 39
A42: VI. | C42: APPLICANT COMMENTS AND CLARIFICATIONS | M42: VII. | N42: DCA COMMENTS - DCA USE ONLY | Z42: 42 | AA42: 40
Z43: 43 | AA43: 41
Z44: 44 | AA44: 42
Z45: 45 | AA45: 43
Z46: 46 | AA46: 44
AA47: 45
J65: << Select Designation >>
J66: Qualified w/out Conditions
J67: Qualified w/ Conditions (i)
J68: Qualified w/ Conditions (ii)
J69: Qualified w/ Conditions (iii)
J70: Qualified w/ Conditions (iv)
J71: Ineligible - Signif Adverse Events
J72: NQ - Partnering w/ Qualified Entity
J73: NQ - Probationary Participation
J74: Other - explain in Comments
R471: CDP Name | S471: CDP County | T471: CDP
R472: Belvedere Park | S472: DeKalb | T472: Census Designated Place
R473: Blacksville | S473: Henry | T473: Census Designated Place
R474: Bonanza | S474: Clayton | T474: Census Designated Place
R475: Candler-McAfee | T475: Census Designated Place
R476: Chattanooga Valley | S476: Walker | T476: Census Designated Place
R477: Conley | S477: Clayton | T477: Census Designated Place
R478: Country Club Estates | S478: Bulloch | T478: Census Designated Place
R479: Deenwood | S479: Ware | T479: Census Designated Place
R480: Dock Junction | S480: Glynn | T480: Census Designated Place
R481: Druid Hills | S481: DeKalb | T481: Census Designated Place
R482: East Griffin | S482: Spalding | T482: Census Designated Place
R483: East Newnan | S483: Coweta | T483: Census Designated Place
R484: Evans | S484: Columbia | T484: Census Designated Place
R485: Experiment | S485: Spalding | T485: Census Designated Place
R486: Fair Oaks | S486: Cobb | T486: Census Designated Place
R487: Fairview | S487: Walker | T487: Census Designated Place
... R503: Martinez | S503: Columbia | T503: Census Designated Place
R504: Midway-Hardwick | T504: Census Designated Place
R505: Montgomery | S505: Chatham | T505: Census Designated Place
R506: Moody AFB | S506: Lowndes | T506: Census Designated Place
R507: Mountain Park | S507: Fulton | T507: Census Designated Place
R508: North Atlanta | S508: DeKalb | T508: Census Designated Place
R509: North Decatur | S509: DeKalb | T509: Census Designated Place
R510: North Druid Hills | S510: DeKalb | T510: Census Designated Place
R511: Panthersville | S511: DeKalb | T511: Census Designated Place
R512: Phillipsburg | S512: Tift | T512: Census Designated Place
R513: Putney | S513: Dougherty | T513: Census Designated Place
R514: Raoul | S514: Habersham | T514: Census Designated Place
R515: Redan | S515: DeKalb | T515: Census Designated Place
R516: Reed Creek | S516: Hart | T516: Census Designated Place
... R530: Wilmington Island | S530: Chatham | T530: Census Designated Place

Sheet Part II-Development Team
D1: IOI Labels | E1: Labels | F1: IOI Values | H1: Values1 | J1: OwnerZip | K1: Labels2 | L1: Values2 | M1: OwnerOrgType | O1: Labels3 | Q1: Values3 | Z1: 1
A2: =CONCATENATE("PART TWO - DEVELOPMENT TEAM INFORMATION"," - ",#REF!," ",#REF!,", ",#REF!,", ",#REF!," County") -> #REF! | Z2: 2
A3: Do NOT delete this tab from this workbook. Do NOT Copy from another workbook to "Paste" here - use "Paste Special", select "Values" instead, only on contiguous blue cells. | Z3: 3
A4: I. | B4: OWNERSHIP INFORMATION | H4: (Enter 10-Digit phone nbrs w/out using hyphens, parentheses, etc - ex: 1234567890) | O4: =#REF! -> #REF! | Z4: 4
Z5: 5
B6: A. | C6: OWNERSHIP ENTITY | H6: (Enter name as it will appear on all legal documents) | O6: Name of Principal | Z6: 6
E7: Office Street Address | O7: Title of Principal | Z7: 7
E8: City | K8: Fed Tax ID: | O8: Direct Line | Z8: 8
E9: State | I9: Zip+4 | L9: Org Type: | O9: Cellular | Z9: 9
E10: 10-digit Entity Office Phone / Ext. | K10: E-mail | Z10: 10
E11: (Enter 10-Digit phone nbrs w/out using hyphens, parentheses, etc - ex: 1234567890) | N11: * Must be verified by applicant using following website: | Z11: 11
Z12: 12
B13: B. | C13: PROPOSED PARTNERSHIP INFORMATION | N13: http://zip4.usps.com/zip4/welcome.jsp | Z13: 13
C14: 1. | D14: GENERAL PARTNER(S) | Z14: 14
D15: a. | E15: Managing Gen'l Partner | O15: Name of Principal | Z15: 15
E16: Office Street Address | O16: Title of Principal | Z16: 16
E17: City | K17: Website | O17: Direct Line | Z17: 17
E18: State | K18: Zip+4 | O18: Cellular | Z18: 18
E19: 10-digit Entity Office Phone / Ext. | K19: E-mail | Z19: 19
Z20: 20
D21: b. | E21: Other General Partner | O21: Name of Principal | Z21: 21
E22: Office Street Address | O22: Title of Principal | Z22: 22
E23: City | K23: Website | O23: Direct Line | Z23: 23
E24: State | K24: Zip+4 | O24: Cellular | Z24: 24
E25: 10-digit Entity Office Phone / Ext. | K25: E-mail | Z25: 25
Z26: 26
D27: c. | E27: Other General Partner | O27: Name of Principal | Z27: 27
E28: Office Street Address | O28: Title of Principal | Z28: 28
E29: City | K29: Website | O29: Direct Line | Z29: 29
E30: State | K30: Zip+4 | O30: Cellular | Z30: 30
E31: 10-digit Entity Office Phone / Ext. | K31: E-mail | Z31: 31
Z32: 32
C33: 2. | D33: LIMITED PARTNERS (PROPOSED OR ACTUAL) | K33: (Enter 10-Digit phone nbrs w/out using hyphens, parentheses, etc - ex: 1234567890) | Z33: 33
D34: a. | E34: Federal Limited Partner | O34: Name of Principal | Z34: 34
E35: Office Street Address | O35: Title of Principal | Z35: 35
E36: City | K36: Website | O36: Direct Line | Z36: 36
E37: State | K37: Zip+4 | O37: Cellular | Z37: 37
E38: 10-digit Entity Office Phone / Ext. | K38: E-mail | Z38: 38
Z39: 39
D40: b. | E40: State Limited Partner | O40: Name of Principal | Z40: 40
E41: Office Street Address | O41: Title of Principal | Z41: 41
E42: City | K42: Website | O42: Direct Line | Z42: 42
E43: State | K43: Zip+4 | O43: Cellular | Z43: 43
E44: 10-digit Entity Office Phone / Ext. | K44: E-mail | Z44: 44
Z45: 45
C46: 3. | D46: NONPROFIT SPONSOR | K46: (Enter 10-Digit phone nbrs w/out using hyphens, parentheses, etc - ex: 1234567890) | Z46: 46
E47: Nonprofit Sponsor | O47: Name of Principal | Z47: 47
E48: Office Street Address | O48: Title of Principal | Z48: 48
E49: City | K49: Website | O49: Direct Line | Z49: 49
E50: State | K50: Zip+4 | O50: Cellular | Z50: 50
E51: 10-digit Entity Office Phone / Ext. | K51: E-mail | Z51: 51
Z52: 52
A53: II. | B53: DEVELOPER(S) | K53: (Enter 10-Digit phone nbrs w/out using hyphens, parentheses, etc - ex: 1234567890) | Z53: 53
Z54: 54
B55: A. | C55: DEVELOPER | O55: Name of Principal | Z55: 55
E56: Office Street Address | O56: Title of Principal | Z56: 56
E57: City | K57: Website | O57: Direct Line | Z57: 57
E58: State | K58: Zip+4 | O58: Cellular | Z58: 58
E59: 10-digit Entity Office Phone / Ext. | K59: E-mail | Z59: 59
Z60: 60
B61: B. | C61: CO-DEVELOPER 1 | O61: Name of Principal | Z61: 61
E62: Office Street Address | O62: Title of Principal | Z62: 62
E63: City | K63: Website | O63: Direct Line | Z63: 63
E64: State | K64: Zip+4 | O64: Cellular | Z64: 64
E65: 10-digit Entity Office Phone / Ext. | K65: E-mail | Z65: 65
Z66: 66
B67: C. | C67: CO-DEVELOPER 2 | O67: Name of Principal | Z67: 67
E68: Office Street Address | O68: Title of Principal | Z68: 68
E69: City | K69: Website | O69: Direct Line | Z69: 69
E70: State | K70: Zip+4 | O70: Cellular | Z70: 70
E71: 10-digit Entity Office Phone / Ext. | K71: E-mail | Z71: 71
Z72: 72
B73: D. | C73: DEVELOPMENT CONSULTANT | O73: Name of Principal | Z73: 73
E74: Office Street Address | O74: Title of Principal | Z74: 74
E75: City | K75: Website | O75: Direct Line | Z75: 75
E76: State | K76: Zip+4 | O76: Cellular | Z76: 76
E77: 10-digit Entity Office Phone / Ext. | K77: E-mail | Z77: 77
Z78: 78
A79: III. | B79: OTHER PROJECT TEAM MEMBERS | K79: (Enter 10-Digit phone nbrs w/out using hyphens, parentheses, etc - ex: 1234567890) | Z79: 79
Z80: 80
B81: A. | C81: OWNERSHIP CONSULTANT | O81: Name of Principal | Z81: 81
E82: Office Street Address | O82: Title of Principal | Z82: 82
E83: City | K83: Website | O83: Direct Line | Z83: 83
E84: State | K84: Zip+4 | O84: Cellular | Z84: 84
E85: 10-digit Entity Office Phone / Ext. | K85: E-mail | Z85: 85
Z86: 86
B87: B. | C87: GENERAL CONTRACTOR | O87: Name of Principal | Z87: 87
E88: Office Street Address | O88: Title of Principal | Z88: 88
E89: City | K89: Website | O89: Direct Line | Z89: 89
E90: State | K90: Zip+4 | O90: Cellular | Z90: 90
E91: 10-digit Entity Office Phone / Ext. | K91: E-mail | Z91: 91
Z92: 92
B93: C. | C93: MANAGEMENT COMPANY | O93: Name of Principal | Z93: 93
E94: Office Street Address | O94: Title of Principal | Z94: 94
E95: City | K95: Website | O95: Direct Line | Z95: 95
E96: State | K96: Zip+4 | O96: Cellular | Z96: 96
E97: 10-digit Entity Office Phone / Ext. | K97: E-mail | Z97: 97
Z98: 98
B99: D. | C99: ATTORNEY | O99: Name of Principal | Z99: 99
E100: Office Street Address | O100: Title of Principal | Z100: 100
...

Sheet Part II-Sources of Funds
B1: Labels | E1: PermName | H1: ConstEntity | I1: PermAmt | K1: PermInt | L1: ConstAmt/PermTerm | M1: PermAmort | N1: ConstInt/PermType | P1: ConstTerm/PermDebtServ | Z1: 1
A2: =CONCATENATE("PART TWO - SOURCES OF FUNDS (Proposed)"," - ",'Part I-Project Identification'!$O$7," ",'Part I-Project Identification'!$F$27,", ",'Part I-Project Identification'!$F$28,", ",'Part I-Project Identification'!$J$28," County") -> PART TWO - SOURCES OF FUNDS (Proposed) - 2026-0xx Westchester Village II, Jonesboro, Clayton County | S2: =$A$2 -> PART TWO - SOURCES OF FUNDS (Proposed) - 2026-0xx Westchester Village II, Jonesboro, Clayton County | Z2: 2
Z3: 3
A4: I. | B4: GOVERNMENT FUNDING SOURCES (check all that apply) | L4: ='Part I-Project Identification'!$A$6 -> May XX, 2026 | S4: =B4 -> GOVERNMENT FUNDING SOURCES (check all that apply) | Z4: 4
S5: DCA COMMENTS - DCA Use Only | Z5: 5
B6: Yes | C6: Tax Credits | F6: DCA HOME* - Amt $ | M6: SLFRF | P6: TCAP thru CDFI | Z6: 6
C7: Historic Rehab Credit | F7: Other HOME* - Amt $ | M7: ERA2 | Z7: 7
C8: CDBG * | F8: Other HOME*- Source | H8: Specify Other HOME Source here | M8: FHA Risk Share | Z8: 8
C9: Kresge Foundation | F9: HOME-ARP* - Amt $ | M9: FHA Insured Mortgage | Z9: 9
C10: USDA 515 | M10: National Housing Trust Fund * | Z10: 10
C11: USDA 538 | F11: Other Type of FEDERAL Funding * - describe type/program here | M11: State Housing Trust Fund | Z11: 11
C12: USDA PBRA | F12: Specify Source/Administrator of Other FEDERAL Funding here | M12: Replacement Housing Funds | Z12: 12
C13: Section 8 PBRA * | M13: McKinney-Vento Homeless | Z13: 13
C14: FHLB / AHP * | F14: Specify Source/Administrator of Other STATE/LOCAL Funding here | M14: Neigborhood Stabilization Program * | Z14: 14
C15: NAHASDA | F15: Other PBRA*- Source: | H15: Specify Other PBRA Source here | M15: HUD CHOICE Neighborhoods (HOPE VI) | Z15: 15
C16: Taxable Bonds | F16: HUD Sect 202 Supportive Housing for Elderly | M16: HUD Rental Assistance Deonstration (RAD) * | Z16: 16
C17: Tax Exempt Bond Allocation | F17: HUD Sect 811 Supportive Housing for Persons w/ Disabilities | M17: CDFI Capital Magnet Fund (Treasury Dept) | Z17: 17
B18: TE Bond Allocation - Amt $ | M18: Veterans Affairs Supportive Housing (VASH) | Z18: 18
B19: *This source may possibly trigger Uniform Relocation Act and/or HUD 104(d) reqmts. Check with source. For DCA HOME, refer to Relocation Manual. DCA HOME amount must be from DCA Consent Letter. | Z19: 19
Z20: 20
A21: II. | B21: CONSTRUCTION FINANCING | S21: =B21 -> CONSTRUCTION FINANCING | Z21: 21
Z22: 22
B23: Financing Type | G23: Name of Financing Entity | L23: Amount ($) | N23: Effective Interest Rate | P23: Term (In Months) | S23: DCA COMMENTS - DCA Use Only | Z23: 23 | AZ23: ConstA
B24: Mortgage A | G24: Sterling Bank | L24: 16610244 | N24: 0.0725 | P24: 24 | Y24: ConstA | Z24: 24 | AZ24: ConstB
B25: Mortgage B | Y25: ConstB | Z25: 25 | AZ25: ConstC
B26: Mortgage C | Y26: ConstC | Z26: 26 | AZ26: Const_FedGrant
B27: Federal Grant | Y27: Const_FedGrant | Z27: 27 | AZ27: Const_StateLocalGrant
B28: State, Local, or Private Grant | Y28: Const_StateLocalGrant | Z28: 28 | AZ28: Const_DDF
B29: Deferred Developer Fees | Y29: Const_DDF | Z29: 29 | AZ29: Const_FedEquity
B30: Federal Housing Credit Equity | G30: Affordable Equity Partners, Inc | L30: 1052789 | Y30: Const_FedEquity | Z30: 30 | AZ30: Const_StateEquity
B31: State Housing Credit Equity | G31: Affordable Equity Partners, Inc | L31: 580500 | Y31: Const_StateEquity | Z31: 31 | AZ31: Const_Other1
B32: Other Type (specify) | Y32: Const_Other1 | Z32: 32 | AZ32: Const_Other2
B33: Other Type (specify) | Y33: Const_Other2 | Z33: 33 | AZ33: Const_Other3
B34: Other Type (specify) | Y34: Const_Other3 | Z34: 34
B35: Total Construction Financing: | L35: =SUM(L24:L34) -> 18243533 | Z35: 35
B36: Total Construction Period Costs from Development Budget: | L36: ='Part III-A-Uses of Funds'!$G$147-'Part III-A-Uses of Funds'!$G$103-'Part III-A-Uses of Funds'!$G$109-'Part III-A-Uses of Funds'!$G$130-'Part III-A-Uses of Funds'!$G$131-'Part III-A-Uses of Funds'!$G$133-'Part III-A-Uses of Funds'!$G$127+'Part III-A-Uses of Funds'!$F$123 -> 18243533 | Z36: 36
B37: Surplus / (Shortage) of Construction funds to Construction costs: | L37: =L35-L36 -> 0 | Z37: 37
Z38: 38
A39: III. | B39: PERMANENT FINANCING | S39: =B39 -> PERMANENT FINANCING | Z39: 39
K40: Effective | L40: Term | M40: Amort. | P40: Annual Debt Service in Year One | Z40: 40
B41: Financing Type | E41: Name of Financing Entity | I41: Principal Amount ($) | K41: Int Rate | L41: (Years) | M41: (Years) | N41: Loan Type | S41: DCA COMMENTS - DCA Use Only | Z41: 41 | AZ41: PermA
B42: Mortgage A (Lien Position 1) | E42: Sterling Bank | I42: 4150000 | K42: 0.0725 | L42: 18 | M42: 40 | N42: Amortizing | P42: =IF(OR(I42<=0,I42=""),"",IF(N42="Cash Flow",0,IF(N42="Amortizing",-PMT(K42/12,M42*12,I42,0,0)*12,""))) -> 318556.62 | Y42: PermA | Z42: 42 | AZ42: PermB
B43: Mortgage B (Lien Position 2) | P43: =IF(OR(I43<=0,I43=""),"",IF(N43="Cash Flow",0,IF(N43="Amortizing",-PMT(K43/12,M43*12,I43,0,0)*12,""))) | Y43: PermB | Z43: 43 | AZ43: PermC
B44: Mortgage C (Lien Position 3) | P44: =IF(OR(I44<=0,I44=""),"",IF(N44="Cash Flow",0,IF(N44="Amortizing",-PMT(K44/12,M44*12,I44,0,0)*12,""))) | Y44: PermC | Z44: 44 | AZ44: Perm_Other
B45: Other: | P45: =IF(OR(I45<=0,I45=""),"",IF(N45="Cash Flow",0,IF(N45="Amortizing",-PMT(K45/12,M45*12,I45,0,0)*12,""))) | Y45: Perm_Other | Z45: 45 | AZ45: Perm_FoundCharityGovt
B46: Foundation, charity or other govt* | Y46: Perm_FoundCharityGovt | Z46: 46 | AZ46: Perm_DDF
B47: Deferred Devlpr Fee | D47: =IF(OR(I47="",I47=0,'Part III-A-Uses of Funds'!$G$127="",'Part III-A-Uses of Funds'!$G$127=0),"",I47/'Part III-A-Uses of Funds'!$G$127) -> 0.013817105 | E47: Westchester Ventures, LLC | I47: 31503 | K47: 0 | L47: 15 | N47: Cash Flow | P47: =IF(OR(I47<=0,I47=""),"",IF(N47="Cash Flow",0,IF(N47="Amortizing",-PMT(K47/12,M47*12,I47,0,0)*12,""))) -> 0 | Y47: Perm_DDF | Z47: 47
Z48: 48
B49: Proforma Totals over DDF Term ------> | E49: Cash Flow: | F49: =IF(OR($I$47="",$I$47=0,'Part VI-Pro Forma'!$S$35=0,'Part VI-Pro Forma'!$S$35=""),"",VLOOKUP($L$47,'Part VI-Pro Forma'!$Q$21:$S$40,3)) -> 1329829.2 | H49: DDF Paid: | I49: =IF(OR($I$47="",$I$47=0,'Part VI-Pro Forma'!$R$35=0,'Part VI-Pro Forma'!$R$35=""),"",VLOOKUP($L$47,'Part VI-Pro Forma'!$Q$21:$S$35,2)) -> 31503 | K49: Actual %: | L49: =IF(OR($F$49 = 0,$F$49 =""),"",$I$49/$F$49) -> 0.023689508 | N49: Additional DDF Need: | P49: =IF(OR($I$64=0,$I$62>$I$63),0,ABS($I$62-$I$63)) -> 0 | Z49: 49
Z50: 50 | AZ50: Perm_FedGrant
B51: Federal Grant | P51: TC Equity | Y51: Perm_FedGrant | Z51: 51 | AZ51: Perm_StateLocalGrant
B52: State, Local, or Private Grant | L52: Equity Check | N52: + / - | P52: % of TDC | Y52: Perm_StateLocalGrant | Z52: 52 | AZ52: Perm_FedEquity
B53: Federal Housing Credit Equity | E53: Affordable Equity Partners, Inc | I53: 10527894 | L53: ='Part III-A-Uses of Funds'!$J$192*10*'Part III-A-Uses of Funds'!$N$183 -> 10530000 | N53: =I53-L53 -> -2106 | P53: =I53/I63 -> 0.51319264 | Y53: Perm_FedEquity | Z53: 53 | AZ53: Perm_StateEquity
B54: State Housing Credit Equity | E54: Affordable Equity Partners, Inc | I54: 5805000 | L54: ='Part III-A-Uses of Funds'!$J$192*10*'Part III-A-Uses of Funds'!$Q$183 -> 5805000 | N54: =I54-L54 -> 0 | P54: =I54/I63 -> 0.28297049 | Y54: Perm_StateEquity | Z54: 54 | AZ54: Perm_HistoricCredEquity
B55: Historic Credit Equity | P55: =SUM(P53:P54) -> 0.79616312 | Y55: Perm_HistoricCredEquity | Z55: 55
B56: Invstmt Earnings: T-E Bonds | Z56: 56
B57: Invstmt Earnings: Taxable Bonds | Z57: 57
B58: Income from Operations | Z58: 58 | AZ58: Perm_Other1
B59: Other: | C59: GP & LP Equity | I59: 110 | Y59: Perm_Other1 | Z59: 59 | AZ59: Perm_Other2
B60: Other: | Y60: Perm_Other2 | Z60: 60 | AZ60: Perm_Other3
B61: Other: | Y61: Perm_Other3 | Z61: 61
B62: Total Permanent Financing: | I62: =SUM(I42:J47)+SUM(I51:J61) -> 20514507 | Z62: 62
B63: Total Development Costs from Development Budget: | I63: ='Part III-A-Uses of Funds'!$G$147 -> 20514507 | Z63: 63
B64: Surplus/(Shortage) of Permanent funds to development costs: | I64: =I62-I63 -> 0 | Z64: 64
A65: *Foundation, charity or other government funding to cover costs exceeding DCA cost limit (see Appendix I, Section II). | Z65: 65
Z66: 66
A67: IV. | B67: APPLICANT COMMENTS AND CLARIFICATIONS | M67: IV. | N67: DCA COMMENTS - DCA USE ONLY | Z67: 67
S68: NOTE: Row size may be increased or decreased as needed. Press and hold Alt-Enter to start new paragraphs in the same box. | Z68: 68
Z69: 69
Z70: 70
Z71: 71
Z72: 72
Z73: 73
Z74: 74

Sheet Part III B-USDA 538 Loan
A1: =CONCATENATE("PART III B: USD 538 LOAN"," - ",#REF!," ",#REF!,", ",#REF!,", ",#REF!," County") -> #REF!
A3: I. Data Input
A5: Loan Amount: | D5: =IF(C5>1500000,1500000,0) -> 0 | E5: =IF(C5>1500000,C5-1500000,0) -> 0
A6: Interest Rate: | B6: USDA Spread | C6: 0 | D6: (aka Interest Assistance Rate in USDA Handbook)
B7: Effective Rate | D7: (Effective Interest Assistance Rate in USDA Handbook)
A8: USDA Annual Fee | C8: 0 | D8: (per annum)
A9: Loan Term (yrs)
A10: Amortization Pd (yrs)
A11: Annual P & I | C11: =PMT(C7/12,C10*12,-C5,0,0)*12 -> #NUM! | D11: =PMT($C$7/12,$C$10*12,-D5,0,0)*12 -> #NUM! | E11: =PMT($C$7/12,$C$10*12,-E5,0,0)*12 -> #NUM!
A12: Monthly P & I | C12: =C11/12 -> #NUM! | D12: =D11/12 -> #NUM! | E12: =E11/12 -> #NUM!
A14: II. Interest Credit / USDA Annual Guaranty Fee
A16: Year | B16: Interest Credit | C16: Guarantee Fee | D16: Annual Debt Svc
A17: 1 | B17: =IF(A17>$C$9,0,SUM(C64:C75)*($C$6/$C$7)) -> 0 | C17: =IF(A17>C9,0,(E63+K63)*$C$8) -> 0 | D17: =IF(A17>$C$9,0,$C$11+C17) -> 0
A18: 2 | B18: =IF(A18>C9,0,SUM(C76:C87)*($C$6/$C$7)) -> 0 | C18: =IF(A18>C9,0,(E75+K75)*$C$8) -> 0 | D18: =IF(A18>$C$9,0,$C$11+C18) -> 0
A19: 3 | B19: =IF(A19>C9,0,SUM(C88:C99)*($C$6/$C$7)) -> 0 | C19: =IF(A19>C9,0,(E87+K87)*$C$8) -> 0 | D19: =IF(A19>$C$9,0,$C$11+C19) -> 0
A20: 4 | B20: =IF(A20>C9,0,SUM(C100:C111)*($C$6/$C$7)) -> 0 | C20: =IF(A20>C9,0,(E99+K99)*$C$8) -> 0 | D20: =IF(A20>$C$9,0,$C$11+C20) -> 0
A21: 5 | B21: =IF(A21>C9,0,SUM(C112:C123)*($C$6/$C$7)) -> 0 | C21: =IF(A21>C9,0,(E111+K111)*$C$8) -> 0 | D21: =IF(A21>$C$9,0,$C$11+C21) -> 0
A22: 6 | B22: =IF(A22>C9,0,SUM(C124:C135)*($C$6/$C$7)) -> 0 | C22: =IF(A22>C9,0,(E123+K123)*$C$8) -> 0 | D22: =IF(A22>$C$9,0,$C$11+C22) -> 0
A23: 7 | B23: =IF(A23>C9,0,SUM(C136:C147)*($C$6/$C$7)) -> 0 | C23: =IF(A23>C9,0,(E135+K135)*$C$8) -> 0 | D23: =IF(A23>$C$9,0,$C$11+C23) -> 0
A24: 8 | B24: =IF(A24>C9,0,SUM(C148:C159)*($C$6/$C$7)) -> 0 | C24: =IF(A24>C9,0,(E147+K147)*$C$8) -> 0 | D24: =IF(A24>$C$9,0,$C$11+C24) -> 0
A25: 9 | B25: =IF(A25>C9,0,SUM(C160:C171)*($C$6/$C$7)) -> 0 | C25: =IF(A25>C9,0,(E159+K159)*$C$8) -> 0 | D25: =IF(A25>$C$9,0,$C$11+C25) -> 0
A26: 10 | B26: =IF(A26>C9,0,SUM(C172:C183)*($C$6/$C$7)) -> 0 | C26: =IF(A26>C9,0,(E171+K171)*$C$8) -> 0 | D26: =IF(A26>$C$9,0,$C$11+C26) -> 0
A27: 11 | B27: =IF(A27>C9,0,SUM(C184:C195)*($C$6/$C$7)) -> 0 | C27: =IF(A27>C9,0,(E183+K183)*$C$8) -> 0 | D27: =IF(A27>$C$9,0,$C$11+C27) -> 0
A28: 12 | B28: =IF(A28>C9,0,SUM(C196:C207)*($C$6/$C$7)) -> 0 | C28: =IF(A28>C9,0,(E195+K195)*$C$8) -> 0 | D28: =IF(A28>$C$9,0,$C$11+C28) -> 0
A29: 13 | B29: =IF(A29>C9,0,SUM(C208:C219)*($C$6/$C$7)) -> 0 | C29: =IF(A29>C9,0,(E207+K207)*$C$8) -> 0 | D29: =IF(A29>$C$9,0,$C$11+C29) -> 0
A30: 14 | B30: =IF(A30>C9,0,SUM(C220:C231)*($C$6/$C$7)) -> 0 | C30: =IF(A30>C9,0,(E219+K219)*$C$8) -> 0 | D30: =IF(A30>$C$9,0,$C$11+C30) -> 0
A31: 15 | B31: =IF(A31>C9,0,SUM(C232:C243)*($C$6/$C$7)) -> 0 | C31: =IF(A31>C9,0,(E231+K231)*$C$8) -> 0 | D31: =IF(A31>$C$9,0,$C$11+C31) -> 0
A32: 16 | B32: =IF(A32>C9,0,SUM(C244:C255)*($C$6/$C$7)) -> 0 | C32: =IF(A32>C9,0,(E243+K243)*$C$8) -> 0 | D32: =IF(A32>$C$9,0,$C$11+C32) -> 0
A33: 17 | B33: =IF(A33>C9,0,SUM(C256:C267)*($C$6/$C$7)) -> 0 | C33: =IF(A33>C9,0,(E255+K255)*$C$8) -> 0 | D33: =IF(A33>$C$9,0,$C$11+C33) -> 0
A34: 18 | B34: =IF(A34>C9,0,SUM(C268:C279)*($C$6/$C$7)) -> 0 | C34: =IF(A34>C9,0,(E267+K267)*$C$8) -> 0 | D34: =IF(A34>$C$9,0,$C$11+C34) -> 0
A35: 19 | B35: =IF(A35>C9,0,SUM(C280:C291)*($C$6/$C$7)) -> 0 | C35: =IF(A35>C9,0,(E279+K279)*$C$8) -> 0 | D35: =IF(A35>$C$9,0,$C$11+C35) -> 0
A36: 20 | B36: =IF(A36>C9,0,SUM(C292:C303)*($C$6/$C$7)) -> 0 | C36: =IF(A36>C9,0,(E291+K291)*$C$8) -> 0 | D36: =IF(A36>$C$9,0,$C$11+C36) -> 0
A37: 21 | B37: =IF(A37>C9,0,SUM(C293:C304)*($C$6/$C$7)) -> 0 | C37: =IF(A37>C9,0,(E303+K303)*$C$8) -> 0 | D37: =IF(A37>$C$9,0,$C$11+C37) -> 0
A38: 22 | B38: =IF(A38>C9,0,SUM(C294:C305)*($C$6/$C$7)) -> 0 | C38: =IF(A38>C9,0,(E315+K315)*$C$8) -> 0 | D38: =IF(A38>$C$9,0,$C$11+C38) -> 0
A39: 23 | B39: =IF(A39>C9,0,SUM(C295:C306)*($C$6/$C$7)) -> 0 | C39: =IF(A39>C9,0,(E327+K327)*$C$8) -> 0 | D39: =IF(A39>$C$9,0,$C$11+C39) -> 0
A40: 24 | B40: =IF(A40>C9,0,SUM(C296:C307)*($C$6/$C$7)) -> 0 | C40: =IF(A40>C9,0,(E339+K339)*$C$8) -> 0 | D40: =IF(A40>$C$9,0,$C$11+C40) -> 0
A41: 25 | B41: =IF(A41>C9,0,SUM(C297:C308)*($C$6/$C$7)) -> 0 | C41: =IF(A41>C9,0,(E351+K351)*$C$8) -> 0 | D41: =IF(A41>$C$9,0,$C$11+C41) -> 0
A42: 26 | B42: =IF(A42>C9,0,SUM(C298:C309)*($C$6/$C$7)) -> 0 | C42: =IF(A42>C9,0,(E363+K363)*$C$8) -> 0 | D42: =IF(A42>$C$9,0,$C$11+C42) -> 0
A43: 27 | B43: =IF(A43>C9,0,SUM(C299:C310)*($C$6/$C$7)) -> 0 | C43: =IF(A43>C9,0,(E375+K375)*$C$8) -> 0 | D43: =IF(A43>$C$9,0,$C$11+C43) -> 0
A44: 28 | B44: =IF(A44>C9,0,SUM(C300:C311)*($C$6/$C$7)) -> 0 | C44: =IF(A44>C9,0,(E387+K387)*$C$8) -> 0 | D44: =IF(A44>$C$9,0,$C$11+C44) -> 0
A45: 29 | B45: =IF(A45>C9,0,SUM(C301:C312)*($C$6/$C$7)) -> 0 | C45: =IF(A45>C9,0,(E411+K411)*$C$8) -> 0 | D45: =IF(A45>$C$9,0,$C$11+C45) -> 0
A46: 30 | B46: =IF(A46>C9,0,SUM(C302:C313)*($C$6/$C$7)) -> 0 | C46: =IF(A46>C9,0,(E423+K423)*$C$8) -> 0 | D46: =IF(A46>$C$9,0,$C$11+C46) -> 0
A47: 31 | B47: =IF(A47>C9,0,SUM(C303:C314)*($C$6/$C$7)) -> 0 | C47: =IF(A47>C9,0,(E435+K435)*$C$8) -> 0 | D47: =IF(A47>$C$9,0,$C$11+C47) -> 0
A48: 32 | B48: =IF(A48>C9,0,SUM(C304:C315)*($C$6/$C$7)) -> 0 | C48: =IF(A48>C9,0,(E447+K447)*$C$8) -> 0 | D48: =IF(A48>$C$9,0,$C$11+C48) -> 0
A49: 33 | B49: =IF(A49>C9,0,SUM(C305:C316)*($C$6/$C$7)) -> 0 | C49: =IF(A49>C9,0,(E459+K459)*$C$8) -> 0 | D49: =IF(A49>$C$9,0,$C$11+C49) -> 0
A50: 34 | B50: =IF(A50>C9,0,SUM(C306:C317)*($C$6/$C$7)) -> 0 | C50: =IF(A50>C9,0,(E471+K471)*$C$8) -> 0 | D50: =IF(A50>$C$9,0,$C$11+C50) -> 0
A51: 35 | B51: =IF(A51>C9,0,SUM(C307:C318)*($C$6/$C$7)) -> 0 | C51: =IF(A51>C9,0,(E483+K483)*$C$8) -> 0 | D51: =IF(A51>$C$9,0,$C$11+C51) -> 0
A52: 36 | B52: =IF(A52>C9,0,SUM(C308:C319)*($C$6/$C$7)) -> 0 | C52: =IF(A52>C9,0,(E495+K495)*$C$8) -> 0 | D52: =IF(A52>$C$9,0,$C$11+C52) -> 0
A53: 37 | B53: =IF(A53>C9,0,SUM(C309:C320)*($C$6/$C$7)) -> 0 | C53: =IF(A53>C9,0,(E507+K507)*$C$8) -> 0 | D53: =IF(A53>$C$9,0,$C$11+C53) -> 0
A54: 38 | B54: =IF(A54>C9,0,SUM(C310:C321)*($C$6/$C$7)) -> 0 | C54: =IF(A54>C9,0,(E519+K519)*$C$8) -> 0 | D54: =IF(A54>$C$9,0,$C$11+C54) -> 0
A55: 39 | B55: =IF(A55>C9,0,SUM(C311:C322)*($C$6/$C$7)) -> 0 | C55: =IF(A55>C9,0,(E531+K531)*$C$8) -> 0 | D55: =IF(A55>$C$9,0,$C$11+C55) -> 0
A56: 40 | B56: =IF(A56>C9,0,SUM(C312:C323)*($C$6/$C$7)) -> 0 | C56: =IF(A56>C9,0,(E543+K543)*$C$8) -> 0 | D56: =IF(A56>$C$9,0,$C$11+C56) -> 0
A58: =CONCATENATE(#REF!," ",#REF!,", ",#REF!,", ",#REF!," County") -> #REF! | G58: =CONCATENATE(#REF!," ",#REF!,", ",#REF!,", ",#REF!," County") -> #REF!
A59: III. Amortization Schedule | G59: III. Amortization Schedule
A61: Month | B61: P&I Payment | C61: Interest | D61: Principal | E61: Balance | F61: Year | G61: Month | H61: P&I Payment | I61: Interest | J61: Principal | K61: Balance | L61: Year
A63: Close | E63: =IF($C$5>1500000,$D$5,$C$5) -> 0 | G63: Close | K63: =IF($C$5>1500000,$E$5,0) -> 0
A64: 1 | B64: =IF(A64>12*$C$9,0,IF($C$5>1500000,$D$12,$C$12)) -> 0 | C64: =IF(A64>12*$C$9,0,E63*$C$7/12) -> 0 | D64: =IF(A64>12*$C$9,0,B64-C64) -> 0 | E64: =IF(A64>12*$C$9,0,E63-D64) -> 0 | G64: 1 | H64: =IF(G64>12*$C$9,0,IF($C$5>1500000,$E$12,0)) -> 0 | I64: =IF(G64>12*$C$9,0,K63*$C$7/12) -> 0 | J64: =IF(G64>12*$C$9,0,H64-I64) -> 0 | K64: =IF(G64>12*$C$9,0,K63-J64) -> 0
A65: 2 | B65: =IF(A65>12*$C$9,0,IF($C$5>1500000,$D$12,$C$12)) -> 0 | C65: =IF(A65>12*$C$9,0,E64*$C$7/12) -> 0 | D65: =IF(A65>12*$C$9,0,B65-C65) -> 0 | E65: =IF(A65>12*$C$9,0,E64-D65) -> 0 | G65: 2 | H65: =IF(G65>12*$C$9,0,IF($C$5>1500000,$E$12,0)) -> 0 | I65: =IF(G65>12*$C$9,0,K64*$C$7/12) -> 0 | J65: =IF(G65>12*$C$9,0,H65-I65) -> 0 | K65: =IF(G65>12*$C$9,0,K64-J65) -> 0
A66: 3 | B66: =IF(A66>12*$C$9,0,IF($C$5>1500000,$D$12,$C$12)) -> 0 | C66: =IF(A66>12*$C$9,0,E65*$C$7/12) -> 0 | D66: =IF(A66>12*$C$9,0,B66-C66) -> 0 | E66: =IF(A66>12*$C$9,0,E65-D66) -> 0 | G66: 3 | H66: =IF(G66>12*$C$9,0,IF($C$5>1500000,$E$12,0)) -> 0 | I66: =IF(G66>12*$C$9,0,K65*$C$7/12) -> 0 | J66: =IF(G66>12*$C$9,0,H66-I66) -> 0 | K66: =IF(G66>12*$C$9,0,K65-J66) -> 0
A67: 4 | B67: =IF(A67>12*$C$9,0,IF($C$5>1500000,$D$12,$C$12)) -> 0 | C67: =IF(A67>12*$C$9,0,E66*$C$7/12) -> 0 | D67: =IF(A67>12*$C$9,0,B67-C67) -> 0 | E67: =IF(A67>12*$C$9,0,E66-D67) -> 0 | G67: 4 | H67: =IF(G67>12*$C$9,0,IF($C$5>1500000,$E$12,0)) -> 0 | I67: =IF(G67>12*$C$9,0,K66*$C$7/12) -> 0 | J67: =IF(G67>12*$C$9,0,H67-I67) -> 0 | K67: =IF(G67>12*$C$9,0,K66-J67) -> 0
A68: 5 | B68: =IF(A68>12*$C$9,0,IF($C$5>1500000,$D$12,$C$12)) -> 0 | C68: =IF(A68>12*$C$9,0,E67*$C$7/12) -> 0 | D68: =IF(A68>12*$C$9,0,B68-C68) -> 0 | E68: =IF(A68>12*$C$9,0,E67-D68) -> 0 | G68: 5 | H68: =IF(G68>12*$C$9,0,IF($C$5>1500000,$E$12,0)) -> 0 | I68: =IF(G68>12*$C$9,0,K67*$C$7/12) -> 0 | J68: =IF(G68>12*$C$9,0,H68-I68) -> 0 | K68: =IF(G68>12*$C$9,0,K67-J68) -> 0
A69: 6 | B69: =IF(A69>12*$C$9,0,IF($C$5>1500000,$D$12,$C$12)) -> 0 | C69: =IF(A69>12*$C$9,0,E68*$C$7/12) -> 0 | D69: =IF(A69>12*$C$9,0,B69-C69) -> 0 | E69: =IF(A69>12*$C$9,0,E68-D69) -> 0 | G69: 6 | H69: =IF(G69>12*$C$9,0,IF($C$5>1500000,$E$12,0)) -> 0 | I69: =IF(G69>12*$C$9,0,K68*$C$7/12) -> 0 | J69: =IF(G69>12*$C$9,0,H69-I69) -> 0 | K69: =IF(G69>12*$C$9,0,K68-J69) -> 0
A70: 7 | B70: =IF(A70>12*$C$9,0,IF($C$5>1500000,$D$12,$C$12)) -> 0 | C70: =IF(A70>12*$C$9,0,E69*$C$7/12) -> 0 | D70: =IF(A70>12*$C$9,0,B70-C70) -> 0 | E70: =IF(A70>12*$C$9,0,E69-D70) -> 0 | G70: 7 | H70: =IF(G70>12*$C$9,0,IF($C$5>1500000,$E$12,0)) -> 0 | I70: =IF(G70>12*$C$9,0,K69*$C$7/12) -> 0 | J70: =IF(G70>12*$C$9,0,H70-I70) -> 0 | K70: =IF(G70>12*$C$9,0,K69-J70) -> 0
A71: 8 | B71: =IF(A71>12*$C$9,0,IF($C$5>1500000,$D$12,$C$12)) -> 0 | C71: =IF(A71>12*$C$9,0,E70*$C$7/12) -> 0 | D71: =IF(A71>12*$C$9,0,B71-C71) -> 0 | E71: =IF(A71>12*$C$9,0,E70-D71) -> 0 | G71: 8 | H71: =IF(G71>12*$C$9,0,IF($C$5>1500000,$E$12,0)) -> 0 | I71: =IF(G71>12*$C$9,0,K70*$C$7/12) -> 0 | J71: =IF(G71>12*$C$9,0,H71-I71) -> 0 | K71: =IF(G71>12*$C$9,0,K70-J71) -> 0
A72: 9 | B72: =IF(A72>12*$C$9,0,IF($C$5>1500000,$D$12,$C$12)) -> 0 | C72: =IF(A72>12*$C$9,0,E71*$C$7/12) -> 0 | D72: =IF(A72>12*$C$9,0,B72-C72) -> 0 | E72: =IF(A72>12*$C$9,0,E71-D72) -> 0 | G72: 9 | H72: =IF(G72>12*$C$9,0,IF($C$5>1500000,$E$12,0)) -> 0 | I72: =IF(G72>12*$C$9,0,K71*$C$7/12) -> 0 | J72: =IF(G72>12*$C$9,0,H72-I72) -> 0 | K72: =IF(G72>12*$C$9,0,K71-J72) -> 0
A73: 10 | B73: =IF(A73>12*$C$9,0,IF($C$5>1500000,$D$12,$C$12)) -> 0 | C73: =IF(A73>12*$C$9,0,E72*$C$7/12) -> 0 | D73: =IF(A73>12*$C$9,0,B73-C73) -> 0 | E73: =IF(A73>12*$C$9,0,E72-D73) -> 0 | G73: 10 | H73: =IF(G73>12*$C$9,0,IF($C$5>1500000,$E$12,0)) -> 0 | I73: =IF(G73>12*$C$9,0,K72*$C$7/12) -> 0 | J73: =IF(G73>12*$C$9,0,H73-I73) -> 0 | K73: =IF(G73>12*$C$9,0,K72-J73) -> 0
A74: 11 | B74: =IF(A74>12*$C$9,0,IF($C$5>1500000,$D$12,$C$12)) -> 0 | C74: =IF(A74>12*$C$9,0,E73*$C$7/12) -> 0 | D74: =IF(A74>12*$C$9,0,B74-C74) -> 0 | E74: =IF(A74>12*$C$9,0,E73-D74) -> 0 | G74: 11 | H74: =IF(G74>12*$C$9,0,IF($C$5>1500000,$E$12,0)) -> 0 | I74: =IF(G74>12*$C$9,0,K73*$C$7/12) -> 0 | J74: =IF(G74>12*$C$9,0,H74-I74) -> 0 | K74: =IF(G74>12*$C$9,0,K73-J74) -> 0
A75: 12 | B75: =IF(A75>12*$C$9,0,IF($C$5>1500000,$D$12,$C$12)) -> 0 | C75: =IF(A75>12*$C$9,0,E74*$C$7/12) -> 0 | D75: =IF(A75>12*$C$9,0,B75-C75) -> 0 | E75: =IF(A75>12*$C$9,0,E74-D75) -> 0 | F75: 1 | G75: 12 | H75: =IF(G75>12*$C$9,0,IF($C$5>1500000,$E$12,0)) -> 0 | I75: =IF(G75>12*$C$9,0,K74*$C$7/12) -> 0 | J75: =IF(G75>12*$C$9,0,H75-I75) -> 0 | K75: =IF(G75>12*$C$9,0,K74-J75) -> 0 | L75: 1
A76: 13 | B76: =IF(A76>12*$C$9,0,IF($C$5>1500000,$D$12,$C$12)) -> 0 | C76: =IF(A76>12*$C$9,0,E75*$C$7/12) -> 0 | D76: =IF(A76>12*$C$9,0,B76-C76) -> 0 | E76: =IF(A76>12*$C$9,0,E75-D76) -> 0 | G76: 13 | H76: =IF(G76>12*$C$9,0,IF($C$5>1500000,$E$12,0)) -> 0 | I76: =IF(G76>12*$C$9,0,K75*$C$7/12) -> 0 | J76: =IF(G76>12*$C$9,0,H76-I76) -> 0 | K76: =IF(G76>12*$C$9,0,K75-J76) -> 0
A77: 14 | B77: =IF(A77>12*$C$9,0,IF($C$5>1500000,$D$12,$C$12)) -> 0 | C77: =IF(A77>12*$C$9,0,E76*$C$7/12) -> 0 | D77: =IF(A77>12*$C$9,0,B77-C77) -> 0 | E77: =IF(A77>12*$C$9,0,E76-D77) -> 0 | G77: 14 | H77: =IF(G77>12*$C$9,0,IF($C$5>1500000,$E$12,0)) -> 0 | I77: =IF(G77>12*$C$9,0,K76*$C$7/12) -> 0 | J77: =IF(G77>12*$C$9,0,H77-I77) -> 0 | K77: =IF(G77>12*$C$9,0,K76-J77) -> 0
A78: 15 | B78: =IF(A78>12*$C$9,0,IF($C$5>1500000,$D$12,$C$12)) -> 0 | C78: =IF(A78>12*$C$9,0,E77*$C$7/12) -> 0 | D78: =IF(A78>12*$C$9,0,B78-C78) -> 0 | E78: =IF(A78>12*$C$9,0,E77-D78) -> 0 | G78: 15 | H78: =IF(G78>12*$C$9,0,IF($C$5>1500000,$E$12,0)) -> 0 | I78: =IF(G78>12*$C$9,0,K77*$C$7/12) -> 0 | J78: =IF(G78>12*$C$9,0,H78-I78) -> 0 | K78: =IF(G78>12*$C$9,0,K77-J78) -> 0
A79: 16 | B79: =IF(A79>12*$C$9,0,IF($C$5>1500000,$D$12,$C$12)) -> 0 | C79: =IF(A79>12*$C$9,0,E78*$C$7/12) -> 0 | D79: =IF(A79>12*$C$9,0,B79-C79) -> 0 | E79: =IF(A79>12*$C$9,0,E78-D79) -> 0 | G79: 16 | H79: =IF(G79>12*$C$9,0,IF($C$5>1500000,$E$12,0)) -> 0 | I79: =IF(G79>12*$C$9,0,K78*$C$7/12) -> 0 | J79: =IF(G79>12*$C$9,0,H79-I79) -> 0 | K79: =IF(G79>12*$C$9,0,K78-J79) -> 0
A80: 17 | B80: =IF(A80>12*$C$9,0,IF($C$5>1500000,$D$12,$C$12)) -> 0 | C80: =IF(A80>12*$C$9,0,E79*$C$7/12) -> 0 | D80: =IF(A80>12*$C$9,0,B80-C80) -> 0 | E80: =IF(A80>12*$C$9,0,E79-D80) -> 0 | G80: 17 | H80: =IF(G80>12*$C$9,0,IF($C$5>1500000,$E$12,0)) -> 0 | I80: =IF(G80>12*$C$9,0,K79*$C$7/12) -> 0 | J80: =IF(G80>12*$C$9,0,H80-I80) -> 0 | K80: =IF(G80>12*$C$9,0,K79-J80) -> 0
A81: 18 | B81: =IF(A81>12*$C$9,0,IF($C$5>1500000,$D$12,$C$12)) -> 0 | C81: =IF(A81>12*$C$9,0,E80*$C$7/12) -> 0 | D81: =IF(A81>12*$C$9,0,B81-C81) -> 0 | E81: =IF(A81>12*$C$9,0,E80-D81) -> 0 | G81: 18 | H81: =IF(G81>12*$C$9,0,IF($C$5>1500000,$E$12,0)) -> 0 | I81: =IF(G81>12*$C$9,0,K80*$C$7/12) -> 0 | J81: =IF(G81>12*$C$9,0,H81-I81) -> 0 | K81: =IF(G81>12*$C$9,0,K80-J81) -> 0
A82: 19 | B82: =IF(A82>12*$C$9,0,IF($C$5>1500000,$D$12,$C$12)) -> 0 | C82: =IF(A82>12*$C$9,0,E81*$C$7/12) -> 0 | D82: =IF(A82>12*$C$9,0,B82-C82) -> 0 | E82: =IF(A82>12*$C$9,0,E81-D82) -> 0 | G82: 19 | H82: =IF(G82>12*$C$9,0,IF($C$5>1500000,$E$12,0)) -> 0 | I82: =IF(G82>12*$C$9,0,K81*$C$7/12) -> 0 | J82: =IF(G82>12*$C$9,0,H82-I82) -> 0 | K82: =IF(G82>12*$C$9,0,K81-J82) -> 0
A83: 20 | B83: =IF(A83>12*$C$9,0,IF($C$5>1500000,$D$12,$C$12)) -> 0 | C83: =IF(A83>12*$C$9,0,E82*$C$7/12) -> 0 | D83: =IF(A83>12*$C$9,0,B83-C83) -> 0 | E83: =IF(A83>12*$C$9,0,E82-D83) -> 0 | G83: 20 | H83: =IF(G83>12*$C$9,0,IF($C$5>1500000,$E$12,0)) -> 0 | I83: =IF(G83>12*$C$9,0,K82*$C$7/12) -> 0 | J83: =IF(G83>12*$C$9,0,H83-I83) -> 0 | K83: =IF(G83>12*$C$9,0,K82-J83) -> 0
A84: 21 | B84: =IF(A84>12*$C$9,0,IF($C$5>1500000,$D$12,$C$12)) -> 0 | C84: =IF(A84>12*$C$9,0,E83*$C$7/12) -> 0 | D84: =IF(A84>12*$C$9,0,B84-C84) -> 0 | E84: =IF(A84>12*$C$9,0,E83-D84) -> 0 | G84: 21 | H84: =IF(G84>12*$C$9,0,IF($C$5>1500000,$E$12,0)) -> 0 | I84: =IF(G84>12*$C$9,0,K83*$C$7/12) -> 0 | J84: =IF(G84>12*$C$9,0,H84-I84) -> 0 | K84: =IF(G84>12*$C$9,0,K83-J84) -> 0
A85: 22 | B85: =IF(A85>12*$C$9,0,IF($C$5>1500000,$D$12,$C$12)) -> 0 | C85: =IF(A85>12*$C$9,0,E84*$C$7/12) -> 0 | D85: =IF(A85>12*$C$9,0,B85-C85) -> 0 | E85: =IF(A85>12*$C$9,0,E84-D85) -> 0 | G85: 22 | H85: =IF(G85>12*$C$9,0,IF($C$5>1500000,$E$12,0)) -> 0 | I85: =IF(G85>12*$C$9,0,K84*$C$7/12) -> 0 | J85: =IF(G85>12*$C$9,0,H85-I85) -> 0 | K85: =IF(G85>12*$C$9,0,K84-J85) -> 0
A86: 23 | B86: =IF(A86>12*$C$9,0,IF($C$5>1500000,$D$12,$C$12)) -> 0 | C86: =IF(A86>12*$C$9,0,E85*$C$7/12) -> 0 | D86: =IF(A86>12*$C$9,0,B86-C86) -> 0 | E86: =IF(A86>12*$C$9,0,E85-D86) -> 0 | G86: 23 | H86: =IF(G86>12*$C$9,0,IF($C$5>1500000,$E$12,0)) -> 0 | I86: =IF(G86>12*$C$9,0,K85*$C$7/12) -> 0 | J86: =IF(G86>12*$C$9,0,H86-I86) -> 0 | K86: =IF(G86>12*$C$9,0,K85-J86) -> 0
A87: 24 | B87: =IF(A87>12*$C$9,0,IF($C$5>1500000,$D$12,$C$12)) -> 0 | C87: =IF(A87>12*$C$9,0,E86*$C$7/12) -> 0 | D87: =IF(A87>12*$C$9,0,B87-C87) -> 0 | E87: =IF(A87>12*$C$9,0,E86-D87) -> 0 | F87: 2 | G87: 24 | H87: =IF(G87>12*$C$9,0,IF($C$5>1500000,$E$12,0)) -> 0 | I87: =IF(G87>12*$C$9,0,K86*$C$7/12) -> 0 | J87: =IF(G87>12*$C$9,0,H87-I87) -> 0 | K87: =IF(G87>12*$C$9,0,K86-J87) -> 0 | L87: 2
A88: 25 | B88: =IF(A88>12*$C$9,0,IF($C$5>1500000,$D$12,$C$12)) -> 0 | C88: =IF(A88>12*$C$9,0,E87*$C$7/12) -> 0 | D88: =IF(A88>12*$C$9,0,B88-C88) -> 0 | E88: =IF(A88>12*$C$9,0,E87-D88) -> 0 | G88: 25 | H88: =IF(G88>12*$C$9,0,IF($C$5>1500000,$E$12,0)) -> 0 | I88: =IF(G88>12*$C$9,0,K87*$C$7/12) -> 0 | J88: =IF(G88>12*$C$9,0,H88-I88) -> 0 | K88: =IF(G88>12*$C$9,0,K87-J88) -> 0
A89: 26 | B89: =IF(A89>12*$C$9,0,IF($C$5>1500000,$D$12,$C$12)) -> 0 | C89: =IF(A89>12*$C$9,0,E88*$C$7/12) -> 0 | D89: =IF(A89>12*$C$9,0,B89-C89) -> 0 | E89: =IF(A89>12*$C$9,0,E88-D89) -> 0 | G89: 26 | H89: =IF(G89>12*$C$9,0,IF($C$5>1500000,$E$12,0)) -> 0 | I89: =IF(G89>12*$C$9,0,K88*$C$7/12) -> 0 | J89: =IF(G89>12*$C$9,0,H89-I89) -> 0 | K89: =IF(G89>12*$C$9,0,K88-J89) -> 0
A90: 27 | B90: =IF(A90>12*$C$9,0,IF($C$5>1500000,$D$12,$C$12)) -> 0 | C90: =IF(A90>12*$C$9,0,E89*$C$7/12) -> 0 | D90: =IF(A90>12*$C$9,0,B90-C90) -> 0 | E90: =IF(A90>12*$C$9,0,E89-D90) -> 0 | G90: 27 | H90: =IF(G90>12*$C$9,0,IF($C$5>1500000,$E$12,0)) -> 0 | I90: =IF(G90>12*$C$9,0,K89*$C$7/12) -> 0 | J90: =IF(G90>12*$C$9,0,H90-I90) -> 0 | K90: =IF(G90>12*$C$9,0,K89-J90) -> 0
A91: 28 | B91: =IF(A91>12*$C$9,0,IF($C$5>1500000,$D$12,$C$12)) -> 0 | C91: =IF(A91>12*$C$9,0,E90*$C$7/12) -> 0 | D91: =IF(A91>12*$C$9,0,B91-C91) -> 0 | E91: =IF(A91>12*$C$9,0,E90-D91) -> 0 | G91: 28 | H91: =IF(G91>12*$C$9,0,IF($C$5>1500000,$E$12,0)) -> 0 | I91: =IF(G91>12*$C$9,0,K90*$C$7/12) -> 0 | J91: =IF(G91>12*$C$9,0,H91-I91) -> 0 | K91: =IF(G91>12*$C$9,0,K90-J91) -> 0
A92: 29 | B92: =IF(A92>12*$C$9,0,IF($C$5>1500000,$D$12,$C$12)) -> 0 | C92: =IF(A92>12*$C$9,0,E91*$C$7/12) -> 0 | D92: =IF(A92>12*$C$9,0,B92-C92) -> 0 | E92: =IF(A92>12*$C$9,0,E91-D92) -> 0 | G92: 29 | H92: =IF(G92>12*$C$9,0,IF($C$5>1500000,$E$12,0)) -> 0 | I92: =IF(G92>12*$C$9,0,K91*$C$7/12) -> 0 | J92: =IF(G92>12*$C$9,0,H92-I92) -> 0 | K92: =IF(G92>12*$C$9,0,K91-J92) -> 0
A93: 30 | B93: =IF(A93>12*$C$9,0,IF($C$5>1500000,$D$12,$C$12)) -> 0 | C93: =IF(A93>12*$C$9,0,E92*$C$7/12) -> 0 | D93: =IF(A93>12*$C$9,0,B93-C93) -> 0 | E93: =IF(A93>12*$C$9,0,E92-D93) -> 0 | G93: 30 | H93: =IF(G93>12*$C$9,0,IF($C$5>1500000,$E$12,0)) -> 0 | I93: =IF(G93>12*$C$9,0,K92*$C$7/12) -> 0 | J93: =IF(G93>12*$C$9,0,H93-I93) -> 0 | K93: =IF(G93>12*$C$9,0,K92-J93) -> 0
A94: 31 | B94: =IF(A94>12*$C$9,0,IF($C$5>1500000,$D$12,$C$12)) -> 0 | C94: =IF(A94>12*$C$9,0,E93*$C$7/12) -> 0 | D94: =IF(A94>12*$C$9,0,B94-C94) -> 0 | E94: =IF(A94>12*$C$9,0,E93-D94) -> 0 | G94: 31 | H94: =IF(G94>12*$C$9,0,IF($C$5>1500000,$E$12,0)) -> 0 | I94: =IF(G94>12*$C$9,0,K93*$C$7/12) -> 0 | J94: =IF(G94>12*$C$9,0,H94-I94) -> 0 | K94: =IF(G94>12*$C$9,0,K93-J94) -> 0
A95: 32 | B95: =IF(A95>12*$C$9,0,IF($C$5>1500000,$D$12,$C$12)) -> 0 | C95: =IF(A95>12*$C$9,0,E94*$C$7/12) -> 0 | D95: =IF(A95>12*$C$9,0,B95-C95) -> 0 | E95: =IF(A95>12*$C$9,0,E94-D95) -> 0 | G95: 32 | H95: =IF(G95>12*$C$9,0,IF($C$5>1500000,$E$12,0)) -> 0 | I95: =IF(G95>12*$C$9,0,K94*$C$7/12) -> 0 | J95: =IF(G95>12*$C$9,0,H95-I95) -> 0 | K95: =IF(G95>12*$C$9,0,K94-J95) -> 0
A96: 33 | B96: =IF(A96>12*$C$9,0,IF($C$5>1500000,$D$12,$C$12)) -> 0 | C96: =IF(A96>12*$C$9,0,E95*$C$7/12) -> 0 | D96: =IF(A96>12*$C$9,0,B96-C96) -> 0 | E96: =IF(A96>12*$C$9,0,E95-D96) -> 0 | G96: 33 | H96: =IF(G96>12*$C$9,0,IF($C$5>1500000,$E$12,0)) -> 0 | I96: =IF(G96>12*$C$9,0,K95*$C$7/12) -> 0 | J96: =IF(G96>12*$C$9,0,H96-I96) -> 0 | K96: =IF(G96>12*$C$9,0,K95-J96) -> 0
A97: 34 | B97: =IF(A97>12*$C$9,0,IF($C$5>1500000,$D$12,$C$12)) -> 0 | C97: =IF(A97>12*$C$9,0,E96*$C$7/12) -> 0 | D97: =IF(A97>12*$C$9,0,B97-C97) -> 0 | E97: =IF(A97>12*$C$9,0,E96-D97) -> 0 | G97: 34 | H97: =IF(G97>12*$C$9,0,IF($C$5>1500000,$E$12,0)) -> 0 | I97: =IF(G97>12*$C$9,0,K96*$C$7/12) -> 0 | J97: =IF(G97>12*$C$9,0,H97-I97) -> 0 | K97: =IF(G97>12*$C$9,0,K96-J97) -> 0
A98: 35 | B98: =IF(A98>12*$C$9,0,IF($C$5>1500000,$D$12,$C$12)) -> 0 | C98: =IF(A98>12*$C$9,0,E97*$C$7/12) -> 0 | D98: =IF(A98>12*$C$9,0,B98-C98) -> 0 | E98: =IF(A98>12*$C$9,0,E97-D98) -> 0 | G98: 35 | H98: =IF(G98>12*$C$9,0,IF($C$5>1500000,$E$12,0)) -> 0 | I98: =IF(G98>12*$C$9,0,K97*$C$7/12) -> 0 | J98: =IF(G98>12*$C$9,0,H98-I98) -> 0 | K98: =IF(G98>12*$C$9,0,K97-J98) -> 0
A99: 36 | B99: =IF(A99>12*$C$9,0,IF($C$5>1500000,$D$12,$C$12)) -> 0 | C99: =IF(A99>12*$C$9,0,E98*$C$7/12) -> 0 | D99: =IF(A99>12*$C$9,0,B99-C99) -> 0 | E99: =IF(A99>12*$C$9,0,E98-D99) -> 0 | F99: 3 | G99: 36 | H99: =IF(G99>12*$C$9,0,IF($C$5>1500000,$E$12,0)) -> 0 | I99: =IF(G99>12*$C$9,0,K98*$C$7/12) -> 0 | J99: =IF(G99>12*$C$9,0,H99-I99) -> 0 | K99: =IF(G99>12*$C$9,0,K98-J99) -> 0 | L99: 3
A100: 37 | B100: =IF(A100>12*$C$9,0,IF($C$5>1500000,$D$12,$C$12)) -> 0 | C100: =IF(A100>12*$C$9,0,E99*$C$7/12) -> 0 | D100: =IF(A100>12*$C$9,0,B100-C100) -> 0 | E100: =IF(A100>12*$C$9,0,E99-D100) -> 0 | G100: 37 | H100: =IF(G100>12*$C$9,0,IF($C$5>1500000,$E$12,0)) -> 0 | I100: =IF(G100>12*$C$9,0,K99*$C$7/12) -> 0 | J100: =IF(G100>12*$C$9,0,H100-I100) -> 0 | K100: =IF(G100>12*$C$9,0,K99-J100) -> 0
A101: 38 | B101: =IF(A101>12*$C$9,0,IF($C$5>1500000,$D$12,$C$12)) -> 0 | C101: =IF(A101>12*$C$9,0,E100*$C$7/12) -> 0 | D101: =IF(A101>12*$C$9,0,B101-C101) -> 0 | E101: =IF(A101>12*$C$9,0,E100-D101) -> 0 | G101: 38 | H101: =IF(G101>12*$C$9,0,IF($C$5>1500000,$E$12,0)) -> 0 | I101: =IF(G101>12*$C$9,0,K100*$C$7/12) -> 0 | J101: =IF(G101>12*$C$9,0,H101-I101) -> 0 | K101: =IF(G101>12*$C$9,0,K100-J101) -> 0
A102: 39 | B102: =IF(A102>12*$C$9,0,IF($C$5>1500000,$D$12,$C$12)) -> 0 | C102: =IF(A102>12*$C$9,0,E101*$C$7/12) -> 0 | D102: =IF(A102>12*$C$9,0,B102-C102) -> 0 | E102: =IF(A102>12*$C$9,0,E101-D102) -> 0 | G102: 39 | H102: =IF(G102>12*$C$9,0,IF($C$5>1500000,$E$12,0)) -> 0 | I102: =IF(G102>12*$C$9,0,K101*$C$7/12) -> 0 | J102: =IF(G102>12*$C$9,0,H102-I102) -> 0 | K102: =IF(G102>12*$C$9,0,K101-J102) -> 0
A103: 40 | B103: =IF(A103>12*$C$9,0,IF($C$5>1500000,$D$12,$C$12)) -> 0 | C103: =IF(A103>12*$C$9,0,E102*$C$7/12) -> 0 | D103: =IF(A103>12*$C$9,0,B103-C103) -> 0 | E103: =IF(A103>12*$C$9,0,E102-D103) -> 0 | G103: 40 | H103: =IF(G103>12*$C$9,0,IF($C$5>1500000,$E$12,0)) -> 0 | I103: =IF(G103>12*$C$9,0,K102*$C$7/12) -> 0 | J103: =IF(G103>12*$C$9,0,H103-I103) -> 0 | K103: =IF(G103>12*$C$9,0,K102-J103) -> 0
A104: 41 | B104: =IF(A104>12*$C$9,0,IF($C$5>1500000,$D$12,$C$12)) -> 0 | C104: =IF(A104>12*$C$9,0,E103*$C$7/12) -> 0 | D104: =IF(A104>12*$C$9,0,B104-C104) -> 0 | E104: =IF(A104>12*$C$9,0,E103-D104) -> 0 | G104: 41 | H104: =IF(G104>12*$C$9,0,IF($C$5>1500000,$E$12,0)) -> 0 | I104: =IF(G104>12*$C$9,0,K103*$C$7/12) -> 0 | J104: =IF(G104>12*$C$9,0,H104-I104) -> 0 | K104: =IF(G104>12*$C$9,0,K103-J104) -> 0
A105: 42 | B105: =IF(A105>12*$C$9,0,IF($C$5>1500000,$D$12,$C$12)) -> 0 | C105: =IF(A105>12*$C$9,0,E104*$C$7/12) -> 0 | D105: =IF(A105>12*$C$9,0,B105-C105) -> 0 | E105: =IF(A105>12*$C$9,0,E104-D105) -> 0 | G105: 42 | H105: =IF(G105>12*$C$9,0,IF($C$5>1500000,$E$12,0)) -> 0 | I105: =IF(G105>12*$C$9,0,K104*$C$7/12) -> 0 | J105: =IF(G105>12*$C$9,0,H105-I105) -> 0 | K105: =IF(G105>12*$C$9,0,K104-J105) -> 0
A106: 43 | B106: =IF(A106>12*$C$9,0,IF($C$5>1500000,$D$12,$C$12)) -> 0 | C106: =IF(A106>12*$C$9,0,E105*$C$7/12) -> 0 | D106: =IF(A106>12*$C$9,0,B106-C106) -> 0 | E106: =IF(A106>12*$C$9,0,E105-D106) -> 0 | G106: 43 | H106: =IF(G106>12*$C$9,0,IF($C$5>1500000,$E$12,0)) -> 0 | I106: =IF(G106>12*$C$9,0,K105*$C$7/12) -> 0 | J106: =IF(G106>12*$C$9,0,H106-I106) -> 0 | K106: =IF(G106>12*$C$9,0,K105-J106) -> 0
A107: 44 | B107: =IF(A107>12*$C$9,0,IF($C$5>1500000,$D$12,$C$12)) -> 0 | C107: =IF(A107>12*$C$9,0,E106*$C$7/12) -> 0 | D107: =IF(A107>12*$C$9,0,B107-C107) -> 0 | E107: =IF(A107>12*$C$9,0,E106-D107) -> 0 | G107: 44 | H107: =IF(G107>12*$C$9,0,IF($C$5>1500000,$E$12,0)) -> 0 | I107: =IF(G107>12*$C$9,0,K106*$C$7/12) -> 0 | J107: =IF(G107>12*$C$9,0,H107-I107) -> 0 | K107: =IF(G107>12*$C$9,0,K106-J107) -> 0
...

Sheet Part III C-HUD Insured Loan
A1: =CONCATENATE("PART III C - HUD INSURED LOAN"," - ",#REF!," ",#REF!,", ",#REF!,", ",#REF!," County") -> #REF!
A3: I. Data Input
A5: Loan Amount: | E5: NOTE: If this section is completed, then Applicant must also complete the "Additional HUD Requirements" section in the Threshold Criteria tab.
A7: Interest Rate: | C7: Investor Rate
C8: Servicing Fee
C9: GNMA Gty Fee
C10: Effective Rate | D10: =D7+D8+D9 -> 0
A12: HUD Mortgage Insurance Premium | E12: per annum
A14: Loan Term | E14: years
A16: Amortization Period | E16: years
A18: Annual Debt Service at Effective Rate | D18: =PMT(D10/12,D16*12,-D5,0,0)*12 -> #NUM! | E18: (Excluding MIP)
A20: Monthly Debt Service at Effective Rate | D20: =D18/12 -> #NUM! | E20: (Excluding MIP)
A24: II. HUD Mortgage Insurance Premium / Debt Service
C26: Annual Debt Svc | F26: Annual Debt Svc
A27: Year | B27: MIP | D27: Year | E27: MIP
A28: 1 | B28: =IF(A28>D14,0,E55*$D$12) -> 0 | C28: =IF(A28>$D$14,0,$D$18+B28) -> 0 | D28: 21 | E28: =IF(D28>$D$14,0,E295*$D$12) -> 0 | F28: =IF(D28>$D$14,0,$D$18+E28) -> 0
A29: 2 | B29: =IF(A29>D14,0,E67*$D$12) -> 0 | C29: =IF(A29>$D$14,0,$D$18+B29) -> 0 | D29: 22 | E29: =IF(D29>$D$14,0,E307*$D$12) -> 0 | F29: =IF(D29>$D$14,0,$D$18+E29) -> 0
A30: 3 | B30: =IF(A30>D14,0,E79*$D$12) -> 0 | C30: =IF(A30>$D$14,0,$D$18+B30) -> 0 | D30: 23 | E30: =IF(D30>$D$14,0,E319*$D$12) -> 0 | F30: =IF(D30>$D$14,0,$D$18+E30) -> 0
A31: 4 | B31: =IF(A31>D14,0,E91*$D$12) -> 0 | C31: =IF(A31>$D$14,0,$D$18+B31) -> 0 | D31: 24 | E31: =IF(D31>$D$14,0,E331*$D$12) -> 0 | F31: =IF(D31>$D$14,0,$D$18+E31) -> 0
A32: 5 | B32: =IF(A32>D14,0,E103*$D$12) -> 0 | C32: =IF(A32>$D$14,0,$D$18+B32) -> 0 | D32: 25 | E32: =IF(D32>$D$14,0,E343*$D$12) -> 0 | F32: =IF(D32>$D$14,0,$D$18+E32) -> 0
A33: 6 | B33: =IF(A33>D14,0,E115*$D$12) -> 0 | C33: =IF(A33>$D$14,0,$D$18+B33) -> 0 | D33: 26 | E33: =IF(D33>$D$14,0,E355*$D$12) -> 0 | F33: =IF(D33>$D$14,0,$D$18+E33) -> 0
A34: 7 | B34: =IF(A34>D14,0,E127*$D$12) -> 0 | C34: =IF(A34>$D$14,0,$D$18+B34) -> 0 | D34: 27 | E34: =IF(D34>$D$14,0,E367*$D$12) -> 0 | F34: =IF(D34>$D$14,0,$D$18+E34) -> 0
A35: 8 | B35: =IF(A35>D14,0,E139*$D$12) -> 0 | C35: =IF(A35>$D$14,0,$D$18+B35) -> 0 | D35: 28 | E35: =IF(D35>$D$14,0,E379*$D$12) -> 0 | F35: =IF(D35>$D$14,0,$D$18+E35) -> 0
A36: 9 | B36: =IF(A36>D14,0,E151*$D$12) -> 0 | C36: =IF(A36>$D$14,0,$D$18+B36) -> 0 | D36: 29 | E36: =IF(D36>$D$14,0,E391*$D$12) -> 0 | F36: =IF(D36>$D$14,0,$D$18+E36) -> 0
A37: 10 | B37: =IF(A37>D14,0,E163*$D$12) -> 0 | C37: =IF(A37>$D$14,0,$D$18+B37) -> 0 | D37: 30 | E37: =IF(D37>$D$14,0,E403*$D$12) -> 0 | F37: =IF(D37>$D$14,0,$D$18+E37) -> 0
A38: 11 | B38: =IF(A38>D14,0,E175*$D$12) -> 0 | C38: =IF(A38>$D$14,0,$D$18+B38) -> 0 | D38: 31 | E38: =IF(D38>$D$14,0,E415*$D$12) -> 0 | F38: =IF(D38>$D$14,0,$D$18+E38) -> 0
A39: 12 | B39: =IF(A39>D14,0,E187*$D$12) -> 0 | C39: =IF(A39>$D$14,0,$D$18+B39) -> 0 | D39: 32 | E39: =IF(D39>$D$14,0,E427*$D$12) -> 0 | F39: =IF(D39>$D$14,0,$D$18+E39) -> 0
A40: 13 | B40: =IF(A40>D14,0,E199*$D$12) -> 0 | C40: =IF(A40>$D$14,0,$D$18+B40) -> 0 | D40: 33 | E40: =IF(D40>$D$14,0,E439*$D$12) -> 0 | F40: =IF(D40>$D$14,0,$D$18+E40) -> 0
A41: 14 | B41: =IF(A41>D14,0,E211*$D$12) -> 0 | C41: =IF(A41>$D$14,0,$D$18+B41) -> 0 | D41: 34 | E41: =IF(D41>$D$14,0,E451*$D$12) -> 0 | F41: =IF(D41>$D$14,0,$D$18+E41) -> 0
A42: 15 | B42: =IF(A42>D14,0,E223*$D$12) -> 0 | C42: =IF(A42>$D$14,0,$D$18+B42) -> 0 | D42: 35 | E42: =IF(D42>$D$14,0,E463*$D$12) -> 0 | F42: =IF(D42>$D$14,0,$D$18+E42) -> 0
A43: 16 | B43: =IF(A43>D14,0,E235*$D$12) -> 0 | C43: =IF(A43>$D$14,0,$D$18+B43) -> 0 | D43: 36 | E43: =IF(D43>$D$14,0,E475*$D$12) -> 0 | F43: =IF(D43>$D$14,0,$D$18+E43) -> 0
A44: 17 | B44: =IF(A44>D14,0,E247*$D$12) -> 0 | C44: =IF(A44>$D$14,0,$D$18+B44) -> 0 | D44: 37 | E44: =IF(D44>$D$14,0,E487*$D$12) -> 0 | F44: =IF(D44>$D$14,0,$D$18+E44) -> 0
A45: 18 | B45: =IF(A45>D14,0,E259*$D$12) -> 0 | C45: =IF(A45>$D$14,0,$D$18+B45) -> 0 | D45: 38 | E45: =IF(D45>$D$14,0,E499*$D$12) -> 0 | F45: =IF(D45>$D$14,0,$D$18+E45) -> 0
A46: 19 | B46: =IF(A46>D14,0,E271*$D$12) -> 0 | C46: =IF(A46>$D$14,0,$D$18+B46) -> 0 | D46: 39 | E46: =IF(D46>$D$14,0,E511*$D$12) -> 0 | F46: =IF(D46>$D$14,0,$D$18+E46) -> 0
A47: 20 | B47: =IF(A47>D14,0,E283*$D$12) -> 0 | C47: =IF(A47>$D$14,0,$D$18+B47) -> 0 | D47: 40 | E47: =IF(D47>$D$14,0,E523*$D$12) -> 0 | F47: =IF(D47>$D$14,0,$D$18+E47) -> 0
A50: =CONCATENATE(#REF!," ",#REF!,", ",#REF!,", ",#REF!," County") -> #REF!
A51: III. Amortization Schedule
A53: Month | B53: P&I Payment | C53: Interest | D53: Principal | E53: Balance | F53: Year
A55: Close | E55: =D5 -> 0
A56: 1 | B56: =IF(A56>12*$D$14,0,$D$20) -> 0 | C56: =IF(A56>12*$D$14,0,E55*$D$10/12) -> 0 | D56: =IF(A56>12*$D$14,0,B56-C56) -> 0 | E56: =IF(A56>12*$D$14,0,E55-D56) -> 0
A57: 2 | B57: =IF(A57>12*$D$14,0,$D$20) -> 0 | C57: =IF(A57>12*$D$14,0,E56*$D$10/12) -> 0 | D57: =IF(A57>12*$D$14,0,B57-C57) -> 0 | E57: =IF(A57>12*$D$14,0,E56-D57) -> 0
A58: 3 | B58: =IF(A58>12*$D$14,0,$D$20) -> 0 | C58: =IF(A58>12*$D$14,0,E57*$D$10/12) -> 0 | D58: =IF(A58>12*$D$14,0,B58-C58) -> 0 | E58: =IF(A58>12*$D$14,0,E57-D58) -> 0
A59: 4 | B59: =IF(A59>12*$D$14,0,$D$20) -> 0 | C59: =IF(A59>12*$D$14,0,E58*$D$10/12) -> 0 | D59: =IF(A59>12*$D$14,0,B59-C59) -> 0 | E59: =IF(A59>12*$D$14,0,E58-D59) -> 0
A60: 5 | B60: =IF(A60>12*$D$14,0,$D$20) -> 0 | C60: =IF(A60>12*$D$14,0,E59*$D$10/12) -> 0 | D60: =IF(A60>12*$D$14,0,B60-C60) -> 0 | E60: =IF(A60>12*$D$14,0,E59-D60) -> 0
A61: 6 | B61: =IF(A61>12*$D$14,0,$D$20) -> 0 | C61: =IF(A61>12*$D$14,0,E60*$D$10/12) -> 0 | D61: =IF(A61>12*$D$14,0,B61-C61) -> 0 | E61: =IF(A61>12*$D$14,0,E60-D61) -> 0
A62: 7 | B62: =IF(A62>12*$D$14,0,$D$20) -> 0 | C62: =IF(A62>12*$D$14,0,E61*$D$10/12) -> 0 | D62: =IF(A62>12*$D$14,0,B62-C62) -> 0 | E62: =IF(A62>12*$D$14,0,E61-D62) -> 0
A63: 8 | B63: =IF(A63>12*$D$14,0,$D$20) -> 0 | C63: =IF(A63>12*$D$14,0,E62*$D$10/12) -> 0 | D63: =IF(A63>12*$D$14,0,B63-C63) -> 0 | E63: =IF(A63>12*$D$14,0,E62-D63) -> 0
A64: 9 | B64: =IF(A64>12*$D$14,0,$D$20) -> 0 | C64: =IF(A64>12*$D$14,0,E63*$D$10/12) -> 0 | D64: =IF(A64>12*$D$14,0,B64-C64) -> 0 | E64: =IF(A64>12*$D$14,0,E63-D64) -> 0
A65: 10 | B65: =IF(A65>12*$D$14,0,$D$20) -> 0 | C65: =IF(A65>12*$D$14,0,E64*$D$10/12) -> 0 | D65: =IF(A65>12*$D$14,0,B65-C65) -> 0 | E65: =IF(A65>12*$D$14,0,E64-D65) -> 0
A66: 11 | B66: =IF(A66>12*$D$14,0,$D$20) -> 0 | C66: =IF(A66>12*$D$14,0,E65*$D$10/12) -> 0 | D66: =IF(A66>12*$D$14,0,B66-C66) -> 0 | E66: =IF(A66>12*$D$14,0,E65-D66) -> 0
A67: 12 | B67: =IF(A67>12*$D$14,0,$D$20) -> 0 | C67: =IF(A67>12*$D$14,0,E66*$D$10/12) -> 0 | D67: =IF(A67>12*$D$14,0,B67-C67) -> 0 | E67: =IF(A67>12*$D$14,0,E66-D67) -> 0 | F67: 1
A68: 13 | B68: =IF(A68>12*$D$14,0,$D$20) -> 0 | C68: =IF(A68>12*$D$14,0,E67*$D$10/12) -> 0 | D68: =IF(A68>12*$D$14,0,B68-C68) -> 0 | E68: =IF(A68>12*$D$14,0,E67-D68) -> 0
A69: 14 | B69: =IF(A69>12*$D$14,0,$D$20) -> 0 | C69: =IF(A69>12*$D$14,0,E68*$D$10/12) -> 0 | D69: =IF(A69>12*$D$14,0,B69-C69) -> 0 | E69: =IF(A69>12*$D$14,0,E68-D69) -> 0
A70: 15 | B70: =IF(A70>12*$D$14,0,$D$20) -> 0 | C70: =IF(A70>12*$D$14,0,E69*$D$10/12) -> 0 | D70: =IF(A70>12*$D$14,0,B70-C70) -> 0 | E70: =IF(A70>12*$D$14,0,E69-D70) -> 0
A71: 16 | B71: =IF(A71>12*$D$14,0,$D$20) -> 0 | C71: =IF(A71>12*$D$14,0,E70*$D$10/12) -> 0 | D71: =IF(A71>12*$D$14,0,B71-C71) -> 0 | E71: =IF(A71>12*$D$14,0,E70-D71) -> 0
A72: 17 | B72: =IF(A72>12*$D$14,0,$D$20) -> 0 | C72: =IF(A72>12*$D$14,0,E71*$D$10/12) -> 0 | D72: =IF(A72>12*$D$14,0,B72-C72) -> 0 | E72: =IF(A72>12*$D$14,0,E71-D72) -> 0
A73: 18 | B73: =IF(A73>12*$D$14,0,$D$20) -> 0 | C73: =IF(A73>12*$D$14,0,E72*$D$10/12) -> 0 | D73: =IF(A73>12*$D$14,0,B73-C73) -> 0 | E73: =IF(A73>12*$D$14,0,E72-D73) -> 0
A74: 19 | B74: =IF(A74>12*$D$14,0,$D$20) -> 0 | C74: =IF(A74>12*$D$14,0,E73*$D$10/12) -> 0 | D74: =IF(A74>12*$D$14,0,B74-C74) -> 0 | E74: =IF(A74>12*$D$14,0,E73-D74) -> 0
A75: 20 | B75: =IF(A75>12*$D$14,0,$D$20) -> 0 | C75: =IF(A75>12*$D$14,0,E74*$D$10/12) -> 0 | D75: =IF(A75>12*$D$14,0,B75-C75) -> 0 | E75: =IF(A75>12*$D$14,0,E74-D75) -> 0
A76: 21 | B76: =IF(A76>12*$D$14,0,$D$20) -> 0 | C76: =IF(A76>12*$D$14,0,E75*$D$10/12) -> 0 | D76: =IF(A76>12*$D$14,0,B76-C76) -> 0 | E76: =IF(A76>12*$D$14,0,E75-D76) -> 0
A77: 22 | B77: =IF(A77>12*$D$14,0,$D$20) -> 0 | C77: =IF(A77>12*$D$14,0,E76*$D$10/12) -> 0 | D77: =IF(A77>12*$D$14,0,B77-C77) -> 0 | E77: =IF(A77>12*$D$14,0,E76-D77) -> 0
A78: 23 | B78: =IF(A78>12*$D$14,0,$D$20) -> 0 | C78: =IF(A78>12*$D$14,0,E77*$D$10/12) -> 0 | D78: =IF(A78>12*$D$14,0,B78-C78) -> 0 | E78: =IF(A78>12*$D$14,0,E77-D78) -> 0
A79: 24 | B79: =IF(A79>12*$D$14,0,$D$20) -> 0 | C79: =IF(A79>12*$D$14,0,E78*$D$10/12) -> 0 | D79: =IF(A79>12*$D$14,0,B79-C79) -> 0 | E79: =IF(A79>12*$D$14,0,E78-D79) -> 0 | F79: 2
A80: 25 | B80: =IF(A80>12*$D$14,0,$D$20) -> 0 | C80: =IF(A80>12*$D$14,0,E79*$D$10/12) -> 0 | D80: =IF(A80>12*$D$14,0,B80-C80) -> 0 | E80: =IF(A80>12*$D$14,0,E79-D80) -> 0
A81: 26 | B81: =IF(A81>12*$D$14,0,$D$20) -> 0 | C81: =IF(A81>12*$D$14,0,E80*$D$10/12) -> 0 | D81: =IF(A81>12*$D$14,0,B81-C81) -> 0 | E81: =IF(A81>12*$D$14,0,E80-D81) -> 0
A82: 27 | B82: =IF(A82>12*$D$14,0,$D$20) -> 0 | C82: =IF(A82>12*$D$14,0,E81*$D$10/12) -> 0 | D82: =IF(A82>12*$D$14,0,B82-C82) -> 0 | E82: =IF(A82>12*$D$14,0,E81-D82) -> 0
A83: 28 | B83: =IF(A83>12*$D$14,0,$D$20) -> 0 | C83: =IF(A83>12*$D$14,0,E82*$D$10/12) -> 0 | D83: =IF(A83>12*$D$14,0,B83-C83) -> 0 | E83: =IF(A83>12*$D$14,0,E82-D83) -> 0
A84: 29 | B84: =IF(A84>12*$D$14,0,$D$20) -> 0 | C84: =IF(A84>12*$D$14,0,E83*$D$10/12) -> 0 | D84: =IF(A84>12*$D$14,0,B84-C84) -> 0 | E84: =IF(A84>12*$D$14,0,E83-D84) -> 0
A85: 30 | B85: =IF(A85>12*$D$14,0,$D$20) -> 0 | C85: =IF(A85>12*$D$14,0,E84*$D$10/12) -> 0 | D85: =IF(A85>12*$D$14,0,B85-C85) -> 0 | E85: =IF(A85>12*$D$14,0,E84-D85) -> 0
A86: 31 | B86: =IF(A86>12*$D$14,0,$D$20) -> 0 | C86: =IF(A86>12*$D$14,0,E85*$D$10/12) -> 0 | D86: =IF(A86>12*$D$14,0,B86-C86) -> 0 | E86: =IF(A86>12*$D$14,0,E85-D86) -> 0
A87: 32 | B87: =IF(A87>12*$D$14,0,$D$20) -> 0 | C87: =IF(A87>12*$D$14,0,E86*$D$10/12) -> 0 | D87: =IF(A87>12*$D$14,0,B87-C87) -> 0 | E87: =IF(A87>12*$D$14,0,E86-D87) -> 0
A88: 33 | B88: =IF(A88>12*$D$14,0,$D$20) -> 0 | C88: =IF(A88>12*$D$14,0,E87*$D$10/12) -> 0 | D88: =IF(A88>12*$D$14,0,B88-C88) -> 0 | E88: =IF(A88>12*$D$14,0,E87-D88) -> 0
A89: 34 | B89: =IF(A89>12*$D$14,0,$D$20) -> 0 | C89: =IF(A89>12*$D$14,0,E88*$D$10/12) -> 0 | D89: =IF(A89>12*$D$14,0,B89-C89) -> 0 | E89: =IF(A89>12*$D$14,0,E88-D89) -> 0
A90: 35 | B90: =IF(A90>12*$D$14,0,$D$20) -> 0 | C90: =IF(A90>12*$D$14,0,E89*$D$10/12) -> 0 | D90: =IF(A90>12*$D$14,0,B90-C90) -> 0 | E90: =IF(A90>12*$D$14,0,E89-D90) -> 0
A91: 36 | B91: =IF(A91>12*$D$14,0,$D$20) -> 0 | C91: =IF(A91>12*$D$14,0,E90*$D$10/12) -> 0 | D91: =IF(A91>12*$D$14,0,B91-C91) -> 0 | E91: =IF(A91>12*$D$14,0,E90-D91) -> 0 | F91: 3
A92: 37 | B92: =IF(A92>12*$D$14,0,$D$20) -> 0 | C92: =IF(A92>12*$D$14,0,E91*$D$10/12) -> 0 | D92: =IF(A92>12*$D$14,0,B92-C92) -> 0 | E92: =IF(A92>12*$D$14,0,E91-D92) -> 0
A93: 38 | B93: =IF(A93>12*$D$14,0,$D$20) -> 0 | C93: =IF(A93>12*$D$14,0,E92*$D$10/12) -> 0 | D93: =IF(A93>12*$D$14,0,B93-C93) -> 0 | E93: =IF(A93>12*$D$14,0,E92-D93) -> 0
A94: 39 | B94: =IF(A94>12*$D$14,0,$D$20) -> 0 | C94: =IF(A94>12*$D$14,0,E93*$D$10/12) -> 0 | D94: =IF(A94>12*$D$14,0,B94-C94) -> 0 | E94: =IF(A94>12*$D$14,0,E93-D94) -> 0
A95: 40 | B95: =IF(A95>12*$D$14,0,$D$20) -> 0 | C95: =IF(A95>12*$D$14,0,E94*$D$10/12) -> 0 | D95: =IF(A95>12*$D$14,0,B95-C95) -> 0 | E95: =IF(A95>12*$D$14,0,E94-D95) -> 0
A96: 41 | B96: =IF(A96>12*$D$14,0,$D$20) -> 0 | C96: =IF(A96>12*$D$14,0,E95*$D$10/12) -> 0 | D96: =IF(A96>12*$D$14,0,B96-C96) -> 0 | E96: =IF(A96>12*$D$14,0,E95-D96) -> 0
A97: 42 | B97: =IF(A97>12*$D$14,0,$D$20) -> 0 | C97: =IF(A97>12*$D$14,0,E96*$D$10/12) -> 0 | D97: =IF(A97>12*$D$14,0,B97-C97) -> 0 | E97: =IF(A97>12*$D$14,0,E96-D97) -> 0
A98: 43 | B98: =IF(A98>12*$D$14,0,$D$20) -> 0 | C98: =IF(A98>12*$D$14,0,E97*$D$10/12) -> 0 | D98: =IF(A98>12*$D$14,0,B98-C98) -> 0 | E98: =IF(A98>12*$D$14,0,E97-D98) -> 0
A99: 44 | B99: =IF(A99>12*$D$14,0,$D$20) -> 0 | C99: =IF(A99>12*$D$14,0,E98*$D$10/12) -> 0 | D99: =IF(A99>12*$D$14,0,B99-C99) -> 0 | E99: =IF(A99>12*$D$14,0,E98-D99) -> 0
A100: 45 | B100: =IF(A100>12*$D$14,0,$D$20) -> 0 | C100: =IF(A100>12*$D$14,0,E99*$D$10/12) -> 0 | D100: =IF(A100>12*$D$14,0,B100-C100) -> 0 | E100: =IF(A100>12*$D$14,0,E99-D100) -> 0
A101: 46 | B101: =IF(A101>12*$D$14,0,$D$20) -> 0 | C101: =IF(A101>12*$D$14,0,E100*$D$10/12) -> 0 | D101: =IF(A101>12*$D$14,0,B101-C101) -> 0 | E101: =IF(A101>12*$D$14,0,E100-D101) -> 0
A102: 47 | B102: =IF(A102>12*$D$14,0,$D$20) -> 0 | C102: =IF(A102>12*$D$14,0,E101*$D$10/12) -> 0 | D102: =IF(A102>12*$D$14,0,B102-C102) -> 0 | E102: =IF(A102>12*$D$14,0,E101-D102) -> 0
A103: 48 | B103: =IF(A103>12*$D$14,0,$D$20) -> 0 | C103: =IF(A103>12*$D$14,0,E102*$D$10/12) -> 0 | D103: =IF(A103>12*$D$14,0,B103-C103) -> 0 | E103: =IF(A103>12*$D$14,0,E102-D103) -> 0 | F103: 4
A104: 49 | B104: =IF(A104>12*$D$14,0,$D$20) -> 0 | C104: =IF(A104>12*$D$14,0,E103*$D$10/12) -> 0 | D104: =IF(A104>12*$D$14,0,B104-C104) -> 0 | E104: =IF(A104>12*$D$14,0,E103-D104) -> 0
A105: 50 | B105: =IF(A105>12*$D$14,0,$D$20) -> 0 | C105: =IF(A105>12*$D$14,0,E104*$D$10/12) -> 0 | D105: =IF(A105>12*$D$14,0,B105-C105) -> 0 | E105: =IF(A105>12*$D$14,0,E104-D105) -> 0
A106: 51 | B106: =IF(A106>12*$D$14,0,$D$20) -> 0 | C106: =IF(A106>12*$D$14,0,E105*$D$10/12) -> 0 | D106: =IF(A106>12*$D$14,0,B106-C106) -> 0 | E106: =IF(A106>12*$D$14,0,E105-D106) -> 0
A107: 52 | B107: =IF(A107>12*$D$14,0,$D$20) -> 0 | C107: =IF(A107>12*$D$14,0,E106*$D$10/12) -> 0 | D107: =IF(A107>12*$D$14,0,B107-C107) -> 0 | E107: =IF(A107>12*$D$14,0,E106-D107) -> 0
A108: 53 | B108: =IF(A108>12*$D$14,0,$D$20) -> 0 | C108: =IF(A108>12*$D$14,0,E107*$D$10/12) -> 0 | D108: =IF(A108>12*$D$14,0,B108-C108) -> 0 | E108: =IF(A108>12*$D$14,0,E107-D108) -> 0
A109: 54 | B109: =IF(A109>12*$D$14,0,$D$20) -> 0 | C109: =IF(A109>12*$D$14,0,E108*$D$10/12) -> 0 | D109: =IF(A109>12*$D$14,0,B109-C109) -> 0 | E109: =IF(A109>12*$D$14,0,E108-D109) -> 0
A110: 55 | B110: =IF(A110>12*$D$14,0,$D$20) -> 0 | C110: =IF(A110>12*$D$14,0,E109*$D$10/12) -> 0 | D110: =IF(A110>12*$D$14,0,B110-C110) -> 0 | E110: =IF(A110>12*$D$14,0,E109-D110) -> 0
A111: 56 | B111: =IF(A111>12*$D$14,0,$D$20) -> 0 | C111: =IF(A111>12*$D$14,0,E110*$D$10/12) -> 0 | D111: =IF(A111>12*$D$14,0,B111-C111) -> 0 | E111: =IF(A111>12*$D$14,0,E110-D111) -> 0
A112: 57 | B112: =IF(A112>12*$D$14,0,$D$20) -> 0 | C112: =IF(A112>12*$D$14,0,E111*$D$10/12) -> 0 | D112: =IF(A112>12*$D$14,0,B112-C112) -> 0 | E112: =IF(A112>12*$D$14,0,E111-D112) -> 0
A113: 58 | B113: =IF(A113>12*$D$14,0,$D$20) -> 0 | C113: =IF(A113>12*$D$14,0,E112*$D$10/12) -> 0 | D113: =IF(A113>12*$D$14,0,B113-C113) -> 0 | E113: =IF(A113>12*$D$14,0,E112-D113) -> 0
A114: 59 | B114: =IF(A114>12*$D$14,0,$D$20) -> 0 | C114: =IF(A114>12*$D$14,0,E113*$D$10/12) -> 0 | D114: =IF(A114>12*$D$14,0,B114-C114) -> 0 | E114: =IF(A114>12*$D$14,0,E113-D114) -> 0
A115: 60 | B115: =IF(A115>12*$D$14,0,$D$20) -> 0 | C115: =IF(A115>12*$D$14,0,E114*$D$10/12) -> 0 | D115: =IF(A115>12*$D$14,0,B115-C115) -> 0 | E115: =IF(A115>12*$D$14,0,E114-D115) -> 0
A116: 61 | B116: =IF(A116>12*$D$14,0,$D$20) -> 0 | C116: =IF(A116>12*$D$14,0,E115*$D$10/12) -> 0 | D116: =IF(A116>12*$D$14,0,B116-C116) -> 0 | E116: =IF(A116>12*$D$14,0,E115-D116) -> 0
...

Sheet Part III-A-Uses of Funds
G1: TotalCost | J1: NCBasis | M1: AcqBasis | N1: FedEquityFactor | P1: RehabBasis | Q1: StateEquityFactor | S1: AmortizableBasis | BA1: 1
A2: =CONCATENATE("PART THREE (A): USES OF FUNDS"," - ",'Part I-Project Identification'!$O$7," ",'Part I-Project Identification'!$F$27,", ",'Part I-Project Identification'!F28,", ",'Part I-Project Identification'!J28," County") -> PART THREE (A): USES OF FUNDS - 2026-0xx Westchester Village II, Jonesboro, Clayton County | W2: =A2 -> PART THREE (A): USES OF FUNDS - 2026-0xx Westchester Village II, Jonesboro, Clayton County | BA2: 2
BA3: 3
BA4: 4
BA5: 5
A6: I. | B6: DEVELOPMENT BUDGET | D6: ='Part I-Project Identification'!A6 -> May XX, 2026 | J6: New Construction Basis | M6: Acquisition Basis | P6: Rehabilitation Basis | S6: Amortizable or Non-Depreciable Basis | V6: =B6 -> DEVELOPMENT BUDGET | BA6: 6
G7: TOTAL COST | V7: DCA COMMENTS - DCA Use Only | BA7: 7
B8: PRE-DEVELOPMENT COSTS | O8: =B8 -> PRE-DEVELOPMENT COSTS | W8: =B8 -> PRE-DEVELOPMENT COSTS | BA8: 8
B9: Property Appraisal | G9: 12000 | J9: 12000 | BA9: 9
B10: Market Study | G10: 12000 | J10: 12000 | BA10: 10
B11: Environmental Report(s) | G11: 20000 | J11: 20000 | BA11: 11
B12: Soil Borings | G12: 20000 | J12: 20000 | BA12: 12
B13: Boundary and Topographical Survey | G13: 25000 | J13: 25000 | BA13: 13
B14: Zoning/Site Plan Fees | BA14: 14
A15: =IF(AND(G15>0,OR(C15="",C15="<Enter detailed description here; use Comments section if needed>")),"X","") | B15: Othr PD1 | C15: << Enter description here; provide detail & justification in tab Part III-b >> | U15: =IF(AND(G15>0,OR(C15="",C15="<Enter detailed description here; use Comments section if needed>")),"NO DESCRIPTION PROVIDED - please enter detailed description in Other box at left; use Comments section below if needed.","") | AZ15: Pre-Dev_Other1 | BA15: 15
A16: =IF(AND(G16>0,OR(C16="",C16="<Enter detailed description here; use Comments section if needed>")),"X","") | B16: Othr PD2 | C16: << Enter description here; provide detail & justification in tab Part III-b >> | U16: =IF(AND(G16>0,OR(C16="",C16="<Enter detailed description here; use Comments section if needed>")),"NO DESCRIPTION PROVIDED - please enter detailed description in Other box at left; use Comments section below if needed.","") | AZ16: Pre-Dev_Other2 | BA16: 16
A17: =IF(AND(G17>0,OR(C17="",C17="<Enter detailed description here; use Comments section if needed>")),"X","") | B17: Othr PD3 | C17: << Enter description here; provide detail & justification in tab Part III-b >> | U17: =IF(AND(G17>0,OR(C17="",C17="<Enter detailed description here; use Comments section if needed>")),"NO DESCRIPTION PROVIDED - please enter detailed description in Other box at left; use Comments section below if needed.","") | AZ17: Pre-Dev_Other3 | BA17: 17
F18: Subtotal | G18: =SUM(G9:G17) -> 89000 | J18: =SUM(J9:J17) -> 89000 | M18: =SUM(M9:M17) -> 0 | P18: =SUM(P9:P17) -> 0 | S18: =SUM(S9:S17) -> 0 | V18: =SUM(V9:V17) -> 0 | AZ18: Pre-Dev_Subtotal | BA18: 18
B19: ACQUISITION | O19: =B19 -> ACQUISITION | W19: =B19 -> ACQUISITION | BA19: 19
B20: Land | E20: Per acre: | F20: =IF('Part I-Project Identification'!$O$29="","",G20/'Part I-Project Identification'!$O$29) -> 0 | G20: 0 | S20: 0 | BA20: 20
B21: Site Demolition | BA21: 21
B22: Acquisition Legal Fees (if existing structures) | BA22: 22
B23: Existing Structures | BA23: 23
F24: Subtotal | G24: =SUM(G20:G23) -> 0 | M24: =SUM(M22:M23) -> 0 | S24: =SUM(S20:S23) -> 0 | V24: =SUM(V20:V23) -> 0 | AZ24: Acq_Subtotal | BA24: 24
B25: LAND IMPROVEMENTS | O25: =B25 -> LAND IMPROVEMENTS | W25: =B25 -> LAND IMPROVEMENTS | BA25: 25
B26: Site Construction (On-site) | E26: Per acre: | F26: =IF('Part I-Project Identification'!$O$29="","",G26/'Part I-Project Identification'!$O$29) -> 322580.65 | G26: 2400000 | J26: 2280000 | S26: 120000 | BA26: 26
B27: Site Construction (Off-site) | BA27: 27
F28: Subtotal | G28: =SUM(G26:G27) -> 2400000 | J28: =SUM(J26:J27) -> 2280000 | M28: =M26 -> 0 | P28: =P26 -> 0 | S28: =SUM(S26:S27) -> 120000 | V28: =SUM(V26:V27) -> 0 | AZ28: LandImp_Subtotal | BA28: 28
B29: STRUCTURES | O29: =B29 -> STRUCTURES | W29: =B29 -> STRUCTURES | BA29: 29
B30: Residential Structures - New Construction | G30: 9700000 | J30: 9700000 | BA30: 30
B31: Residential Structures - Rehab | BA31: 31
B32: Accessory Structures (community bldg, maintenance bldg, etc.) - New Constr | BA32: 32
B33: Accessory Structures (Community Service Facility) - New Constr | BA33: 33
B34: Accessory Structures (ie. community bldg, maintenance bldg, etc.) - Rehab | BA34: 34
B35: Accessory Structures (Community Service Facility) - Rehab | BA35: 35
F36: Subtotal | G36: =SUM(G30:G35) -> 9700000 | J36: =SUM(J30:J35) -> 9700000 | M36: =SUM(M30:M35) -> 0 | P36: =SUM(P30:P35) -> 0 | S36: =SUM(S30:S35) -> 0 | V36: =SUM(V30:V35) -> 0 | AZ36: Structures_Subtotal | BA36: 36
B37: CONTRACTOR SERVICES | D37: DCA Limit | F37: =SUM(F38:F40) -> 0.14 | G37: =IF(G38>E38,"Proposed Builder Profit exceeds DCA Maximum!!!",IF(G39>E39,"Proposed Builder Overhead exceeds DCA Maximum!!!",IF(G40>E40,"Proposed General Requirements exceeds DCA Maximum!!!",IF(G41>E41,"Proposed Contractor Services amount exceeds DCA Maximum!!!","")))) | O37: =B37 -> CONTRACTOR SERVICES | W37: =B37 -> CONTRACTOR SERVICES | BA37: 37
B38: Builder Profit: | D38: ='DCA Underwriting Assumptions'!$R$52 -> 0.06 | E38: =ROUNDDOWN(D38*(G28+G36),0) -> 726000 | F38: =IF(($G$28+$G$36)=0,0,G38/($G$28+$G$36)) -> 0.06 | G38: 726000 | J38: 726000 | BA38: 38
B39: Builder Overhead | D39: ='DCA Underwriting Assumptions'!$R$53 -> 0.02 | E39: =ROUNDDOWN(D39*(G28+G36),0) -> 242000 | F39: =IF(($G$28+$G$36)=0,0,G39/($G$28+$G$36)) -> 0.02 | G39: 242000 | J39: 242000 | BA39: 39
B40: General Requirements* | D40: ='DCA Underwriting Assumptions'!$R$54 -> 0.06 | E40: =ROUNDDOWN(D40*(G28+G36),0) -> 726000 | F40: =IF(($G$28+$G$36)=0,0,G40/($G$28+$G$36)) -> 0.06 | G40: 726000 | J40: 726000 | BA40: 40
B41: *See QAP: General Requirements policy | D41: =SUM(D38:D40) -> 0.14 | E41: =SUM(E38:E40) -> 1694000 | F41: Subtotal | G41: =SUM(G38:G40) -> 1694000 | J41: =SUM(J38:J40) -> 1694000 | M41: =SUM(M38:M40) -> 0 | P41: =SUM(P38:P40) -> 0 | S41: =SUM(S38:S40) -> 0 | V41: =SUM(V38:V40) -> 0 | AZ41: Contractor_Subtotal | BA41: 41
BA42: 42
C43: Total General Contractor (GC) Construction Hard Costs | G43: =G28+G36+G41 -> 13794000 | BA43: 43
AZ44: OtherConstHardCosts | BA44: 44
B45: OTHER CONSTRUCTION HARD COSTS (Non-GC work scope items done by Owner) | O45: =B45 -> OTHER CONSTRUCTION HARD COSTS (Non-GC work scope items done by Owner) | W45: =B45 -> OTHER CONSTRUCTION HARD COSTS (Non-GC work scope items done by Owner) | BA45: 45
B46: OthrCHC1 | C46: << Enter description here; provide detail & justification in tab Part III-b >> | BA46: 46
AZ47: TotalConstHardCosts | BA47: 47
B48: Total Construction Hard Costs | E48: Average TCHC: | F48: =C49/'Part V-Revenues & Expenses'!$P$74 -> 229900 | G48: per Res'l unit | J48: =C49/'Part V-Revenues & Expenses'!$P$76 -> 229900 | M48: per (total) unit | P48: =C49/'Part V-Revenues & Expenses'!$K$197 -> 205.219 | S48: per (total) sq ft | BA48: 48
B49: (TCHC) | C49: =G28+G36+G41+G46 -> 13794000 | F49: =C49/'Part V-Revenues & Expenses'!$P$188 -> 269.3299 | G49: per Res'l unit SF | J49: =C49/'Part V-Revenues & Expenses'!$P$190 -> 269.3299 | M49: per (total) unit sq ft | BA49: 49
BA50: 50
A51: I. | B51: DEVELOPMENT BUDGET (cont'd) | J51: New Construction Basis | M51: Acquisition Basis | P51: Rehabilitation Basis | S51: Amortizable or Non-Depreciable Basis | W51: =B51 -> DEVELOPMENT BUDGET (cont'd) | BA51: 51
G52: TOTAL COST | W52: DCA COMMENTS - DCA Use Only | BA52: 52
BA53: 53
B54: CONSTRUCTION CONTINGENCY (CC) | F54: Actual % | G54: =IF(G55>E55,"Check Contingency Amount!!!!","") | O54: =B54 -> CONSTRUCTION CONTINGENCY (CC) | W54: =B54 -> CONSTRUCTION CONTINGENCY (CC) | BA54: 54
B55: Construction Contingency | D55: $ Limit: | E55: =IF('Part V-Revenues & Expenses'!$P$76=0,"",(('Part V-Revenues & Expenses'!$P$133/'Part V-Revenues & Expenses'!$P$76)*'Part III-A-Uses of Funds'!$C$49*'DCA Underwriting Assumptions'!$R$49+(('Part V-Revenues & Expenses'!$P$136+'Part V-Revenues & Expenses'!$P$139)/'Part V-Revenues & Expenses'!$P$76)*'Part III-A-Uses of Funds'!$C$49*'DCA Underwriting Assumptions'!$R$50)) -> 689700 | F55: =G55/C49 -> 0.05 | G55: 689700 | J55: 689700 | BA55: 55
BA56: 56
B57: TCHC + CC | E57: Average TCHC + CC: | F57: =B58/'Part V-Revenues & Expenses'!$P$74 -> 241395 | G57: per Res'l unit | J57: =B58/'Part V-Revenues & Expenses'!$P$76 -> 241395 | M57: per (total) unit | P57: =B58/'Part V-Revenues & Expenses'!$K$197 -> 215.47995 | S57: per (total) sq ft | BA57: 57
B58: =C49+G55 -> 14483700 | F58: =B58/'Part V-Revenues & Expenses'!$P$188 -> 282.79639 | G58: per Res'l unit SF | J58: =B58/'Part V-Revenues & Expenses'!$P$190 -> 282.79639 | M58: per (total) unit sq ft | BA58: 58
BA59: 59
B60: CONSTRUCTION PERIOD FINANCING | O60: =B60 -> CONSTRUCTION PERIOD FINANCING | W60: =B60 -> CONSTRUCTION PERIOD FINANCING | BA60: 60
B61: Bridge Loan Fee | BA61: 61
B62: Bridge Loan Interest | BA62: 62
B63: Construction Loan Fee | G63: 166103 | J63: 166103 | BA63: 63
B64: Construction Loan Interest | G64: 1344228 | J64: 764587 | S64: 579641 | BA64: 64
B65: Construction Legal Fees | G65: 90000 | J65: 65000 | S65: 25000 | AZ65: ConstFin_Other1 | BA65: 65
B66: Construction Period Inspection Fees | G66: 25000 | J66: 25000 | AZ66: ConstFin_Other2 | BA66: 66
B67: Construction Period Real Estate Tax | G67: 30000 | J67: 30000 | AZ67: ConstFin_Subtotal | BA67: 67
B68: Construction Insurance | G68: 50000 | J68: 50000 | BA68: 68
B69: Title and Recording Fees | G69: 75000 | J69: 75000 | BA69: 69
B70: Payment and Performance bonds | BA70: 70
A71: =IF(AND(G71>0,OR(C71="",C71="<Enter detailed description here; use Comments section if needed>")),"X","") | B71: OthrCPF1 | C71: << Enter description here; provide detail & justification in tab Part III-b >> | U71: =IF(AND(G71>0,OR(C71="",C71="<Enter detailed description here; use Comments section if needed>")),"NO DESCRIPTION PROVIDED - please enter detailed description in Other box at left; use Comments section below if needed.","") | BA71: 71
A72: =IF(AND(G72>0,OR(C72="",C72="<Enter detailed description here; use Comments section if needed>")),"X","") | B72: OthrCPF2 | C72: << Enter description here; provide detail & justification in tab Part III-b >> | U72: =IF(AND(G72>0,OR(C72="",C72="<Enter detailed description here; use Comments section if needed>")),"NO DESCRIPTION PROVIDED - please enter detailed description in Other box at left; use Comments section below if needed.","") | BA72: 72
F73: Subtotal | G73: =SUM(G61:G72) -> 1780331 | J73: =SUM(J61:J72) -> 1175690 | M73: =SUM(M61:M72) -> 0 | P73: =SUM(P61:P72) -> 0 | S73: =SUM(S61:S72) -> 604641 | V73: =SUM(V61:V72) -> 0 | BA73: 73
B74: PROFESSIONAL SERVICES | O74: =B74 -> PROFESSIONAL SERVICES | W74: =B74 -> PROFESSIONAL SERVICES | BA74: 74
B75: Architectural Fee - Design | G75: 210000 | J75: 210000 | BA75: 75
B76: Architectural Fee - Supervision | G76: 60000 | J76: 60000 | BA76: 76
B77: Green Building Consultant Fee | G77: 20000 | J77: 20000 | BA77: 77
B78: Green Building Program Certification Fee (LEED or Earthcraft) | G78: 20000 | J78: 20000 | BA78: 78
B79: Accessibility Inspections and Plan Review | G79: 18000 | J79: 18000 | AZ79: ProfServ_Other | BA79: 79
B80: Construction Materials Testing | G80: 45000 | J80: 45000 | AZ80: ProfServ_Subtotal | BA80: 80
B81: Engineering | G81: 110000 | J81: 110000 | BA81: 81
B82: Real Estate Attorney | G82: 50000 | J82: 25000 | S82: 25000 | BA82: 82
B83: Accounting | G83: 30000 | J83: 30000 | BA83: 83
B84: As-Built Survey | G84: 15000 | J84: 15000 | BA84: 84
A85: =IF(AND(G85>0,OR(C85="",C85="<Enter detailed description here; use Comments section if needed>")),"X","") | B85: Othr PS1 | C85: << Enter description here; provide detail & justification in tab Part III-b >> | U85: =IF(AND(G85>0,OR(C85="",C85="<Enter detailed description here; use Comments section if needed>")),"NO DESCRIPTION PROVIDED - please enter detailed description in Other box at left; use Comments section below if needed.","") | BA85: 85
F86: Subtotal | G86: =SUM(G75:G85) -> 578000 | J86: =SUM(J75:J85) -> 553000 | M86: =SUM(M75:M85) -> 0 | P86: =SUM(P75:P85) -> 0 | S86: =SUM(S75:S85) -> 25000 | V86: =SUM(V75:V85) -> 0 | AZ86: LocalGovt_Subtotal | BA86: 86
B87: LOCAL GOVERNMENT FEES | D87: Avg per unit: | E87: =G92/'Part V-Revenues & Expenses'!$P$76 -> 5181.7 | O87: =B87 -> LOCAL GOVERNMENT FEES | W87: =B87 -> LOCAL GOVERNMENT FEES | BA87: 87
B88: Building Permits | G88: 86942 | J88: 86942 | BA88: 88
B89: Impact Fees | G89: 143280 | J89: 143280 | BA89: 89
B90: Water Tap Fees | D90: waived? | E90: No | G90: 41825 | J90: 41825 | BA90: 90
B91: Sewer Tap Fees | D91: waived? | E91: No | G91: 38855 | J91: 38855 | BA91: 91
F92: Subtotal | G92: =SUM(G88:G91) -> 310902 | J92: =SUM(J88:J91) -> 310902 | M92: =SUM(M88:M91) -> 0 | P92: =SUM(P88:P91) -> 0 | S92: =SUM(S88:S91) -> 0 | V92: =SUM(V88:V91) -> 0 | BA92: 92
BA93: 93
A94: I. | B94: DEVELOPMENT BUDGET (cont'd) | J94: New Construction Basis | M94: Acquisition Basis | P94: Rehabilitation Basis | S94: Amortizable or Non-Depreciable Basis | V94: =B94 -> DEVELOPMENT BUDGET (cont'd) | BA94: 94
G95: TOTAL COST | V95: DCA COMMENTS - DCA Use Only | BA95: 95
B96: PERMANENT FINANCING FEES | O96: =B96 -> PERMANENT FINANCING FEES | W96: =B96 -> PERMANENT FINANCING FEES | AZ96: PermFin_Other | BA96: 96
B97: Permanent Loan Fees | G97: 41500 | S97: 41500 | AZ97: PermFin_Subtotal | BA97: 97
B98: Permanent Loan Legal Fees | G98: 20000 | S98: 20000 | BA98: 98
B99: Title and Recording Fees | BA99: 99
B100: Bond Issuance Premium | BA100: 100
...

Sheet Part III-B-Other Items
A1: =CONCATENATE("PART THREE (B) - OTHER COSTS"," - ",'Part I-Project Identification'!$O$7," - ",'Part I-Project Identification'!$F$27," - ",'Part I-Project Identification'!$F$28," - ",'Part I-Project Identification'!$J$28,", ","County") -> PART THREE (B) - OTHER COSTS - 2026-0xx - Westchester Village II - Jonesboro - Clayton, County | R1: 1
R2: 2
A3: DCA requires the Applicant provide a narrative for all "Other" development costs listed on Part IV-Uses of Funds. For any amounts shown below the Applicant needs to provide an explanation of the cost incurred by the development. The narrative should be a brief description for DCA intended to justify its inclusion as a valid development cost. Further, if the "Other" cost is included into eligible basis, a second narrative is required describing its justification into tax credit basis. Expand row size as needed to show text. | R3: 3
R4: 4
A5: DEVELOPMENT COST SCHEDULE Section Name Section's Other Line Item | F5: Description/Nature of Cost | H5: Basis Justification | R5: 5
R6: 6
R7: 7
A8: PRE-DEVELOPMENT COSTS | R8: 8
A9: ='Part III-A-Uses of Funds'!$C$15 -> << Enter description here; provide detail & justification in tab Part III-b >> | R9: 9
R10: 10
R11: 11
A12: Total Cost | B12: ='Part III-A-Uses of Funds'!$G$15 -> 0 | C12: Total Basis | D12: ='Part III-A-Uses of Funds'!$J$15+'Part III-A-Uses of Funds'!$M$15+'Part III-A-Uses of Funds'!$P$15 -> 0 | R12: 12
R13: 13
A14: ='Part III-A-Uses of Funds'!$C$16 -> << Enter description here; provide detail & justification in tab Part III-b >> | R14: 14
R15: 15
R16: 16
A17: Total Cost | B17: ='Part III-A-Uses of Funds'!$G$16 -> 0 | C17: Total Basis | D17: ='Part III-A-Uses of Funds'!$J$16+'Part III-A-Uses of Funds'!$M$16+'Part III-A-Uses of Funds'!$P$16 -> 0 | R17: 17
R18: 18
A19: ='Part III-A-Uses of Funds'!$C$17 -> << Enter description here; provide detail & justification in tab Part III-b >> | R19: 19
R20: 20
R21: 21
A22: Total Cost | B22: ='Part III-A-Uses of Funds'!$G$17 -> 0 | C22: Total Basis | D22: ='Part III-A-Uses of Funds'!$J$17+'Part III-A-Uses of Funds'!$M$17+'Part III-A-Uses of Funds'!$P$17 -> 0 | R22: 22
R23: 23
A24: OTHER CONSTRUCTION HARD COSTS | R24: 24
A25: ='Part III-A-Uses of Funds'!$C$46 -> << Enter description here; provide detail & justification in tab Part III-b >> | R25: 25
R26: 26
R27: 27
A28: Total Cost | B28: ='Part III-A-Uses of Funds'!$G$46 -> 0 | C28: Total Basis | D28: ='Part III-A-Uses of Funds'!$J$46+'Part III-A-Uses of Funds'!$M$46+'Part III-A-Uses of Funds'!$P$46 -> 0 | R28: 28
R29: 29
A30: CONSTRUCTION PERIOD FINANCING | R30: 30
A31: ='Part III-A-Uses of Funds'!$C$71 -> << Enter description here; provide detail & justification in tab Part III-b >> | R31: 31
R32: 32
R33: 33
A34: Total Cost | B34: ='Part III-A-Uses of Funds'!$G$71 -> 0 | C34: Total Basis | D34: ='Part III-A-Uses of Funds'!$J$71+'Part III-A-Uses of Funds'!$M$71+'Part III-A-Uses of Funds'!$P$71 -> 0 | R34: 34
R35: 35
A36: ='Part III-A-Uses of Funds'!$C$72 -> << Enter description here; provide detail & justification in tab Part III-b >> | R36: 36
R37: 37
R38: 38
A39: Total Cost | B39: ='Part III-A-Uses of Funds'!$G$72 -> 0 | C39: Total Basis | D39: ='Part III-A-Uses of Funds'!$J$72+'Part III-A-Uses of Funds'!$M$72+'Part III-A-Uses of Funds'!$P$72 -> 0 | R39: 39
R40: 40
A41: PROFESSIONAL SERVICES | R41: 41
A42: ='Part III-A-Uses of Funds'!$C$85 -> << Enter description here; provide detail & justification in tab Part III-b >> | R42: 42
R43: 43
R44: 44
A45: Total Cost | B45: ='Part III-A-Uses of Funds'!$G$85 -> 0 | C45: Total Basis | D45: ='Part III-A-Uses of Funds'!$J$85+'Part III-A-Uses of Funds'!$M$85+'Part III-A-Uses of Funds'!$P$85 -> 0 | R45: 45
R46: 46
A47: PERMANENT FINANCING FEES | R47: 47
A48: ='Part III-A-Uses of Funds'!$C$102 -> << Enter description here; provide detail & justification in tab Part III-b >> | R48: 48
R49: 49
R50: 50
A51: Total Cost | B51: ='Part III-A-Uses of Funds'!$G$102 -> 0 | R51: 51
R52: 52
A53: DCA-RELATED COSTS | R53: 53
A54: ='Part III-A-Uses of Funds'!$C$112 -> << Enter description here; provide detail & justification in tab Part III-b >> | R54: 54
R55: 55
R56: 56
A57: Total Cost | B57: ='Part III-A-Uses of Funds'!$G$112 -> 0 | R57: 57
R58: 58
A59: ='Part III-A-Uses of Funds'!$C$113 -> << Enter description here; provide detail & justification in tab Part III-b >> | R59: 59
R60: 60
R61: 61
A62: Total Cost | B62: ='Part III-A-Uses of Funds'!$G$113 -> 0 | R62: 62
R63: 63
A64: EQUITY COSTS | R64: 64
A65: ='Part III-A-Uses of Funds'!$C$119 -> << Enter description here; provide detail & justification in tab Part III-b >> | R65: 65
R66: 66
R67: 67
A68: Total Cost | B68: ='Part III-A-Uses of Funds'!$G$119 -> 0 | R68: 68
R69: 69
A70: START-UP AND RESERVES | R70: 70
A71: ='Part III-A-Uses of Funds'!$C$135 -> << Enter description here; provide detail & justification in tab Part III-b >> | R71: 71
R72: 72
R73: 73
A74: Total Cost | B74: ='Part III-A-Uses of Funds'!$G$135 -> 0 | C74: Total Basis | D74: ='Part III-A-Uses of Funds'!$J$135+'Part III-A-Uses of Funds'!$M$135+'Part III-A-Uses of Funds'!$P$135 -> 0 | R74: 74
R75: 75
A76: OTHER COSTS | R76: 76
A77: ='Part III-A-Uses of Funds'!$C$144 -> << Enter description here; provide detail & justification in tab Part III-b >> | R77: 77
R78: 78
R79: 79
A80: Total Cost | B80: ='Part III-A-Uses of Funds'!$G$144 -> 0 | C80: Total Basis | D80: ='Part III-A-Uses of Funds'!$J$144+'Part III-A-Uses of Funds'!$M$144+'Part III-A-Uses of Funds'!$P$144 -> 0 | R80: 80
R81: 81

Sheet Part IV-Utility Allowances
A1: =CONCATENATE("PART FOUR - UTILITY ALLOWANCES"," - ",'Part I-Project Identification'!$O$7," ",'Part I-Project Identification'!$F$27,", ",'Part I-Project Identification'!F28,", ",'Part I-Project Identification'!J28," County") -> PART FOUR - UTILITY ALLOWANCES - 2026-0xx Westchester Village II, Jonesboro, Clayton County | AA1: 1
AA2: 2
B3: ='Part I-Project Identification'!$A$6 -> May XX, 2026 | F3: DCA Utility Region: | I3: Local PHA | AA3: 3
AA4: 4
A5: Note: Elderly allowances cannot be used except at properties that have 100% HUD PBRA and satisfy the DCA definition of "Elderly". | AA5: 5
AA6: 6
A7: I. | B7: UTILITY ALLOWANCE SCHEDULE #1 | F7: Source of Utility Allowances | I7: Jonesboro Housing Authority | AA7: 7
F8: Date of Utility Allowances | I8: 4.1.2025 | K8: Structure | L8: Low-Rise Elevator | AA8: 8
AA9: 9
F10: Paid By (check one) | I10: Tenant-Paid Utility Allowances by Unit Size (# Bdrms) | AA10: 10
B11: Utility | D11: Fuel | F11: Tenant | G11: Owner | I11: Efficiency | J11: 1 | K11: 2 | L11: 3 | M11: 4 | AA11: 11
B12: Heat | D12: Electric Heat Pump | F12: X | J12: 50 | K12: 58 | AA12: 12
B13: Cooking | D13: Electric | F13: X | J13: 12 | K13: 14 | O13: Show Owner-paid utility amounts in the Operating Expense Budget in the Part VI tab. Do not enter Owner-paid utility amounts here in this chart. | AA13: 13
B14: Hot Water | D14: Electric | F14: X | J14: 19 | K14: 27 | AA14: 14
B15: Air Conditioning | D15: Electric | F15: X | J15: 18 | K15: 21 | AA15: 15
B16: Range/Microwave | D16: Electric | G16: X | AA16: 16
B17: Refrigerator | D17: Electric | G17: X | AA17: 17
B18: Other Electric | D18: Electric | F18: X | J18: 44 | K18: 58 | AA18: 18
B19: Water & Sewer | D19: Submetered*? | E19: Yes | F19: X | J19: 45 | K19: 56 | AA19: 19
B20: Refuse Collection | G20: X | AA20: 20
B21: Other: Mthly Base Rate | AA21: 21
B22: Mthly Gas Baseline Fee | D22: Gas | AA22: 22
B23: Monthly Electric BL Fee | D23: Electric | F23: X | J23: 14 | K23: 14 | AA23: 23
B24: Other: | C24: Senior Credit - GA Power | F24: X | J24: -24 | K24: -24 | AA24: 24
B25: Total Utility Allowance by Unit Size | I25: =IF(SUM(I12:I24)=0,0,IF(OR($D12="<<Select Fuel >>",$D13="<<Select Fuel >>",$D14="<<Select Fuel >>"),"Select Fuel",IF($E19="<Select>","Submeter?",SUM(I12:I24)))) -> 0 | J25: =IF(SUM(J12:J24)=0,0,IF(OR($D12="<<Select Fuel >>",$D13="<<Select Fuel >>",$D14="<<Select Fuel >>"),"Select Fuel",IF($E19="<Select>","Submeter?",SUM(J12:J24)))) -> 178 | K25: =IF(SUM(K12:K24)=0,0,IF(OR($D12="<<Select Fuel >>",$D13="<<Select Fuel >>",$D14="<<Select Fuel >>"),"Select Fuel",IF($E19="<Select>","Submeter?",SUM(K12:K24)))) -> 224 | L25: =IF(SUM(L12:L24)=0,0,IF(OR($D12="<<Select Fuel >>",$D13="<<Select Fuel >>",$D14="<<Select Fuel >>"),"Select Fuel",IF($E19="<Select>","Submeter?",SUM(L12:L24)))) -> 0 | M25: =IF(SUM(M12:M24)=0,0,IF(OR($D12="<<Select Fuel >>",$D13="<<Select Fuel >>",$D14="<<Select Fuel >>"),"Select Fuel",IF($E19="<Select>","Submeter?",SUM(M12:M24)))) -> 0 | AA25: 25
AA26: 26
A27: II. | B27: UTILITY ALLOWANCE SCHEDULE #2 | F27: Source of Utility Allowances | AA27: 27
F28: Date of Utility Allowances | K28: Structure | AA28: 28
AA29: 29
F30: Paid By (check one) | I30: Tenant-Paid Utility Allowances by Unit Size (# Bdrms) | AA30: 30
B31: Utility | D31: Fuel | F31: Tenant | G31: Owner | I31: Efficiency | J31: 1 | K31: 2 | L31: 3 | M31: 4 | AA31: 31
B32: Heat | AA32: 32
B33: Cooking | AA33: 33
B34: Hot Water | O34: Show Owner-paid utility amounts in the Operating Expense Budget in the Part VI tab. Do not enter Owner-paid utility amounts here in this chart. | AA34: 34
B35: Air Conditioning | D35: Electric | AA35: 35
B36: Range/Microwave | D36: Electric | AA36: 36
B37: Refrigerator | D37: Electric | AA37: 37
B38: Other Electric | D38: Electric | AA38: 38
B39: Water & Sewer | D39: Submetered*? | AA39: 39
B40: Refuse Collection | AA40: 40
B41: Other: Mthly Base Rate | AA41: 41
B42: Monthly Gas BL Fee | D42: Gas | AA42: 42
B43: Monthly Electric BL Fee | D43: Electric | AA43: 43
B44: Other: | AA44: 44
B45: Total Utility Allowance by Unit Size | I45: =IF(SUM(I32:I44)=0,0,IF(OR($D32="<<Select Fuel >>",$D34="<<Select Fuel >>",$D35="<<Select Fuel >>"),"Select Fuel",IF($E39="<Select>","Submeter?",SUM(I32:I44)))) -> 0 | J45: =IF(SUM(J32:J44)=0,0,IF(OR($D32="<<Select Fuel >>",$D34="<<Select Fuel >>",$D35="<<Select Fuel >>"),"Select Fuel",IF($E39="<Select>","Submeter?",SUM(J32:J44)))) -> 0 | K45: =IF(SUM(K32:K44)=0,0,IF(OR($D32="<<Select Fuel >>",$D34="<<Select Fuel >>",$D35="<<Select Fuel >>"),"Select Fuel",IF($E39="<Select>","Submeter?",SUM(K32:K44)))) -> 0 | L45: =IF(SUM(L32:L44)=0,0,IF(OR($D32="<<Select Fuel >>",$D34="<<Select Fuel >>",$D35="<<Select Fuel >>"),"Select Fuel",IF($E39="<Select>","Submeter?",SUM(L32:L44)))) -> 0 | M45: =IF(SUM(M32:M44)=0,0,IF(OR($D32="<<Select Fuel >>",$D34="<<Select Fuel >>",$D35="<<Select Fuel >>"),"Select Fuel",IF($E39="<Select>","Submeter?",SUM(M32:M44)))) -> 0 | AA45: 45
AA46: 46
B47: *New Construction units MUST be sub-metered. | AA47: 47
B48: APPLICANT COMMENTS AND CLARIFICATIONS | AA48: 48
B49: Applicant has used the Jonesboro Housing Authority UA's. The UA's from April 1, 2025 were in effect on January 1, 2026. | O49: NOTE: Row size may be increased or decreased as needed. Press and hold Alt-Enter to start new paragraphs in the same box. | AA49: 49
AA50: 50
B51: DCA COMMENTS | AA51: 51
AA52: 52
AA53: 53
AA54: 54
AA55: 55
AA56: 56

Sheet Part V-Revenues & Expenses
B1: RentType | C1: Bdrms | D1: Baths | E1: Units | F1: Area/Expenses1 | G1: MaxGrossRent | H1: PropGrossRent | I1: Feed | J1: UA | K1: PBRA | L1: UnitMthlyRent/Expenses2 | M1: TotalMthlyRent | N1: EmployeeUnit | O1: UABuildDesignType | P1: Activity | Q1: Historic/Expenses3 | OZ1: 1
A2: =CONCATENATE("PART FOUR - PROJECTED REVENUES & EXPENSES"," - ",'Part I-Project Identification'!$O$7," ",'Part I-Project Identification'!$F$27,", ",'Part I-Project Identification'!F28,", ",'Part I-Project Identification'!J28," County") -> PART FOUR - PROJECTED REVENUES & EXPENSES - 2026-0xx Westchester Village II, Jonesboro, Clayton County | T2: =A2 -> PART FOUR - PROJECTED REVENUES & EXPENSES - 2026-0xx Westchester Village II, Jonesboro, Clayton County | OZ2: 2
OZ3: 3
A4: I. | B4: RENT SCHEDULE | D4: Do NOT cut/copy/paste cells in this tab. Complete ALL columns. For Common Space (CS) units, select "N/A-CS" for Rent Type and "Common Space" for Employee Unit. | O4: MSA/NonMSA: | P4: ='Part I-Project Identification'!$O$30 -> Atlanta-Sandy Springs-Marietta | T4: =B4 -> RENT SCHEDULE | JN4: 0 BR | JO4: 1 BR | JP4: 2 BR | JQ4: 3 BR | JR4: 4 BR | JS4: 0 BR | JT4: 1 BR | JU4: 2 BR | JV4: 3 BR | JW4: 4 BR | KH4: 0 BR | KI4: 1 BR | KJ4: 2 BR | KK4: 3 BR | KL4: 4 BR | KM4: 0 BR | KN4: 1 BR | KO4: 2 BR | KP4: 3 BR | KQ4: 4 BR | KR4: 0 BR | KS4: 1 BR | KT4: 2 BR | KU4: 3 BR | KV4: 4 BR | KW4: 0 BR | KX4: 1 BR | KY4: 2 BR | KZ4: 3 BR | LA4: 4 BR | LB4: 0 BR | LC4: 1 BR | LD4: 2 BR | LE4: 3 BR | LF4: 4 BR | LG4: 0 BR | LH4: 1 BR | LI4: 2 BR | LJ4: 3 BR | LK4: 4 BR | LL4: 0 BR | LM4: 1 BR | LN4: 2 BR | LO4: 3 BR | LP4: 4 BR | LQ4: 0 BR | LR4: 1 BR | LS4: 2 BR | LT4: 3 BR | LU4: 4 BR | LV4: 0 BR | LW4: 1 BR | LX4: 2 BR | LY4: 3 BR | LZ4: 4 BR | MA4: 0 BR | MB4: 1 BR | MC4: 2 BR | MD4: 3 BR | ME4: 4 BR | MF4: 0 BR | MG4: 1 BR | MH4: 2 BR | MI4: 3 BR | MJ4: 4 BR | MK4: 0 BR | ML4: 1 BR | MM4: 2 BR | MN4: 3 BR | MO4: 4 BR | NO4: Efficiency Nonhistoric Multifamily Rehab or Acq/Rehab Units | NP4: 1 BR NonhistoricMultifamily Rehab or Acq/Rehab Units | NQ4: 2 BR NonhistoricMultifamily Rehab or Acq/Rehab Units | NR4: 3 BR NonhistoricMultifamily Rehab or Acq/Rehab Units | NS4: 4 BR Nonhistoric Multifamily Rehab or Acq/Rehab Units | OZ4: 4
Q5: Certified Historic/ Deemed Historic? (See QAP) | X5: Efficiency 80% Units | Y5: 1 BR 80% Units | Z5: 2 BR 80% Units | AA5: 3 BR 80% Units | AB5: 4 BR 80% Units | AC5: Efficiency 70% Units | AD5: 1 BR 70% Units | AE5: 2 BR 70% Units | AF5: 3 BR 70% Units | AG5: 4 BR 70% Units | AH5: Efficiency 60% Units | AI5: 1 BR 60% Units | AJ5: 2 BR 60% Units | AK5: 3 BR 60% Units | AL5: 4 BR 60% Units | AM5: Efficiency 50% Units | AN5: 1 BR 50% Units | AO5: 2 BR 50% Units | AP5: 3 BR 50% Units | AQ5: 4 BR 50% Units | AR5: Efficiency 40% Units | AS5: 1 BR 40% Units | AT5: 2 BR 40% Units | AU5: 3 BR 40% Units | AV5: 4 BR 40% Units | AW5: Efficiency 30% Units | AX5: 1 BR 30% Units | AY5: 2 BR 30% Units | AZ5: 3 BR 30% Units | BA5: 4 BR 30% Units | BB5: Efficiency 20% Units | BC5: 1 BR 20% Units | BD5: 2 BR 20% Units | BE5: 3 BR 20% Units | BF5: 4 BR 20% Units | BG5: Efficiency Mkt Units | BH5: 1 BR Mkt Units | BI5: 2 BR Mkt Units | BJ5: 3 BR Mkt Units | BK5: 4 BR Mkt Units | BL5: Efficiency PBRA 20% Units | BM5: 1 BR PBRA 20% Units | BN5: 2 BR PBRA 20% Units | BO5: 3 BR PBRA 20% Units | BP5: 4 BR PBRA 20% Units | BQ5: Efficiency PBRA 30% Units | BR5: 1 BR PBRA 30% Units | BS5: 2 BR PBRA 30% Units | BT5: 3 BR PBRA 30% Units | BU5: 4 BR PBRA 30% Units | BV5: Efficiency PBRA 40% Units | BW5: 1 BR PBRA 40% Units | BX5: 2 BR PBRA 40% Units | BY5: 3 BR PBRA 40% Units | BZ5: 4 BR PBRA 40% Units | CA5: Efficiency PBRA 50% Units | CB5: 1 BR PBRA 50% Units | CC5: 2 BR PBRA 50% Units | CD5: 3 BR PBRA 50% Units | CE5: 4 BR PBRA 50% Units | CF5: Efficiency PBRA 60% Units | CG5: 1 BR PBRA 60% Units | CH5: 2 BR PBRA 60% Units | CI5: 3 BR PBRA 60% Units | CJ5: 4 BR PBRA 60% Units | CK5: Efficiency PBRA 70% Units | CL5: 1 BR PBRA 70% Units | CM5: 2 BR PBRA 70% Units | CN5: 3 BR PBRA 70% Units | CO5: 4 BR PBRA 70% Units | CP5: Efficiency PBRA 80% Units | CQ5: 1 BR PBRA 80% Units | CR5: 2 BR PBRA 80% Units | CS5: 3 BR PBRA 80% Units | CT5: 4 BR PBRA 80% Units | CU5: Efficiency PHA Oper Sub 20% Units | CV5: 1 BR PHA Oper Sub 20% Units | CW5: 2 BR PHA Oper Sub 20% Units | CX5: 3 BR PHA Oper Sub 20% Units | CY5: 4 BR PHA Oper Sub 20% Units | CZ5: Efficiency PHA Oper Sub 30% Units | DA5: 1 BR PHA Oper Sub 30% Units | DB5: 2 BR PHA Oper Sub 30% Units | DC5: 3 BR PHA Oper Sub 30% Units | DD5: 4 BR PHA Oper Sub 30% Units | DE5: Efficiency PHA Oper Sub 40% Units | DF5: 1 BR PHA Oper Sub 40% Units | DG5: 2 BR PHA Oper Sub 40% Units | DH5: 3 BR PHA Oper Sub 40% Units | DI5: 4 BR PHA Oper Sub 40% Units | DJ5: Efficiency PHA Oper Sub 50% Units | DK5: 1 BR PHA Oper Sub 50% Units | DL5: 2 BR PHA Oper Sub 50% Units | DM5: 3 BR PHA Oper Sub 50% Units | DN5: 4 BR PHA Oper Sub 50% Units | DO5: Efficiency PHA Oper Sub 60% Units | DP5: 1 BR PHA Oper Sub 60% Units | DQ5: 2 BR PHA Oper Sub 60% Units | DR5: 3 BR PHA Oper Sub 60% Units | DS5: 4 BR PHA Oper Sub 60% Units | DT5: Efficiency PHA Oper Sub 70% Units | DU5: 1 BR PHA Oper Sub 70% Units | DV5: 2 BR PHA Oper Sub 70% Units | DW5: 3 BR PHA Oper Sub 70% Units | DX5: 4 BR PHA Oper Sub 70% Units | DY5: Efficiency PHA Oper Sub 80% Units | DZ5: 1 BR PHA Oper Sub 80% Units | EA5: 2 BR PHA Oper Sub 80% Units | EB5: 3 BR PHA Oper Sub 80% Units | EC5: 4 BR PHA Oper Sub 80% Units | ED5: Efficiency PBV 20% Units | EE5: 1 BR PBV 20% Units | EF5: 2 BR PBV 20% Units | EG5: 3 BR PBV 20% Units | EH5: 4 BR PBV 20% Units | EI5: Efficiency PBV 30% Units | EJ5: 1 BR PBV 30% Units | EK5: 2 BR PBV 30% Units | EL5: 3 BR PBV 30% Units | EM5: 4 BR PBV 30% Units | EN5: Efficiency PBV 40% Units | EO5: 1 BR PBV 40% Units | EP5: 2 BR PBV 40% Units | EQ5: 3 BR PBV 40% Units | ER5: 4 BR PBV 40% Units | ES5: Efficiency PBV 50% Units | ET5: 1 BR PBV 50% Units | EU5: 2 BR PBV 50% Units | EV5: 3 BR PBV 50% Units | EW5: 4 BR PBV 50% Units | EX5: Efficiency PBV 60% Units | EY5: 1 BR PBV 60% Units | EZ5: 2 BR PBV 60% Units | FA5: 3 BR PBV 60% Units | FB5: 4 BR PBV 60% Units | FC5: Efficiency PBV 70% Units | FD5: 1 BR PBV 70% Units | FE5: 2 BR PBV 70% Units | FF5: 3 BR PBV 70% Units | FG5: 4 BR PBV 70% Units | FH5: Efficiency PBV 80% Units | FI5: 1 BR PBV 80% Units | FJ5: 2 BR PBV 80% Units | FK5: 3 BR PBV 80% Units | FL5: 4 BR PBV 80% Units | FM5: Efficiency Common Space Units | FN5: 1 BR Common Space Units | FO5: 2 BR Common Space Units | FP5: 3 BR Common Space Units | FQ5: 4 BR Common Space Units | FR5: Efficiency 80% SF | FS5: 1 BR 80% SF | FT5: 2 BR 80% SF | FU5: 3 BR 80% SF | FV5: 4 BR 80% SF | FW5: Efficiency 70% SF | FX5: 1 BR 70% SF | FY5: 2 BR 70% SF | FZ5: 3 BR 70% SF | GA5: 4 BR 70% SF | GB5: Efficiency 60% SF | GC5: 1 BR 60% SF | GD5: 2 BR 60% SF | GE5: 3 BR 60% SF | GF5: 4 BR 60% SF | GG5: Efficiency 50% SF | GH5: 1 BR 50% SF | GI5: 2 BR 50% SF | GJ5: 3 BR 50% SF | GK5: 4 BR 50% SF | GL5: Efficiency 40% SF | GM5: 1 BR 40% SF | GN5: 2 BR 40% SF | GO5: 3 BR 40% SF | GP5: 4 BR 40% SF | GQ5: Efficiency 30% SF | GR5: 1 BR 30% SF | GS5: 2 BR 30% SF | GT5: 3 BR 30% SF | GU5: 4 BR 30% SF | GV5: Efficiency 20% SF | GW5: 1 BR 20% SF | GX5: 2 BR 20% SF | GY5: 3 BR 20% SF | GZ5: 4 BR 20% SF | HA5: Efficiency Mkt SF | HB5: 1 BR Mkt SF | HC5: 2 BR Mkt SF | HD5: 3 BR Mkt SF | HE5: 4 BR Mkt SF | HF5: Efficiency PBRA SF | HG5: 1 BR PBRA SF | HH5: 2 BR PBRA SF | HI5: 3 BR PBRA SF | HJ5: 4 BR PBRA SF | HK5: Efficiency Common Space SF | HL5: 1 BR Common Space SF | HM5: 2 BR Common Space SF | HN5: 3 BR Common Space SF | HO5: 4 BR Common Space SF | HP5: Efficiency New Construction LI Units | HQ5: 1 BR New Construction LI Units | HR5: 2 BR New Construction LI Units | HS5: 3 BR New Construction LI Units | HT5: 4 BR New Construction LI Units | HU5: Efficiency New Construction Mkt Units | HV5: 1 BR New Construction Mkt Units | HW5: 2 BR New Construction Mkt Units | HX5: 3 BR New Construction Mkt Units | HY5: 4 BR New Construction Mkt Units | HZ5: Efficiency New Construction CS Units | IA5: 1 BR New Construction CS Units | IB5: 2 BR New Construction CS Units | IC5: 3 BR New Construction CS Units | ID5: 4 BR New Construction CS Units | IE5: Efficiency LI Acq/Rhb Units | IF5: 1 BR Acq/Rhb LI Units | IG5: 2 BR Acq/Rhb LI Units | IH5: 3 BR Acq/Rhb LI Units | II5: 4 BR Acq/Rhb LI Units | IJ5: Efficiency Acq/Rhb Mkt Units | IK5: 1 BR Acq/Rhb Mkt Units | IL5: 2 BR Acq/Rhb Mkt Units | IM5: 3 BR Acq/Rhb Mkt Units | IN5: 4 BR Acq/Rhb Mkt Units | IO5: Efficiency CS Acq/Rhb Units | IP5: 1 BR Acq/Rhb CS Units | IQ5: 2 BR Acq/Rhb CS Units | IR5: 3 BR Acq/Rhb CS Units | IS5: 4 BR Acq/Rhb CS Units | IT5: Efficiency Rehab LI Units | IU5: 1 BR Rehab LI Units | IV5: 2 BR Rehab LI Units | IW5: 3 BR Rehab LI Units | IX5: 4 BR Rehab LI Units | IY5: Efficiency Rehab Mkt Units | IZ5: 1 BR Rehab Mkt Units | JA5: 2 BR Rehab Mkt Units | JB5: 3 BR Rehab Mkt Units | JC5: 4 BR Rehab Mkt Units | JD5: Efficiency Rehab CS Units | JE5: 1 BR Rehab CS Units | JF5: 2 BR Rehab CS Units | JG5: 3 BR Rehab CS Units | JH5: 4 BR Rehab CS Units | MP5: Effic 120% NSP Units | MQ5: 1 BR 120% NSP Units | MR5: 2 BR 120% NSP Units | MS5: 3 BR 120% NSP Units | MT5: 4 BR 120% NSP Units | MU5: Effic 120% NSP SF | MV5: 1 BR 120% NSP SF | MW5: 2 BR 120% NSP SF | MX5: 3 BR 120% NSP SF | MY5: 4 BR 120% NSP SF | MZ5: Efficiency New Construction NSP 120% Units | NA5: 1 BR New Construction NSP 120% Units | NB5: 2 BR New Construction NSP 120% Units | NC5: 3 BR New Construction NSP 120% Units | ND5: 4 BR New Construction NSP 120% Units | NE5: Efficiency NSP 120% Acq/Rhb Units | NF5: 1 BR Acq/Rhb NSP 120% Units | NG5: 2 BR Acq/Rhb NSP 120% Units | NH5: 3 BR Acq/Rhb NSP 120% Units | NI5: 4 BR Acq/Rhb NSP 120% Units | NJ5: Efficiency Rehab NSP 120% Units | NK5: 1 BR Rehab NSP 120% Units | NL5: 2 BR Rehab NSP 120% Units | NM5: 3 BR Rehab NSP 120% Units | NN5: 4 BR Rehab NSP 120% Units | OZ5: 5
A6: =IF(A58>0,"Finish Row!","") | B6: A. HOME Projects: Fixed or Floating units? | G6: <Select> | H6: (Note: CS units are non-income-producing units) | K6: PBRA | L6: ='Part I-Project Identification'!$A$6 -> May XX, 2026 | O6: AMI (MTSP): | P6: 79900 | NT6: Efficiency Multifamily New Construction Units | NU6: 1 BR Multifamily New Construction Units | NV6: 2 BR Multifamily New Construction Units | NW6: 3 BR Multifamily New Construction Units | NX6: 4 BR Multifamily New Construction Units | NY6: Efficiency SF or Semi-Detached Nonhistoric Units | NZ6: 1 BR SF or Semi-Detached Nonhistoric Units | OA6: 2 BR SF or Semi-Detached Nonhistoric Units | OB6: 3 BR SF or Semi-Detached Nonhistoric Units | OC6: 4 BR SF or Semi-Detached Nonhistoric Units | OZ6: 6
B7: B. Are 100% of units HUD PBRA? | G7: <Select> | I7: Mandatory Fees Paid By Residents | J7: Utility | K7: Provider or | O7: Effective Date: | P7: 1.1.2026 | R7: Rehabs Only: | OZ7: 7
B8: Rent Type | J8: Allowance | K8: Operating | N8: AMI Source: | O8: Novogradac | S8: Rental | KH8: Efficiency | KI8: 1 BR | KJ8: 2 BR | KK8: 3 BR | KL8: 4 BR | KM8: Efficiency | KN8: 1 BR | KO8: 2 BR | KP8: 3 BR | KQ8: 4 BR | KR8: Efficiency | KS8: 1 BR | KT8: 2 BR | KU8: 3 BR | KV8: 4 BR | KW8: Efficiency | KX8: 1 BR | KY8: 2 BR | KZ8: 3 BR | LA8: 4 BR | LB8: Efficiency | LC8: 1 BR | LD8: 2 BR | LE8: 3 BR | LF8: 4 BR | LG8: Efficiency | LH8: 1 BR | LI8: 2 BR | LJ8: 3 BR | LK8: 4 BR | LL8: Efficiency | LM8: 1 BR | LN8: 2 BR | LO8: 3 BR | LP8: 4 BR | LQ8: Efficiency | LR8: 1 BR | LS8: 2 BR | LT8: 3 BR | LU8: 4 BR | LV8: Efficiency | LW8: 1 BR | LX8: 2 BR | LY8: 3 BR | LZ8: 4 BR | MA8: Efficiency | MB8: 1 BR | MC8: 2 BR | MD8: 3 BR | ME8: 4 BR | MF8: Efficiency | MG8: 1 BR | MH8: 2 BR | MI8: 3 BR | MJ8: 4 BR | MK8: Efficiency | ML8: 1 BR | MM8: 2 BR | MN8: 3 BR | MO8: 4 BR | OZ8: 8
B9: (Select) | C9: Nbr of | D9: No. of | E9: Unit | F9: Unit | G9: Max Gross Rent Limit | H9: Proposed | J9: (UA Schedule 1 UA, so over-write if UA Schedule 2 used) | K9: Subsidy *** | L9: Monthly Net Rent | N9: Employee | O9: UA Structure | P9: Type of Activity (INCL Adapative Reuse) | R9: Current | S9: Percent | JI9: 0 BR MF Units | JJ9: 1 BR | JK9: 2 BR | JL9: 3 BR | JM9: 4 BR | JN9: SF Det'd Units | JO9: SF Det'd Units | JP9: SF Det'd Units | JQ9: SF Det'd Units | JR9: SF Det'd Units | JS9: SF Det'd Hist Units | JT9: SF Det'd Hist Units | JU9: SF Det'd Hist Units | JV9: SF Det'd Hist Units | JW9: SF Det'd Hist Units | JX9: Efficiency | JY9: 1 BR | JZ9: 2 BR | KA9: 3 BR | KB9: 4 BR | KC9: Efficiency | KD9: 1 BR | KE9: 2 BR | KF9: 3 BR | KG9: 4 BR | KH9: Semi-Detached Units | KI9: Semi-Detached Units | KJ9: Semi-Detached Units | KK9: Semi-Detached Units | KL9: Semi-Detached Units | KM9: Semi-Detached Hist Units | KN9: Semi-Detached Hist Units | KO9: Semi-Detached Hist Units | KP9: Semi-Detached Hist Units | KQ9: Semi-Detached Hist Units | KR9: Row House/TH Units | KS9: Row House/TH Units | KT9: Row House/TH Units | KU9: Row House/TH Units | KV9: Row House/TH Units | KW9: Row House/TH Hist Units | KX9: Row House/TH Hist Units | KY9: Row House/TH Hist Units | KZ9: Row House/TH Hist Units | LA9: Row House/TH Hist Units | LB9: Low-Rise Apt Units | LC9: Low-Rise Apt Units | LD9: Low-Rise Apt Units | LE9: Low-Rise Apt Units | LF9: Low-Rise Apt Units | LG9: Low-Rise Elevator Units | LH9: Low-Rise Elevator Units | LI9: Low-Rise Elevator Units | LJ9: Low-Rise Elevator Units | LK9: Low-Rise Elevator Units | LL9: Low-Rise Apt Hist Units | LM9: Low-Rise Apt Hist Units | LN9: Low-Rise Apt Hist Units | LO9: Low-Rise Apt Hist Units | LP9: Low-Rise Apt Hist Units | LQ9: Low-Rise Elevator Hist Units | LR9: Low-Rise Elevator Hist Units | LS9: Low-Rise Elevator Hist Units | LT9: Low-Rise Elevator Hist Units | LU9: Low-Rise Elevator Hist Units | LV9: High-Rise Apt Units | LW9: High-Rise Apt Units | LX9: High-Rise Apt Units | LY9: High-Rise Apt Units | LZ9: High-Rise Apt Units | MA9: High-Rise Elevator Units | MB9: High-Rise Elevator Units | MC9: High-Rise Elevator Units | MD9: High-Rise Elevator Units | ME9: High-Rise Elevator Units | MF9: High-Rise Apt Hist Units | MG9: High-Rise Apt Hist Units | MH9: High-Rise Apt Hist Units | MI9: High-Rise Apt Hist Units | MJ9: High-Rise Apt Hist Units | MK9: High-Rise Elevator Hist Units | ML9: High-Rise Elevator Hist Units | MM9: High-Rise Elevator Hist Units | MN9: High-Rise Elevator Hist Units | MO9: High-Rise Elevator Hist Units | OZ9: 9
B10: Put AMIs Below Line | C10: Bdrms | D10: Baths | E10: Count | F10: Area | H10: Gross Rent | K10: (See note below) | L10: Per Unit | M10: Total | N10: Unit | O10: (Building Type) | R10: Rent | S10: Diff | T10: DCA COMMENTS | JJ10: MF Units | JK10: MF Units | JL10: MF Units | JM10: MF Units | JX10: MH Units | JY10: MH Units | JZ10: MH Units | KA10: MH Units | KB10: MH Units | KC10: MH Hist Units | KD10: MH Hist Units | KE10: MH Hist Units | KF10: MH Hist Units | KG10: MH Hist Units | OZ10: 10
A11: =IF(AND(E11>0,OR(B11="",C11="",D11="",F11="",G11="", H11="",I11="",N11="",O11="",P11="",Q11="")),1,"") | B11: N/A-CS | L11: =MAX(0,H11-I11-J11) -> 0 | M11: =MAX(0,E11*L11) -> 0 | X11: =IF(AND(C11="Efficiency",B11=80,NOT(N11="Common Space")),E11,"") | Y11: =IF(AND(C11=1,B11=80,NOT(N11="Common Space")),E11,"") | Z11: =IF(AND(C11=2,B11=80,NOT(N11="Common Space")),E11,"") | AA11: =IF(AND(C11=3,B11=80,NOT(N11="Common Space")),E11,"") | AB11: =IF(AND(C11=4,B11=80,NOT(N11="Common Space")),E11,"") | AC11: =IF(AND(C11="Efficiency",B11=70,NOT(N11="Common Space")),E11,"") | AD11: =IF(AND(C11=1,B11=70,NOT(N11="Common Space")),E11,"") | AE11: =IF(AND(C11=2,B11=70,NOT(N11="Common Space")),E11,"") | AF11: =IF(AND(C11=3,B11=70,NOT(N11="Common Space")),E11,"") | AG11: =IF(AND(C11=4,B11=70,NOT(N11="Common Space")),E11,"") | AH11: =IF(AND(C11="Efficiency",B11=60,NOT(N11="Common Space")),E11,"") | AI11: =IF(AND(C11=1,B11=60,NOT(N11="Common Space")),E11,"") | AJ11: =IF(AND(C11=2,B11=60,NOT(N11="Common Space")),E11,"") | AK11: =IF(AND(C11=3,B11=60,NOT(N11="Common Space")),E11,"") | AL11: =IF(AND(C11=4,B11=60,NOT(N11="Common Space")),E11,"") | AM11: =IF(AND(C11="Efficiency",B11=50,NOT(N11="Common Space")),E11,"") | AN11: =IF(AND(C11=1,B11=50,NOT(N11="Common Space")),E11,"") | AO11: =IF(AND(C11=2,B11=50,NOT(N11="Common Space")),E11,"") | AP11: =IF(AND(C11=3,B11=50,NOT(N11="Common Space")),E11,"") | AQ11: =IF(AND(C11=4,B11=50,NOT(N11="Common Space")),E11,"") | AR11: =IF(AND(C11="Efficiency",B11=40,NOT(N11="Common Space")),E11,"") | AS11: =IF(AND(C11=1,B11=40,NOT(N11="Common Space")),E11,"") | AT11: =IF(AND(C11=2,B11=40,NOT(N11="Common Space")),E11,"") | AU11: =IF(AND(C11=3,B11=40,NOT(N11="Common Space")),E11,"") | AV11: =IF(AND(C11=4,B11=40,NOT(N11="Common Space")),E11,"") | AW11: =IF(AND(C11="Efficiency",B11=30,NOT(N11="Common Space")),E11,"") | AX11: =IF(AND(C11=1,B11=30,NOT(N11="Common Space")),E11,"") | AY11: =IF(AND(C11=2,B11=30,NOT(N11="Common Space")),E11,"") | AZ11: =IF(AND(C11=3,B11=30,NOT(N11="Common Space")),E11,"") | BA11: =IF(AND(C11=4,B11=30,NOT(N11="Common Space")),E11,"") | BB11: =IF(AND(C11="Efficiency",B11=20,NOT(N11="Common Space")),E11,"") | BC11: =IF(AND(C11=1,B11=20,NOT(N11="Common Space")),E11,"") | BD11: =IF(AND(C11=2,B11=20,NOT(N11="Common Space")),E11,"") | BE11: =IF(AND(C11=3,B11=20,NOT(N11="Common Space")),E11,"") | BF11: =IF(AND(C11=4,B11=20,NOT(N11="Common Space")),E11,"") | BG11: =IF(AND(C11="Efficiency",B11="Unrestricted",NOT(N11="Common Space")),E11,"") | BH11: =IF(AND(C11=1,B11="Unrestricted",NOT(N11="Common Space")),E11,"") | BI11: =IF(AND(C11=2,B11="Unrestricted",NOT(N11="Common Space")),E11,"") | BJ11: =IF(AND(C11=3,B11="Unrestricted",NOT(N11="Common Space")),E11,"") | BK11: =IF(AND(C11=4,B11="Unrestricted",NOT(N11="Common Space")),E11,"") | BL11: =IF(OR(AND($C11="Efficiency",NOT($K11=""),NOT($K11="PHA Oper Sub"),$B11=20,NOT($N11="Common Space")),AND($C11="Efficiency",NOT($K11=""),NOT($K11="PHA Oper Sub"),$B11="HOME 20",NOT($N11="Common Space"))),$E11,"") | BM11: =IF(OR(AND($C11=1,NOT($K11=""),NOT($K11="PHA Oper Sub"),$B11=20,NOT($N11="Common Space")),AND($C11=1,NOT($K11=""),NOT($K11="PHA Oper Sub"),$B11="HOME 20",NOT($N11="Common Space"))),$E11,"") | BN11: =IF(OR(AND($C11=2,NOT($K11=""),NOT($K11="PHA Oper Sub"),$B11=20,NOT($N11="Common Space")),AND($C11=2,NOT($K11=""),NOT($K11="PHA Oper Sub"),$B11="HOME 20",NOT($N11="Common Space"))),$E11,"") | BO11: =IF(OR(AND($C11=3,NOT($K11=""),NOT($K11="PHA Oper Sub"),$B11=20,NOT($N11="Common Space")),AND($C11=3,NOT($K11=""),NOT($K11="PHA Oper Sub"),$B11="HOME 20",NOT($N11="Common Space"))),$E11,"") | BP11: =IF(OR(AND($C11=4,NOT($K11=""),NOT($K11="PHA Oper Sub"),$B11=20,NOT($N11="Common Space")),AND($C11=4,NOT($K11=""),NOT($K11="PHA Oper Sub"),$B11="HOME 20",NOT($N11="Common Space"))),$E11,"") | BQ11: =IF(OR(AND($C11="Efficiency",NOT($K11=""),NOT($K11="PHA Oper Sub"),$B11=30,NOT($N11="Common Space")),AND($C11="Efficiency",NOT($K11=""),NOT($K11="PHA Oper Sub"),$B11="HOME 30",NOT($N11="Common Space"))),$E11,"") | BR11: =IF(OR(AND($C11=1,NOT($K11=""),NOT($K11="PHA Oper Sub"),$B11=30,NOT($N11="Common Space")),AND($C11=1,NOT($K11=""),NOT($K11="PHA Oper Sub"),$B11="HOME 30",NOT($N11="Common Space"))),$E11,"") | BS11: =IF(OR(AND($C11=2,NOT($K11=""),NOT($K11="PHA Oper Sub"),$B11=30,NOT($N11="Common Space")),AND($C11=2,NOT($K11=""),NOT($K11="PHA Oper Sub"),$B11="HOME 30",NOT($N11="Common Space"))),$E11,"") | BT11: =IF(OR(AND($C11=3,NOT($K11=""),NOT($K11="PHA Oper Sub"),$B11=30,NOT($N11="Common Space")),AND($C11=3,NOT($K11=""),NOT($K11="PHA Oper Sub"),$B11="HOME 30",NOT($N11="Common Space"))),$E11,"") | BU11: =IF(OR(AND($C11=4,NOT($K11=""),NOT($K11="PHA Oper Sub"),$B11=30,NOT($N11="Common Space")),AND($C11=4,NOT($K11=""),NOT($K11="PHA Oper Sub"),$B11="HOME 30",NOT($N11="Common Space"))),$E11,"") | BV11: =IF(OR(AND($C11="Efficiency",NOT($K11=""),NOT($K11="PHA Oper Sub"),$B11=40,NOT($N11="Common Space")),AND($C11="Efficiency",NOT($K11=""),NOT($K11="PHA Oper Sub"),$B11="HOME 40",NOT($N11="Common Space"))),$E11,"") | BW11: =IF(OR(AND($C11=1,NOT($K11=""),NOT($K11="PHA Oper Sub"),$B11=40,NOT($N11="Common Space")),AND($C11=1,NOT($K11=""),NOT($K11="PHA Oper Sub"),$B11="HOME 40",NOT($N11="Common Space"))),$E11,"") | BX11: =IF(OR(AND($C11=2,NOT($K11=""),NOT($K11="PHA Oper Sub"),$B11=40,NOT($N11="Common Space")),AND($C11=2,NOT($K11=""),NOT($K11="PHA Oper Sub"),$B11="HOME 40",NOT($N11="Common Space"))),$E11,"") | BY11: =IF(OR(AND($C11=3,NOT($K11=""),NOT($K11="PHA Oper Sub"),$B11=40,NOT($N11="Common Space")),AND($C11=3,NOT($K11=""),NOT($K11="PHA Oper Sub"),$B11="HOME 40",NOT($N11="Common Space"))),$E11,"") | BZ11: =IF(OR(AND($C11=4,NOT($K11=""),NOT($K11="PHA Oper Sub"),$B11=40,NOT($N11="Common Space")),AND($C11=4,NOT($K11=""),NOT($K11="PHA Oper Sub"),$B11="HOME 40",NOT($N11="Common Space"))),$E11,"") | CA11: =IF(OR(AND($C11="Efficiency",NOT($K11=""),NOT($K11="PHA Oper Sub"),NOT($K11=0),$B11=50,NOT($N11="Common Space")),AND($C11="Efficiency",NOT($K11=""),NOT($K11=0),NOT($K11="PHA Oper Sub"),$B11="HOME 50",NOT($N11="Common Space"))),$E11,"") | CB11: =IF(OR(AND($C11=1,NOT($K11=""),NOT($K11=0),NOT($K11="PHA Oper Sub"),$B11=50,NOT($N11="Common Space")),AND($C11=1,NOT($K11=""),NOT($K11=0),NOT($K11="PHA Oper Sub"),$B11="HOME 50",NOT($N11="Common Space"))),$E11,"") | CC11: =IF(OR(AND($C11=2,NOT($K11=""),NOT($K11=0),NOT($K11="PHA Oper Sub"),$B11=50,NOT($N11="Common Space")),AND($C11=2,NOT($K11=""),NOT($K11=0),NOT($K11="PHA Oper Sub"),$B11="HOME 50",NOT($N11="Common Space"))),$E11,"") | CD11: =IF(OR(AND($C11=3,NOT($K11=""),NOT($K11=0),NOT($K11="PHA Oper Sub"),$B11=50,NOT($N11="Common Space")),AND($C11=3,NOT($K11=""),NOT($K11=0),NOT($K11="PHA Oper Sub"),$B11="HOME 50",NOT($N11="Common Space"))),$E11,"") | CE11: =IF(OR(AND($C11=4,NOT($K11=""),NOT($K11=0),NOT($K11="PHA Oper Sub"),$B11=50,NOT($N11="Common Space")),AND($C11=4,NOT($K11=""),NOT($K11=0),NOT($K11="PHA Oper Sub"),$B11="HOME 50",NOT($N11="Common Space"))),$E11,"") | CF11: =IF(OR(AND($C11="Efficiency",NOT($K11=""),NOT($K11=0),NOT($K11="PHA Oper Sub"),$B11=60,NOT($N11="Common Space")),AND($C11="Efficiency",NOT($K11=""),NOT($K11=0),NOT($K11="PHA Oper Sub"),$B11="HOME 60",NOT($N11="Common Space"))),$E11,"") | CG11: =IF(OR(AND($C11=1,NOT($K11=""),NOT($K11=0),NOT($K11="PHA Oper Sub"),$B11=60,NOT($N11="Common Space")),AND($C11=1,NOT($K11=""),NOT($K11=0),NOT($K11="PHA Oper Sub"),$B11="HOME 60",NOT($N11="Common Space"))),$E11,"") | CH11: =IF(OR(AND($C11=2,NOT($K11=""),NOT($K11=0),NOT($K11="PHA Oper Sub"),$B11=60,NOT($N11="Common Space")),AND($C11=2,NOT($K11=""),NOT($K11=0),NOT($K11="PHA Oper Sub"),$B11="HOME 60",NOT($N11="Common Space"))),$E11,"") | CI11: =IF(OR(AND($C11=3,NOT($K11=""),NOT($K11=0),NOT($K11="PHA Oper Sub"),$B11=60,NOT($N11="Common Space")),AND($C11=3,NOT($K11=""),NOT($K11=0),NOT($K11="PHA Oper Sub"),$B11="HOME 60",NOT($N11="Common Space"))),$E11,"") | CJ11: =IF(OR(AND($C11=4,NOT($K11=""),NOT($K11=0),NOT($K11="PHA Oper Sub"),$B11=60,NOT($N11="Common Space")),AND($C11=4,NOT($K11=""),NOT($K11=0),NOT($K11="PHA Oper Sub"),$B11="HOME 60",NOT($N11="Common Space"))),$E11,"") | CK11: =IF(OR(AND($C11="Efficiency",NOT($K11=""),NOT($K11="PHA Oper Sub"),$B11=70,NOT($N11="Common Space")),AND($C11="Efficiency",NOT($K11=""),NOT($K11="PHA Oper Sub"),$B11="HOME 70",NOT($N11="Common Space"))),$E11,"") | CL11: =IF(OR(AND($C11=1,NOT($K11=""),NOT($K11="PHA Oper Sub"),$B11=70,NOT($N11="Common Space")),AND($C11=1,NOT($K11=""),NOT($K11="PHA Oper Sub"),$B11="HOME 70",NOT($N11="Common Space"))),$E11,"") | CM11: =IF(OR(AND($C11=2,NOT($K11=""),NOT($K11="PHA Oper Sub"),$B11=70,NOT($N11="Common Space")),AND($C11=2,NOT($K11=""),NOT($K11="PHA Oper Sub"),$B11="HOME 70",NOT($N11="Common Space"))),$E11,"") | CN11: =IF(OR(AND($C11=3,NOT($K11=""),NOT($K11="PHA Oper Sub"),$B11=70,NOT($N11="Common Space")),AND($C11=3,NOT($K11=""),NOT($K11="PHA Oper Sub"),$B11="HOME 70",NOT($N11="Common Space"))),$E11,"") | CO11: =IF(OR(AND($C11=4,NOT($K11=""),NOT($K11="PHA Oper Sub"),$B11=70,NOT($N11="Common Space")),AND($C11=4,NOT($K11=""),NOT($K11="PHA Oper Sub"),$B11="HOME 70",NOT($N11="Common Space"))),$E11,"") | CP11: =IF(OR(AND($C11="Efficiency",NOT($K11=""),NOT($K11="PHA Oper Sub"),$B11=80,NOT($N11="Common Space")),AND($C11="Efficiency",NOT($K11=""),NOT($K11="PHA Oper Sub"),$B11="HOME 80",NOT($N11="Common Space"))),$E11,"") | CQ11: =IF(OR(AND($C11=1,NOT($K11=""),NOT($K11="PHA Oper Sub"),$B11=80,NOT($N11="Common Space")),AND($C11=1,NOT($K11=""),NOT($K11="PHA Oper Sub"),$B11="HOME 80",NOT($N11="Common Space"))),$E11,"") | CR11: =IF(OR(AND($C11=2,NOT($K11=""),NOT($K11="PHA Oper Sub"),$B11=80,NOT($N11="Common Space")),AND($C11=2,NOT($K11=""),NOT($K11="PHA Oper Sub"),$B11="HOME 80",NOT($N11="Common Space"))),$E11,"") | CS11: =IF(OR(AND($C11=3,NOT($K11=""),NOT($K11="PHA Oper Sub"),$B11=80,NOT($N11="Common Space")),AND($C11=3,NOT($K11=""),NOT($K11="PHA Oper Sub"),$B11="HOME 80",NOT($N11="Common Space"))),$E11,"") | CT11: =IF(OR(AND($C11=4,NOT($K11=""),NOT($K11="PHA Oper Sub"),$B11=80,NOT($N11="Common Space")),AND($C11=4,NOT($K11=""),NOT($K11="PHA Oper Sub"),$B11="HOME 80",NOT($N11="Common Space"))),$E11,"") | CU11: =IF(OR(AND($C11="Efficiency",$K11="PHA Oper Sub",$B11=20,NOT($N11="Common Space")),AND($C11="Efficiency",$K11="PHA Oper Sub",$B11="HOME 20",NOT($N11="Common Space"))),$E11,"") | CV11: =IF(OR(AND($C11=1,$K11="PHA Oper Sub",$B11=20,NOT($N11="Common Space")),AND($C11=1,$K11="PHA Oper Sub",$B11="HOME 20",NOT($N11="Common Space"))),$E11,"") | CW11: =IF(OR(AND($C11=2,$K11="PHA Oper Sub",$B11=20,NOT($N11="Common Space")),AND($C11=2,$K11="PHA Oper Sub",$B11="HOME 20",NOT($N11="Common Space"))),$E11,"") | CX11: =IF(OR(AND($C11=3,$K11="PHA Oper Sub",$B11=20,NOT($N11="Common Space")),AND($C11=3,$K11="PHA Oper Sub",$B11="HOME 20",NOT($N11="Common Space"))),$E11,"") | CY11: =IF(OR(AND($C11=4,$K11="PHA Oper Sub",$B11=20,NOT($N11="Common Space")),AND($C11=4,$K11="PHA Oper Sub",$B11="HOME 20",NOT($N11="Common Space"))),$E11,"") | CZ11: =IF(OR(AND($C11="Efficiency",$K11="PHA Oper Sub",$B11=30,NOT($N11="Common Space")),AND($C11="Efficiency",$K11="PHA Oper Sub",$B11="HOME 30",NOT($N11="Common Space"))),$E11,"") | DA11: =IF(OR(AND($C11=1,$K11="PHA Oper Sub",$B11=30,NOT($N11="Common Space")),AND($C11=1,$K11="PHA Oper Sub",$B11="HOME 30",NOT($N11="Common Space"))),$E11,"") | DB11: =IF(OR(AND($C11=2,$K11="PHA Oper Sub",$B11=30,NOT($N11="Common Space")),AND($C11=2,$K11="PHA Oper Sub",$B11="HOME 30",NOT($N11="Common Space"))),$E11,"") | DC11: =IF(OR(AND($C11=3,$K11="PHA Oper Sub",$B11=30,NOT($N11="Common Space")),AND($C11=3,$K11="PHA Oper Sub",$B11="HOME 30",NOT($N11="Common Space"))),$E11,"") | DD11: =IF(OR(AND($C11=4,$K11="PHA Oper Sub",$B11=30,NOT($N11="Common Space")),AND($C11=4,$K11="PHA Oper Sub",$B11="HOME 30",NOT($N11="Common Space"))),$E11,"") | DE11: =IF(OR(AND($C11="Efficiency",$K11="PHA Oper Sub",$B11=40,NOT($N11="Common Space")),AND($C11="Efficiency",$K11="PHA Oper Sub",$B11="HOME 40",NOT($N11="Common Space"))),$E11,"") | DF11: =IF(OR(AND($C11=1,$K11="PHA Oper Sub",$B11=40,NOT($N11="Common Space")),AND($C11=1,$K11="PHA Oper Sub",$B11="HOME 40",NOT($N11="Common Space"))),$E11,"") | DG11: =IF(OR(AND($C11=2,$K11="PHA Oper Sub",$B11=40,NOT($N11="Common Space")),AND($C11=2,$K11="PHA Oper Sub",$B11="HOME 40",NOT($N11="Common Space"))),$E11,"") | DH11: =IF(OR(AND($C11=3,$K11="PHA Oper Sub",$B11=40,NOT($N11="Common Space")),AND($C11=3,$K11="PHA Oper Sub",$B11="HOME 40",NOT($N11="Common Space"))),$E11,"") | DI11: =IF(OR(AND($C11=4,$K11="PHA Oper Sub",$B11=40,NOT($N11="Common Space")),AND($C11=4,$K11="PHA Oper Sub",$B11="HOME 40",NOT($N11="Common Space"))),$E11,"") | DJ11: =IF(OR(AND($C11="Efficiency",$K11="PHA Oper Sub",$B11=50,NOT($N11="Common Space")),AND($C11="Efficiency",$K11="PHA Oper Sub",$B11="HOME 50",NOT($N11="Common Space"))),$E11,"") | DK11: =IF(OR(AND($C11=1,$K11="PHA Oper Sub",$B11=50,NOT($N11="Common Space")),AND($C11=1,$K11="PHA Oper Sub",$B11="HOME 50",NOT($N11="Common Space"))),$E11,"") | DL11: =IF(OR(AND($C11=2,$K11="PHA Oper Sub",$B11=50,NOT($N11="Common Space")),AND($C11=2,$K11="PHA Oper Sub",$B11="HOME 50",NOT($N11="Common Space"))),$E11,"") | DM11: =IF(OR(AND($C11=3,$K11="PHA Oper Sub",$B11=50,NOT($N11="Common Space")),AND($C11=3,$K11="PHA Oper Sub",$B11="HOME 50",NOT($N11="Common Space"))),$E11,"") | DN11: =IF(OR(AND($C11=4,$K11="PHA Oper Sub",$B11=50,NOT($N11="Common Space")),AND($C11=4,$K11="PHA Oper Sub",$B11="HOME 50",NOT($N11="Common Space"))),$E11,"") | DO11: =IF(OR(AND($C11="Efficiency",$K11="PHA Oper Sub",$B11=60,NOT($N11="Common Space")),AND($C11="Efficiency",$K11="PHA Oper Sub",$B11="HOME 60",NOT($N11="Common Space"))),$E11,"") | DP11: =IF(OR(AND($C11=1,$K11="PHA Oper Sub",$B11=60,NOT($N11="Common Space")),AND($C11=1,$K11="PHA Oper Sub",$B11="HOME 60",NOT($N11="Common Space"))),$E11,"") | DQ11: =IF(OR(AND($C11=2,$K11="PHA Oper Sub",$B11=60,NOT($N11="Common Space")),AND($C11=2,$K11="PHA Oper Sub",$B11="HOME 60",NOT($N11="Common Space"))),$E11,"") | DR11: =IF(OR(AND($C11=3,$K11="PHA Oper Sub",$B11=60,NOT($N11="Common Space")),AND($C11=3,$K11="PHA Oper Sub",$B11="HOME 60",NOT($N11="Common Space"))),$E11,"") | DS11: =IF(OR(AND($C11=4,$K11="PHA Oper Sub",$B11=60,NOT($N11="Common Space")),AND($C11=4,$K11="PHA Oper Sub",$B11="HOME 60",NOT($N11="Common Space"))),$E11,"") | DT11: =IF(OR(AND($C11="Efficiency",$K11="PHA Oper Sub",$B11=70,NOT($N11="Common Space")),AND($C11="Efficiency",$K11="PHA Oper Sub",$B11="HOME 70",NOT($N11="Common Space"))),$E11,"") | DU11: =IF(OR(AND($C11=1,$K11="PHA Oper Sub",$B11=70,NOT($N11="Common Space")),AND($C11=1,$K11="PHA Oper Sub",$B11="HOME 70",NOT($N11="Common Space"))),$E11,"") | DV11: =IF(OR(AND($C11=2,$K11="PHA Oper Sub",$B11=70,NOT($N11="Common Space")),AND($C11=2,$K11="PHA Oper Sub",$B11="HOME 70",NOT($N11="Common Space"))),$E11,"") | DW11: =IF(OR(AND($C11=3,$K11="PHA Oper Sub",$B11=70,NOT($N11="Common Space")),AND($C11=3,$K11="PHA Oper Sub",$B11="HOME 70",NOT($N11="Common Space"))),$E11,"") | DX11: =IF(OR(AND($C11=4,$K11="PHA Oper Sub",$B11=70,NOT($N11="Common Space")),AND($C11=4,$K11="PHA Oper Sub",$B11="HOME 70",NOT($N11="Common Space"))),$E11,"") | DY11: =IF(OR(AND($C11="Efficiency",$K11="PHA Oper Sub",$B11=80,NOT($N11="Common Space")),AND($C11="Efficiency",$K11="PHA Oper Sub",$B11="HOME 80",NOT($N11="Common Space"))),$E11,"") | DZ11: =IF(OR(AND($C11=1,$K11="PHA Oper Sub",$B11=80,NOT($N11="Common Space")),AND($C11=1,$K11="PHA Oper Sub",$B11="HOME 80",NOT($N11="Common Space"))),$E11,"") | EA11: =IF(OR(AND($C11=2,$K11="PHA Oper Sub",$B11=80,NOT($N11="Common Space")),AND($C11=2,$K11="PHA Oper Sub",$B11="HOME 80",NOT($N11="Common Space"))),$E11,"") | EB11: =IF(OR(AND($C11=3,$K11="PHA Oper Sub",$B11=80,NOT($N11="Common Space")),AND($C11=3,$K11="PHA Oper Sub",$B11="HOME 80",NOT($N11="Common Space"))),$E11,"") | EC11: =IF(OR(AND($C11=4,$K11="PHA Oper Sub",$B11=80,NOT($N11="Common Space")),AND($C11=4,$K11="PHA Oper Sub",$B11="HOME 80",NOT($N11="Common Space"))),$E11,"") | ED11: =IF(OR(AND($C11="Efficiency",$K11="PBV",$B11=20,NOT($N11="Common Space")),AND($C11="Efficiency",$K11="PBV",$B11="HOME 20",NOT($N11="Common Space"))),$E11,"") | EE11: =IF(OR(AND($C11=1,$K11="PBV",$B11=20,NOT($N11="Common Space")),AND($C11=1,$K11="PBV",$B11="HOME 20",NOT($N11="Common Space"))),$E11,"") | EF11: =IF(OR(AND($C11=2,$K11="PBV",$B11=20,NOT($N11="Common Space")),AND($C11=2,$K11="PBV",$B11="HOME 20",NOT($N11="Common Space"))),$E11,"") | EG11: =IF(OR(AND($C11=3,$K11="PBV",$B11=20,NOT($N11="Common Space")),AND($C11=3,$K11="PBV",$B11="HOME 20",NOT($N11="Common Space"))),$E11,"") | EH11: =IF(OR(AND($C11=4,$K11="PBV",$B11=20,NOT($N11="Common Space")),AND($C11=4,$K11="PBV",$B11="HOME 20",NOT($N11="Common Space"))),$E11,"") | EI11: =IF(OR(AND($C11="Efficiency",$K11="PBV",$B11=30,NOT($N11="Common Space")),AND($C11="Efficiency",$K11="PBV",$B11="HOME 30",NOT($N11="Common Space"))),$E11,"") | EJ11: =IF(OR(AND($C11=1,$K11="PBV",$B11=30,NOT($N11="Common Space")),AND($C11=1,$K11="PBV",$B11="HOME 30",NOT($N11="Common Space"))),$E11,"") | EK11: =IF(OR(AND($C11=2,$K11="PBV",$B11=30,NOT($N11="Common Space")),AND($C11=2,$K11="PBV",$B11="HOME 30",NOT($N11="Common Space"))),$E11,"") | EL11: =IF(OR(AND($C11=3,$K11="PBV",$B11=30,NOT($N11="Common Space")),AND($C11=3,$K11="PBV",$B11="HOME 30",NOT($N11="Common Space"))),$E11,"") | EM11: =IF(OR(AND($C11=4,$K11="PBV",$B11=30,NOT($N11="Common Space")),AND($C11=4,$K11="PBV",$B11="HOME 30",NOT($N11="Common Space"))),$E11,"") | EN11: =IF(OR(AND($C11="Efficiency",$K11="PBV",$B11=40,NOT($N11="Common Space")),AND($C11="Efficiency",$K11="PBV",$B11="HOME 40",NOT($N11="Common Space"))),$E11,"") | EO11: =IF(OR(AND($C11=1,$K11="PBV",$B11=40,NOT($N11="Common Space")),AND($C11=1,$K11="PBV",$B11="HOME 40",NOT($N11="Common Space"))),$E11,"") | EP11: =IF(OR(AND($C11=2,$K11="PBV",$B11=40,NOT($N11="Common Space")),AND($C11=2,$K11="PBV",$B11="HOME 40",NOT($N11="Common Space"))),$E11,"") | EQ11: =IF(OR(AND($C11=3,$K11="PBV",$B11=40,NOT($N11="Common Space")),AND($C11=3,$K11="PBV",$B11="HOME 40",NOT($N11="Common Space"))),$E11,"") | ER11: =IF(OR(AND($C11=4,$K11="PBV",$B11=40,NOT($N11="Common Space")),AND($C11=4,$K11="PBV",$B11="HOME 40",NOT($N11="Common Space"))),$E11,"") | ES11: =IF(OR(AND($C11="Efficiency",$K11="PBV",$B11=50,NOT($N11="Common Space")),AND($C11="Efficiency",$K11="PBV",$B11="HOME 50",NOT($N11="Common Space"))),$E11,"") | ET11: =IF(OR(AND($C11=1,$K11="PBV",$B11=50,NOT($N11="Common Space")),AND($C11=1,$K11="PBV",$B11="HOME 50",NOT($N11="Common Space"))),$E11,"") | EU11: =IF(OR(AND($C11=2,$K11="PBV",$B11=50,NOT($N11="Common Space")),AND($C11=2,$K11="PBV",$B11="HOME 50",NOT($N11="Common Space"))),$E11,"") | EV11: =IF(OR(AND($C11=3,$K11="PBV",$B11=50,NOT($N11="Common Space")),AND($C11=3,$K11="PBV",$B11="HOME 50",NOT($N11="Common Space"))),$E11,"") | EW11: =IF(OR(AND($C11=4,$K11="PBV",$B11=50,NOT($N11="Common Space")),AND($C11=4,$K11="PBV",$B11="HOME 50",NOT($N11="Common Space"))),$E11,"") | EX11: =IF(OR(AND($C11="Efficiency",$K11="PBV",$B11=60,NOT($N11="Common Space")),AND($C11="Efficiency",$K11="PBV",$B11="HOME 60",NOT($N11="Common Space"))),$E11,"") | EY11: =IF(OR(AND($C11=1,$K11="PBV",$B11=60,NOT($N11="Common Space")),AND($C11=1,$K11="PBV",$B11="HOME 60",NOT($N11="Common Space"))),$E11,"") | EZ11: =IF(OR(AND($C11=2,$K11="PBV",$B11=60,NOT($N11="Common Space")),AND($C11=2,$K11="PBV",$B11="HOME 60",NOT($N11="Common Space"))),$E11,"") | FA11: =IF(OR(AND($C11=3,$K11="PBV",$B11=60,NOT($N11="Common Space")),AND($C11=3,$K11="PBV",$B11="HOME 60",NOT($N11="Common Space"))),$E11,"") | FB11: =IF(OR(AND($C11=4,$K11="PBV",$B11=60,NOT($N11="Common Space")),AND($C11=4,$K11="PBV",$B11="HOME 60",NOT($N11="Common Space"))),$E11,"") | FC11: =IF(OR(AND($C11="Efficiency",$K11="PBV",$B11=70,NOT($N11="Common Space")),AND($C11="Efficiency",$K11="PBV",$B11="HOME 70",NOT($N11="Common Space"))),$E11,"") | FD11: =IF(OR(AND($C11=1,$K11="PBV",$B11=70,NOT($N11="Common Space")),AND($C11=1,$K11="PBV",$B11="HOME 70",NOT($N11="Common Space"))),$E11,"") | FE11: =IF(OR(AND($C11=2,$K11="PBV",$B11=70,NOT($N11="Common Space")),AND($C11=2,$K11="PBV",$B11="HOME 70",NOT($N11="Common Space"))),$E11,"") | FF11: =IF(OR(AND($C11=3,$K11="PBV",$B11=70,NOT($N11="Common Space")),AND($C11=3,$K11="PBV",$B11="HOME 70",NOT($N11="Common Space"))),$E11,"") | FG11: =IF(OR(AND($C11=4,$K11="PBV",$B11=70,NOT($N11="Common Space")),AND($C11=4,$K11="PBV",$B11="HOME 70",NOT($N11="Common Space"))),$E11,"") | FH11: =IF(OR(AND($C11="Efficiency",$K11="PBV",$B11=80,NOT($N11="Common Space")),AND($C11="Efficiency",$K11="PBV",$B11="HOME 80",NOT($N11="Common Space"))),$E11,"") | FI11: =IF(OR(AND($C11=1,$K11="PBV",$B11=80,NOT($N11="Common Space")),AND($C11=1,$K11="PBV",$B11="HOME 80",NOT($N11="Common Space"))),$E11,"") | FJ11: =IF(OR(AND($C11=2,$K11="PBV",$B11=80,NOT($N11="Common Space")),AND($C11=2,$K11="PBV",$B11="HOME 80",NOT($N11="Common Space"))),$E11,"") | FK11: =IF(OR(AND($C11=3,$K11="PBV",$B11=80,NOT($N11="Common Space")),AND($C11=3,$K11="PBV",$B11="HOME 80",NOT($N11="Common Space"))),$E11,"") | FL11: =IF(OR(AND($C11=4,$K11="PBV",$B11=80,NOT($N11="Common Space")),AND($C11=4,$K11="PBV",$B11="HOME 80",NOT($N11="Common Space"))),$E11,"") | FM11: =IF(AND(C11="Efficiency",N11="Common Space"),E11,"") | FN11: =IF(AND(C11=1,N11="Common Space"),E11,"") | FO11: =IF(AND(C11=2,N11="Common Space"),E11,"") | FP11: =IF(AND(C11=3,N11="Common Space"),E11,"") | FQ11: =IF(AND(C11=4,N11="Common Space"),E11,"") | FR11: =IF(OR(AND($C11="Efficiency",$B11=80,NOT($N11="Common Space")),AND($C11="Efficiency",$B11="HOME 80",NOT($N11="Common Space"))),$E11*$F11,"") | FS11: =IF(OR(AND($C11=1,$B11=80,NOT($N11="Common Space")),AND($C11=1,$B11="HOME 80",NOT($N11="Common Space"))),$E11*$F11,"") | FT11: =IF(OR(AND($C11=2,$B11=80,NOT($N11="Common Space")),AND($C11=2,$B11="HOME 80",NOT($N11="Common Space"))),$E11*$F11,"") | FU11: =IF(OR(AND($C11=3,$B11=80,NOT($N11="Common Space")),AND($C11=3,$B11="HOME 80",NOT($N11="Common Space"))),$E11*$F11,"") | FV11: =IF(OR(AND($C11=4,$B11=80,NOT($N11="Common Space")),AND($C11=4,$B11="HOME 80",NOT($N11="Common Space"))),$E11*$F11,"") | FW11: =IF(OR(AND($C11="Efficiency",$B11=70,NOT($N11="Common Space")),AND($C11="Efficiency",$B11="HOME 70",NOT($N11="Common Space"))),$E11*$F11,"") | FX11: =IF(OR(AND($C11=1,$B11=70,NOT($N11="Common Space")),AND($C11=1,$B11="HOME 70",NOT($N11="Common Space"))),$E11*$F11,"") | FY11: =IF(OR(AND($C11=2,$B11=70,NOT($N11="Common Space")),AND($C11=2,$B11="HOME 70",NOT($N11="Common Space"))),$E11*$F11,"") | FZ11: =IF(OR(AND($C11=3,$B11=70,NOT($N11="Common Space")),AND($C11=3,$B11="HOME 70",NOT($N11="Common Space"))),$E11*$F11,"") | GA11: =IF(OR(AND($C11=4,$B11=70,NOT($N11="Common Space")),AND($C11=4,$B11="HOME 70",NOT($N11="Common Space"))),$E11*$F11,"") | GB11: =IF(OR(AND($C11="Efficiency",$B11=60,NOT($N11="Common Space")),AND($C11="Efficiency",$B11="HOME 60",NOT($N11="Common Space"))),$E11*$F11,"") | GC11: =IF(OR(AND($C11=1,$B11=60,NOT($N11="Common Space")),AND($C11=1,$B11="HOME 60",NOT($N11="Common Space"))),$E11*$F11,"") | GD11: =IF(OR(AND($C11=2,$B11=60,NOT($N11="Common Space")),AND($C11=2,$B11="HOME 60",NOT($N11="Common Space"))),$E11*$F11,"") | GE11: =IF(OR(AND($C11=3,$B11=60,NOT($N11="Common Space")),AND($C11=3,$B11="HOME 60",NOT($N11="Common Space"))),$E11*$F11,"") | GF11: =IF(OR(AND($C11=4,$B11=60,NOT($N11="Common Space")),AND($C11=4,$B11="HOME 60",NOT($N11="Common Space"))),$E11*$F11,"") | GG11: =IF(OR(AND($C11="Efficiency",$B11=50,NOT($N11="Common Space")),AND($C11="Efficiency",$B11="HOME 50",NOT($N11="Common Space"))),$E11*$F11,"") | GH11: =IF(OR(AND($C11=1,$B11=50,NOT($N11="Common Space")),AND($C11=1,$B11="HOME 50",NOT($N11="Common Space"))),$E11*$F11,"") | GI11: =IF(OR(AND($C11=2,$B11=50,NOT($N11="Common Space")),AND($C11=2,$B11="HOME 50",NOT($N11="Common Space"))),$E11*$F11,"") | GJ11: =IF(OR(AND($C11=3,$B11=50,NOT($N11="Common Space")),AND($C11=3,$B11="HOME 50",NOT($N11="Common Space"))),$E11*$F11,"") | GK11: =IF(OR(AND($C11=4,$B11=50,NOT($N11="Common Space")),AND($C11=4,$B11="HOME 50",NOT($N11="Common Space"))),$E11*$F11,"") | GL11: =IF(OR(AND($C11="Efficiency",$B11=40,NOT($N11="Common Space")),AND($C11="Efficiency",$B11="HOME 40",NOT($N11="Common Space"))),$E11*$F11,"") | GM11: =IF(OR(AND($C11=1,$B11=40,NOT($N11="Common Space")),AND($C11=1,$B11="HOME 40",NOT($N11="Common Space"))),$E11*$F11,"") | GN11: =IF(OR(AND($C11=2,$B11=40,NOT($N11="Common Space")),AND($C11=2,$B11="HOME 40",NOT($N11="Common Space"))),$E11*$F11,"") | GO11: =IF(OR(AND($C11=3,$B11=40,NOT($N11="Common Space")),AND($C11=3,$B11="HOME 40",NOT($N11="Common Space"))),$E11*$F11,"") | GP11: =IF(OR(AND($C11=4,$B11=40,NOT($N11="Common Space")),AND($C11=4,$B11="HOME 40",NOT($N11="Common Space"))),$E11*$F11,"") | GQ11: =IF(OR(AND($C11="Efficiency",$B11=30,NOT($N11="Common Space")),AND($C11="Efficiency",$B11="HOME 30",NOT($N11="Common Space"))),$E11*$F11,"") | GR11: =IF(OR(AND($C11=1,$B11=30,NOT($N11="Common Space")),AND($C11=1,$B11="HOME 30",NOT($N11="Common Space"))),$E11*$F11,"") | GS11: =IF(OR(AND($C11=2,$B11=30,NOT($N11="Common Space")),AND($C11=2,$B11="HOME 30",NOT($N11="Common Space"))),$E11*$F11,"") | GT11: =IF(OR(AND($C11=3,$B11=30,NOT($N11="Common Space")),AND($C11=3,$B11="HOME 30",NOT($N11="Common Space"))),$E11*$F11,"") | GU11: =IF(OR(AND($C11=4,$B11=30,NOT($N11="Common Space")),AND($C11=4,$B11="HOME 30",NOT($N11="Common Space"))),$E11*$F11,"") | GV11: =IF(OR(AND($C11="Efficiency",$B11=20,NOT($N11="Common Space")),AND($C11="Efficiency",$B11="HOME 20",NOT($N11="Common Space"))),$E11*$F11,"") | GW11: =IF(OR(AND($C11=1,$B11=20,NOT($N11="Common Space")),AND($C11=1,$B11="HOME 20",NOT($N11="Common Space"))),$E11*$F11,"") | GX11: =IF(OR(AND($C11=2,$B11=20,NOT($N11="Common Space")),AND($C11=2,$B11="HOME 20",NOT($N11="Common Space"))),$E11*$F11,"") | GY11: =IF(OR(AND($C11=3,$B11=20,NOT($N11="Common Space")),AND($C11=3,$B11="HOME 20",NOT($N11="Common Space"))),$E11*$F11,"") | GZ11: =IF(OR(AND($C11=4,$B11=20,NOT($N11="Common Space")),AND($C11=4,$B11="HOME 20",NOT($N11="Common Space"))),$E11*$F11,"") | HA11: =IF(AND(C11="Efficiency",B11="Unrestricted",NOT(N11="Common Space")),E11*F11,"") | HB11: =IF(AND(C11=1,B11="Unrestricted",NOT(N11="Common Space")),E11*F11,"") | HC11: =IF(AND(C11=2,B11="Unrestricted",NOT(N11="Common Space")),E11*F11,"") | HD11: =IF(AND(C11=3,B11="Unrestricted",NOT(N11="Common Space")),E11*F11,"") | HE11: =IF(AND(C11=4,B11="Unrestricted",NOT(N11="Common Space")),E11*F11,"") | HF11: =IF(AND(C11="Efficiency",NOT(K11=""),NOT($K11=0),NOT(N11="Common Space")),E11*F11,"") | HG11: =IF(AND(C11=1,NOT(K11=""),NOT($K11=0),NOT(N11="Common Space")),E11*F11,"") | HH11: =IF(AND(C11=2,NOT(K11=""),NOT($K11=0),NOT(N11="Common Space")),E11*F11,"") | HI11: =IF(AND(C11=3,NOT(K11=""),NOT($K11=0),NOT(N11="Common Space")),E11*F11,"") | HJ11: =IF(AND(C11=4,NOT(K11=""),NOT($K11=0),NOT(N11="Common Space")),E11*F11,"") | HK11: =IF(AND(C11="Efficiency",N11="Common Space"),E11*F11,"") | HL11: =IF(AND(C11=1,N11="Common Space"),E11*F11,"") | HM11: =IF(AND(C11=2,N11="Common Space"),E11*F11,"") | HN11: =IF(AND(C11=3,N11="Common Space"),E11*F11,"") | HO11: =IF(AND(C11=4,N11="Common Space"),E11*F11,"") | HP11: =IF(AND($C11="Efficiency", $P11="New Construction",NOT($B11="Unrestricted"),NOT($B11="NSP 120"),NOT($B11="N/A-CS"),NOT($N11="Common Space")),$E11,"") | HQ11: =IF(AND($C11=1, $P11="New Construction",NOT($B11="Unrestricted"),NOT($B11="NSP 120"),NOT($B11="N/A-CS"),NOT($N11="Common Space")),$E11,"") | HR11: =IF(AND($C11=2, $P11="New Construction",NOT($B11="Unrestricted"),NOT($B11="NSP 120"),NOT($B11="N/A-CS"),NOT($N11="Common Space")),$E11,"") | HS11: =IF(AND($C11=3, $P11="New Construction",NOT($B11="Unrestricted"),NOT($B11="NSP 120"),NOT($B11="N/A-CS"),NOT($N11="Common Space")),$E11,"") | HT11: =IF(AND($C11=4, $P11="New Construction",NOT($B11="Unrestricted"),NOT($B11="NSP 120"),NOT($B11="N/A-CS"),NOT($N11="Common Space")),$E11,"") | HU11: =IF(AND($C11="Efficiency", $P11="New Construction",$B11="Unrestricted",NOT($B11="N/A-CS"),NOT($N11="Common Space")),$E11,"") | HV11: =IF(AND($C11=1, $P11="New Construction",$B11="Unrestricted",NOT($B11="N/A-CS"),NOT($N11="Common Space")),$E11,"") | HW11: =IF(AND($C11=2, $P11="New Construction",$B11="Unrestricted",NOT($B11="N/A-CS"),NOT($N11="Common Space")),$E11,"") | HX11: =IF(AND($C11=3, $P11="New Construction",$B11="Unrestricted",NOT($B11="N/A-CS"),NOT($N11="Common Space")),$E11,"") | HY11: =IF(AND($C11=4, $P11="New Construction",$B11="Unrestricted",NOT($B11="N/A-CS"),NOT($N11="Common Space")),$E11,"") | HZ11: =IF(AND($C11="Efficiency", $P11="New Construction",$B11="N/A-CS",$N11="Common Space"),$E11,"") | IA11: =IF(AND($C11=1, $P11="New Construction",$B11="N/A-CS",$N11="Common Space"),$E11,"") | IB11: =IF(AND($C11=2, $P11="New Construction",$B11="N/A-CS",$N11="Common Space"),$E11,"") | IC11: =IF(AND($C11=3, $P11="New Construction",$B11="N/A-CS",$N11="Common Space"),$E11,"") | ID11: =IF(AND($C11=4, $P11="New Construction",$B11="N/A-CS",$N11="Common Space"),$E11,"") | IE11: =IF(AND($C11="Efficiency", $P11="Acquisition/Rehab",NOT($B11="Unrestricted"),NOT($B11="NSP 120"),NOT($B11="N/A-CS"),NOT($N11="Common Space")),$E11,"") | IF11: =IF(AND($C11=1, $P11="Acquisition/Rehab",NOT($B11="Unrestricted"),NOT($B11="NSP 120"),NOT($B11="N/A-CS"),NOT($N11="Common Space")),$E11,"") | IG11: =IF(AND($C11=2, $P11="Acquisition/Rehab",NOT($B11="Unrestricted"),NOT($B11="NSP 120"),NOT($B11="N/A-CS"),NOT($N11="Common Space")),$E11,"") | IH11: =IF(AND($C11=3, $P11="Acquisition/Rehab",NOT($B11="Unrestricted"),NOT($B11="NSP 120"),NOT($B11="N/A-CS"),NOT($N11="Common Space")),$E11,"") | II11: =IF(AND($C11=4, $P11="Acquisition/Rehab",NOT($B11="Unrestricted"),NOT($B11="NSP 120"),NOT($B11="N/A-CS"),NOT($N11="Common Space")),$E11,"") | IJ11: =IF(AND($C11="Efficiency", $P11="Acquisition/Rehab",$B11="Unrestricted",NOT($B11="N/A-CS"),NOT($N11="Common Space")),$E11,"") | IK11: =IF(AND($C11=1, $P11="Acquisition/Rehab",$B11="Unrestricted",NOT($B11="N/A-CS"),NOT($N11="Common Space")),$E11,"") | IL11: =IF(AND($C11=2, $P11="Acquisition/Rehab",$B11="Unrestricted",NOT($B11="N/A-CS"),NOT($N11="Common Space")),$E11,"") | IM11: =IF(AND($C11=3, $P11="Acquisition/Rehab",$B11="Unrestricted",NOT($B11="N/A-CS"),NOT($N11="Common Space")),$E11,"") | IN11: =IF(AND($C11=4, $P11="Acquisition/Rehab",$B11="Unrestricted",NOT($B11="N/A-CS"),NOT($N11="Common Space")),$E11,"") | IO11: =IF(AND($C11="Efficiency", $P11="Acquisition/Rehab",$B11="N/A-CS",$N11="Common Space"),$E11,"") | IP11: =IF(AND($C11=1, $P11="Acquisition/Rehab",$B11="N/A-CS",$N11="Common Space"),$E11,"") | IQ11: =IF(AND($C11=2, $P11="Acquisition/Rehab",$B11="N/A-CS",$N11="Common Space"),$E11,"") | IR11: =IF(AND($C11=3, $P11="Acquisition/Rehab",$B11="N/A-CS",$N11="Common Space"),$E11,"") | IS11: =IF(AND($C11=4, $P11="Acquisition/Rehab",$B11="N/A-CS",$N11="Common Space"),$E11,"") | IT11: =IF(AND($C11="Efficiency", $P11="Rehabilitation",NOT($B11="Unrestricted"),NOT($B11="NSP 120"),NOT($B11="N/A-CS"),NOT($N11="Common Space")),$E11,"") | IU11: =IF(AND($C11=1, $P11="Rehabilitation",NOT($B11="Unrestricted"),NOT($B11="NSP 120"),NOT($B11="N/A-CS"),NOT($N11="Common Space")),$E11,"") | IV11: =IF(AND($C11=2, $P11="Rehabilitation",NOT($B11="Unrestricted"),NOT($B11="NSP 120"),NOT($B11="N/A-CS"),NOT($N11="Common Space")),$E11,"") | IW11: =IF(AND($C11=3, $P11="Rehabilitation",NOT($B11="Unrestricted"),NOT($B11="NSP 120"),NOT($B11="N/A-CS"),NOT($N11="Common Space")),$E11,"") | IX11: =IF(AND($C11=4, $P11="Rehabilitation",NOT($B11="Unrestricted"),NOT($B11="NSP 120"),NOT($B11="N/A-CS"),NOT($N11="Common Space")),$E11,"") | IY11: =IF(AND($C11="Efficiency", $P11="Rehabilitation",$B11="Unrestricted",NOT($B11="N/A-CS"),NOT($N11="Common Space")),$E11,"") | IZ11: =IF(AND($C11=1, $P11="Rehabilitation",$B11="Unrestricted",NOT($B11="N/A-CS"),NOT($N11="Common Space")),$E11,"") | JA11: =IF(AND($C11=2, $P11="Rehabilitation",$B11="Unrestricted",NOT($B11="N/A-CS"),NOT($N11="Common Space")),$E11,"") | JB11: =IF(AND($C11=3, $P11="Rehabilitation",$B11="Unrestricted",NOT($B11="N/A-CS"),NOT($N11="Common Space")),$E11,"") | JC11: =IF(AND($C11=4, $P11="Rehabilitation",$B11="Unrestricted",NOT($B11="N/A-CS"),NOT($N11="Common Space")),$E11,"") | JD11: =IF(AND($C11="Efficiency", $P11="Rehabilitation",$B11="N/A-CS",$N11="Common Space"),$E11,"") | JE11: =IF(AND($C11=1, $P11="Rehabilitation",$B11="N/A-CS",$N11="Common Space"),$E11,"") | JF11: =IF(AND($C11=2, $P11="Rehabilitation",$B11="N/A-CS",$N11="Common Space"),$E11,"") | JG11: =IF(AND($C11=3, $P11="Rehabilitation",$B11="N/A-CS",$N11="Common Space"),$E11,"") | JH11: =IF(AND($C11=4, $P11="Rehabilitation",$B11="N/A-CS",$N11="Common Space"),$E11,"") | JI11: =IF(AND($C11="Efficiency", NOT(OR($O11="SF Detached",$O11="Mfd Home",$O11="Semi-Detached",$O11="Row House/TH"))),$E11,"") | JJ11: =IF(AND($C11=1, NOT(OR($O11="SF Detached",$O11="Mfd Home",$O11="Semi-Detached",$O11="Row House/TH"))),$E11,"") | JK11: =IF(AND($C11=2, NOT(OR($O11="SF Detached",$O11="Mfd Home",$O11="Semi-Detached",$O11="Row House/TH"))),$E11,"") | JL11: =IF(AND($C11=3, NOT(OR($O11="SF Detached",$O11="Mfd Home",$O11="Semi-Detached",$O11="Row House/TH"))),$E11,"") | JM11: =IF(AND($C11=4, NOT(OR($O11="SF Detached",$O11="Mfd Home",$O11="Semi-Detached",$O11="Row House/TH"))),$E11,"") | JN11: =IF(AND($C11="Efficiency", $O11="SF Detached",NOT($Q11="Yes")),$E11,"") | JO11: =IF(AND($C11=1, $O11="SF Detached",NOT($Q11="Yes")),$E11,"") | JP11: =IF(AND($C11=2, $O11="SF Detached",NOT($Q11="Yes")),$E11,"") | JQ11: =IF(AND($C11=3, $O11="SF Detached",NOT($Q11="Yes")),$E11,"") | JR11: =IF(AND($C11=4, $O11="SF Detached",NOT($Q11="Yes")),$E11,"") | JS11: =IF(AND($C11="Efficiency", $O11="SF Detached",$Q11="Yes"),$E11,"") | JT11: =IF(AND($C11=1, $O11="SF Detached",$Q11="Yes"),$E11,"") | JU11: =IF(AND($C11=2, $O11="SF Detached",$Q11="Yes"),$E11,"") | JV11: =IF(AND($C11=3, $O11="SF Detached",$Q11="Yes"),$E11,"") | JW11: =IF(AND($C11=4, $O11="SF Detached",$Q11="Yes"),$E11,"") | JX11: =IF(AND($C11="Efficiency", $O11="Mfd Home",NOT($Q11="Yes")),$E11,"") | JY11: =IF(AND($C11=1, $O11="Mfd Home",NOT($Q11="Yes")),$E11,"") | JZ11: =IF(AND($C11=2, $O11="Mfd Home",NOT($Q11="Yes")),$E11,"") | KA11: =IF(AND($C11=3, $O11="Mfd Home",NOT($Q11="Yes")),$E11,"") | KB11: =IF(AND($C11=4, $O11="Mfd Home",NOT($Q11="Yes")),$E11,"") | KC11: =IF(AND($C11="Efficiency", $O11="Mfd Home",$Q11="Yes"),$E11,"") | KD11: =IF(AND($C11=1, $O11="Mfd Home",$Q11="Yes"),$E11,"") | KE11: =IF(AND($C11=2, $O11="Mfd Home",$Q11="Yes"),$E11,"") | KF11: =IF(AND($C11=3, $O11="Mfd Home",$Q11="Yes"),$E11,"") | KG11: =IF(AND($C11=4, $O11="Mfd Home",$Q11="Yes"),$E11,"") | KH11: =IF(AND($C11="Efficiency", $O11="Semi-Detached",NOT($Q11="Yes")),$E11,"") | KI11: =IF(AND($C11=1, $O11="Semi-Detached",NOT($Q11="Yes")),$E11,"") | KJ11: =IF(AND($C11=2, $O11="Semi-Detached",NOT($Q11="Yes")),$E11,"") | KK11: =IF(AND($C11=3, $O11="Semi-Detached",NOT($Q11="Yes")),$E11,"") | KL11: =IF(AND($C11=4, $O11="Semi-Detached",NOT($Q11="Yes")),$E11,"") | KM11: =IF(AND($C11="Efficiency", $O11="Semi-Detached",$Q11="Yes"),$E11,"") | KN11: =IF(AND($C11=1, $O11="Semi-Detached",$Q11="Yes"),$E11,"") | KO11: =IF(AND($C11=2, $O11="Semi-Detached",$Q11="Yes"),$E11,"") | KP11: =IF(AND($C11=3, $O11="Semi-Detached",$Q11="Yes"),$E11,"") | KQ11: =IF(AND($C11=4, $O11="Semi-Detached",$Q11="Yes"),$E11,"") | KR11: =IF(AND($C11="Efficiency", $O11="Row House/TH",NOT($Q11="Yes")),$E11,"") | KS11: =IF(AND($C11=1, $O11="Row House/TH",NOT($Q11="Yes")),$E11,"") | KT11: =IF(AND($C11=2, $O11="Row House/TH",NOT($Q11="Yes")),$E11,"") | KU11: =IF(AND($C11=3, $O11="Row House/TH",NOT($Q11="Yes")),$E11,"") | KV11: =IF(AND($C11=4, $O11="Row House/TH",NOT($Q11="Yes")),$E11,"") | KW11: =IF(AND($C11="Efficiency", $O11="Row House/TH",$Q11="Yes"),$E11,"") | KX11: =IF(AND($C11=1, $O11="Row House/TH",$Q11="Yes"),$E11,"") | KY11: =IF(AND($C11=2, $O11="Row House/TH",$Q11="Yes"),$E11,"") | KZ11: =IF(AND($C11=3, $O11="Row House/TH",$Q11="Yes"),$E11,"") | LA11: =IF(AND($C11=4, $O11="Row House/TH",$Q11="Yes"),$E11,"") | LB11: =IF(AND($C11="Efficiency", $O11="Low-Rise Apt",NOT($Q11="Yes")),$E11,"") | LC11: =IF(AND($C11=1, $O11="Low-Rise Apt",NOT($Q11="Yes")),$E11,"") | LD11: =IF(AND($C11=2, $O11="Low-Rise Apt",NOT($Q11="Yes")),$E11,"") | LE11: =IF(AND($C11=3, $O11="Low-Rise Apt",NOT($Q11="Yes")),$E11,"") | LF11: =IF(AND($C11=4, $O11="Low-Rise Apt",NOT($Q11="Yes")),$E11,"") | LG11: =IF(AND($C11="Efficiency", $O11="Low-Rise Elevator",NOT($Q11="Yes")),$E11,"") | LH11: =IF(AND($C11=1, $O11="Low-Rise Elevator",NOT($Q11="Yes")),$E11,"") | LI11: =IF(AND($C11=2, $O11="Low-Rise Elevator",NOT($Q11="Yes")),$E11,"") | LJ11: =IF(AND($C11=3, $O11="Low-Rise Elevator",NOT($Q11="Yes")),$E11,"") | LK11: =IF(AND($C11=4, $O11="Low-Rise Elevator",NOT($Q11="Yes")),$E11,"") | LL11: =IF(AND($C11="Efficiency", $O11="Low-Rise Apt",$Q11="Yes"),$E11,"") | LM11: =IF(AND($C11=1, $O11="Low-Rise Apt",$Q11="Yes"),$E11,"") | LN11: =IF(AND($C11=2, $O11="Low-Rise Apt",$Q11="Yes"),$E11,"") | LO11: =IF(AND($C11=3, $O11="Low-Rise Apt",$Q11="Yes"),$E11,"") | LP11: =IF(AND($C11=4, $O11="Low-Rise Apt",$Q11="Yes"),$E11,"") | LQ11: =IF(AND($C11="Efficiency", $O11="Low-Rise Elevator",$Q11="Yes"),$E11,"") | LR11: =IF(AND($C11=1, $O11="Low-Rise Elevator",$Q11="Yes"),$E11,"") | LS11: =IF(AND($C11=2, $O11="Low-Rise Elevator",$Q11="Yes"),$E11,"") | LT11: =IF(AND($C11=3, $O11="Low-Rise Elevator",$Q11="Yes"),$E11,"") | LU11: =IF(AND($C11=4, $O11="Low-Rise Elevator",$Q11="Yes"),$E11,"") | LV11: =IF(AND($C11="Efficiency", $O11="High-Rise Apt",NOT($Q11="Yes")),$E11,"") | LW11: =IF(AND($C11=1, $O11="High-Rise Apt",NOT($Q11="Yes")),$E11,"") | LX11: =IF(AND($C11=2, $O11="High-Rise Apt",NOT($Q11="Yes")),$E11,"") | LY11: =IF(AND($C11=3, $O11="High-Rise Apt",NOT($Q11="Yes")),$E11,"") | LZ11: =IF(AND($C11=4, $O11="High-Rise Apt",NOT($Q11="Yes")),$E11,"") | MA11: =IF(AND($C11="Efficiency", $O11="High-Rise Elevator",NOT($Q11="Yes")),$E11,"") | MB11: =IF(AND($C11=1, $O11="High-Rise Elevator",NOT($Q11="Yes")),$E11,"") | MC11: =IF(AND($C11=2, $O11="High-Rise Elevator",NOT($Q11="Yes")),$E11,"") | MD11: =IF(AND($C11=3, $O11="High-Rise Elevator",NOT($Q11="Yes")),$E11,"") | ME11: =IF(AND($C11=4, $O11="High-Rise Elevator",NOT($Q11="Yes")),$E11,"") | MF11: =IF(AND($C11="Efficiency", $O11="High-Rise Apt",$Q11="Yes"),$E11,"") | MG11: =IF(AND($C11=1, $O11="High-Rise Apt",$Q11="Yes"),$E11,"") | MH11: =IF(AND($C11=2, $O11="High-Rise Apt",$Q11="Yes"),$E11,"") | MI11: =IF(AND($C11=3, $O11="High-Rise Apt",$Q11="Yes"),$E11,"") | MJ11: =IF(AND($C11=4, $O11="High-Rise Apt",$Q11="Yes"),$E11,"") | MK11: =IF(AND($C11="Efficiency", $O11="High-Rise Elevator",$Q11="Yes"),$E11,"") | ML11: =IF(AND($C11=1, $O11="High-Rise Elevator",$Q11="Yes"),$E11,"") | MM11: =IF(AND($C11=2, $O11="High-Rise Elevator",$Q11="Yes"),$E11,"") | MN11: =IF(AND($C11=3, $O11="High-Rise Elevator",$Q11="Yes"),$E11,"") | MO11: =IF(AND($C11=4, $O11="High-Rise Elevator",$Q11="Yes"),$E11,"") | MP11: =IF(AND($B11="NSP 120% AMI",$C11="Efficiency", NOT($N11="Common Space")),$E11,"") | MQ11: =IF(AND($B11="NSP 120% AMI",$C11=1,NOT($N11="Common Space")),$E11,"") | MR11: =IF(AND($B11="NSP 120% AMI",$C11=2,NOT($N11="Common Space")),$E11,"") | MS11: =IF(AND($B11="NSP 120% AMI",$C11=3,NOT($N11="Common Space")),$E11,"") | MT11: =IF(AND($B11="NSP 120% AMI",$C11=4,NOT($N11="Common Space")),$E11,"") | MU11: =IF(AND(C11="Efficiency",B11="NSP 120% AMI",NOT(N11="Common Space")),E11*F11,"") | MV11: =IF(AND(C11=1,B11="NSP 120% AMI",NOT(N11="Common Space")),E11*F11,"") | MW11: =IF(AND(C11=2,B11="NSP 120% AMI",NOT(N11="Common Space")),E11*F11,"") | MX11: =IF(AND(C11=3,B11="NSP 120% AMI",NOT(N11="Common Space")),E11*F11,"") | MY11: =IF(AND(C11=4,B11="NSP 120% AMI",NOT(N11="Common Space")),E11*F11,"") | MZ11: =IF(AND($C11="Efficiency", $P11="New Construction",$B11="NSP 120% AMI",NOT($N11="Common Space")),$E11,"") | NA11: =IF(AND($C11=1, $P11="New Construction",$B11="NSP 120% AMI",NOT($N11="Common Space")),$E11,"") | NB11: =IF(AND($C11=2, $P11="New Construction",$B11="NSP 120% AMI",NOT($N11="Common Space")),$E11,"") | NC11: =IF(AND($C11=3, $P11="New Construction",$B11="NSP 120% AMI",NOT($N11="Common Space")),$E11,"") | ND11: =IF(AND($C11=4, $P11="New Construction",$B11="NSP 120% AMI",NOT($N11="Common Space")),$E11,"") | NE11: =IF(AND($C11="Efficiency", $P11="Acquisition/Rehab",$B11="NSP 120% AMI",NOT($N11="Common Space")),$E11,"") | NF11: =IF(AND($C11=1, $P11="Acquisition/Rehab",$B11="NSP 120% AMI",NOT($N11="Common Space")),$E11,"") | NG11: =IF(AND($C11=2, $P11="Acquisition/Rehab",$B11="NSP 120% AMI",NOT($N11="Common Space")),$E11,"") | NH11: =IF(AND($C11=3, $P11="Acquisition/Rehab",$B11="NSP 120% AMI",NOT($N11="Common Space")),$E11,"") | NI11: =IF(AND($C11=4, $P11="Acquisition/Rehab",$B11="NSP 120% AMI",NOT($N11="Common Space")),$E11,"") | NJ11: =IF(AND($C11="Efficiency", $P11="Rehabilitation",$B11="NSP 120% AMI",NOT($N11="Common Space")),$E11,"") | NK11: =IF(AND($C11=1, $P11="Rehabilitation",$B11="NSP 120% AMI",NOT($N11="Common Space")),$E11,"") | NL11: =IF(AND($C11=2, $P11="Rehabilitation",$B11="NSP 120% AMI",NOT($N11="Common Space")),$E11,"") | NM11: =IF(AND($C11=3, $P11="Rehabilitation",$B11="NSP 120% AMI",NOT($N11="Common Space")),$E11,"") | NN11: =IF(AND($C11=4, $P11="Rehabilitation",$B11="NSP 120% AMI",NOT($N11="Common Space")),$E11,"") | NO11: =IF(AND($C11="Efficiency",$E11>0,OR($O11="Low-Rise Apt",$O11="Low-Rise Elevator",$O11="High-Rise Apt",$O11="High-Rise Elevator",$O11="Row House/TH"),OR($P11="Acquisition/Rehab",$P11="Rehabilitation"),NOT($Q11="Yes")),$E11,0) -> 0 | NP11: =IF(AND($C11=1,$E11>0,OR($O11="Low-Rise Apt",$O11="Low-Rise Elevator",$O11="High-Rise Apt",$O11="High-Rise Elevator",$O11="Row House/TH"),OR($P11="Acquisition/Rehab",$P11="Rehabilitation"),NOT($Q11="Yes")),$E11,0) -> 0 | NQ11: =IF(AND($C11=2,$E11>0,OR($O11="Low-Rise Apt",$O11="Low-Rise Elevator",$O11="High-Rise Apt",$O11="High-Rise Elevator",$O11="Row House/TH"),OR($P11="Acquisition/Rehab",$P11="Rehabilitation"),NOT($Q11="Yes")),$E11,0) -> 0 | NR11: =IF(AND($C11=3,$E11>0,OR($O11="Low-Rise Apt",$O11="Low-Rise Elevator",$O11="High-Rise Apt",$O11="High-Rise Elevator",$O11="Row House/TH"),OR($P11="Acquisition/Rehab",$P11="Rehabilitation"),NOT($Q11="Yes")),$E11,0) -> 0 | NS11: =IF(AND($C11=4,$E11>0,OR($O11="Low-Rise Apt",$O11="Low-Rise Elevator",$O11="High-Rise Apt",$O11="High-Rise Elevator",$O11="Row House/TH"),OR($P11="Acquisition/Rehab",$P11="Rehabilitation"),NOT($Q11="Yes")),$E11,0) -> 0 | NT11: =IF(AND($C11="Efficiency",$E11>0,OR($O11="Low-Rise Apt",$O11="Low-Rise Elevator",$O11="High-Rise Apt",$O11="High-Rise Elevator",$O11="Row House/TH"),$P11="New Construction"),$E11,0) -> 0 | NU11: =IF(AND($C11=1,$E11>0,OR($O11="Low-Rise Apt",$O11="Low-Rise Elevator",$O11="High-Rise Apt",$O11="High-Rise Elevator",$O11="Row House/TH"),$P11="New Construction"),$E11,0) -> 0 | NV11: =IF(AND($C11=2,$E11>0,OR($O11="Low-Rise Apt",$O11="Low-Rise Elevator",$O11="High-Rise Apt",$O11="High-Rise Elevator",$O11="Row House/TH"),$P11="New Construction"),$E11,0) -> 0 | NW11: =IF(AND($C11=3,$E11>0,OR($O11="Low-Rise Apt",$O11="Low-Rise Elevator",$O11="High-Rise Apt",$O11="High-Rise Elevator",$O11="Row House/TH"),$P11="New Construction"),$E11,0) -> 0 | NX11: =IF(AND($C11=4,$E11>0,OR($O11="Low-Rise Apt",$O11="Low-Rise Elevator",$O11="High-Rise Apt",$O11="High-Rise Elevator",$O11="Row House/TH"),$P11="New Construction"),$E11,0) -> 0 | NY11: =IF(AND($C11="Efficiency",$E11>0,OR($O11="SF Detached",$O11="Semi-Detached",$O11="Mfd Home"),NOT($Q11="Yes")),$E11,0) -> 0 | NZ11: =IF(AND($C11=1,$E11>0,OR($O11="SF Detached",$O11="Semi-Detached",$O11="Mfd Home"),NOT($Q11="Yes")),$E11,0) -> 0 | OA11: =IF(AND($C11=2,$E11>0,OR($O11="SF Detached",$O11="Semi-Detached",$O11="Mfd Home"),NOT($Q11="Yes")),$E11,0) -> 0 | OB11: =IF(AND($C11=3,$E11>0,OR($O11="SF Detached",$O11="Semi-Detached",$O11="Mfd Home"),NOT($Q11="Yes")),$E11,0) -> 0 | OC11: =IF(AND($C11=4,$E11>0,OR($O11="SF Detached",$O11="Semi-Detached",$O11="Mfd Home"),NOT($Q11="Yes")),$E11,0) -> 0 | OY11: Units1 | OZ11: 11
A12: =IF(AND(E12>0,OR(B12="",C12="",D12="",F12="",G12="", H12="",I12="",N12="",O12="",P12="",Q12="")),1,"") | B12: N/A-CS | L12: =MAX(0,H12-I12-J12) -> 0 | M12: =MAX(0,E12*L12) -> 0 | X12: =IF(AND(C12="Efficiency",B12=80,NOT(N12="Common Space")),E12,"") | Y12: =IF(AND(C12=1,B12=80,NOT(N12="Common Space")),E12,"") | Z12: =IF(AND(C12=2,B12=80,NOT(N12="Common Space")),E12,"") | AA12: =IF(AND(C12=3,B12=80,NOT(N12="Common Space")),E12,"") | AB12: =IF(AND(C12=4,B12=80,NOT(N12="Common Space")),E12,"") | AC12: =IF(AND(C12="Efficiency",B12=70,NOT(N12="Common Space")),E12,"") | AD12: =IF(AND(C12=1,B12=70,NOT(N12="Common Space")),E12,"") | AE12: =IF(AND(C12=2,B12=70,NOT(N12="Common Space")),E12,"") | AF12: =IF(AND(C12=3,B12=70,NOT(N12="Common Space")),E12,"") | AG12: =IF(AND(C12=4,B12=70,NOT(N12="Common Space")),E12,"") | AH12: =IF(AND(C12="Efficiency",B12=60,NOT(N12="Common Space")),E12,"") | AI12: =IF(AND(C12=1,B12=60,NOT(N12="Common Space")),E12,"") | AJ12: =IF(AND(C12=2,B12=60,NOT(N12="Common Space")),E12,"") | AK12: =IF(AND(C12=3,B12=60,NOT(N12="Common Space")),E12,"") | AL12: =IF(AND(C12=4,B12=60,NOT(N12="Common Space")),E12,"") | AM12: =IF(AND(C12="Efficiency",B12=50,NOT(N12="Common Space")),E12,"") | AN12: =IF(AND(C12=1,B12=50,NOT(N12="Common Space")),E12,"") | AO12: =IF(AND(C12=2,B12=50,NOT(N12="Common Space")),E12,"") | AP12: =IF(AND(C12=3,B12=50,NOT(N12="Common Space")),E12,"") | AQ12: =IF(AND(C12=4,B12=50,NOT(N12="Common Space")),E12,"") | AR12: =IF(AND(C12="Efficiency",B12=40,NOT(N12="Common Space")),E12,"") | AS12: =IF(AND(C12=1,B12=40,NOT(N12="Common Space")),E12,"") | AT12: =IF(AND(C12=2,B12=40,NOT(N12="Common Space")),E12,"") | AU12: =IF(AND(C12=3,B12=40,NOT(N12="Common Space")),E12,"") | AV12: =IF(AND(C12=4,B12=40,NOT(N12="Common Space")),E12,"") | AW12: =IF(AND(C12="Efficiency",B12=30,NOT(N12="Common Space")),E12,"") | AX12: =IF(AND(C12=1,B12=30,NOT(N12="Common Space")),E12,"") | AY12: =IF(AND(C12=2,B12=30,NOT(N12="Common Space")),E12,"") | AZ12: =IF(AND(C12=3,B12=30,NOT(N12="Common Space")),E12,"") | BA12: =IF(AND(C12=4,B12=30,NOT(N12="Common Space")),E12,"") | BB12: =IF(AND(C12="Efficiency",B12=20,NOT(N12="Common Space")),E12,"") | BC12: =IF(AND(C12=1,B12=20,NOT(N12="Common Space")),E12,"") | BD12: =IF(AND(C12=2,B12=20,NOT(N12="Common Space")),E12,"") | BE12: =IF(AND(C12=3,B12=20,NOT(N12="Common Space")),E12,"") | BF12: =IF(AND(C12=4,B12=20,NOT(N12="Common Space")),E12,"") | BG12: =IF(AND(C12="Efficiency",B12="Unrestricted",NOT(N12="Common Space")),E12,"") | BH12: =IF(AND(C12=1,B12="Unrestricted",NOT(N12="Common Space")),E12,"") | BI12: =IF(AND(C12=2,B12="Unrestricted",NOT(N12="Common Space")),E12,"") | BJ12: =IF(AND(C12=3,B12="Unrestricted",NOT(N12="Common Space")),E12,"") | BK12: =IF(AND(C12=4,B12="Unrestricted",NOT(N12="Common Space")),E12,"") | BL12: =IF(OR(AND($C12="Efficiency",NOT($K12=""),NOT($K12="PHA Oper Sub"),$B12=20,NOT($N12="Common Space")),AND($C12="Efficiency",NOT($K12=""),NOT($K12="PHA Oper Sub"),$B12="HOME 20",NOT($N12="Common Space"))),$E12,"") | BM12: =IF(OR(AND($C12=1,NOT($K12=""),NOT($K12="PHA Oper Sub"),$B12=20,NOT($N12="Common Space")),AND($C12=1,NOT($K12=""),NOT($K12="PHA Oper Sub"),$B12="HOME 20",NOT($N12="Common Space"))),$E12,"") | BN12: =IF(OR(AND($C12=2,NOT($K12=""),NOT($K12="PHA Oper Sub"),$B12=20,NOT($N12="Common Space")),AND($C12=2,NOT($K12=""),NOT($K12="PHA Oper Sub"),$B12="HOME 20",NOT($N12="Common Space"))),$E12,"") | BO12: =IF(OR(AND($C12=3,NOT($K12=""),NOT($K12="PHA Oper Sub"),$B12=20,NOT($N12="Common Space")),AND($C12=3,NOT($K12=""),NOT($K12="PHA Oper Sub"),$B12="HOME 20",NOT($N12="Common Space"))),$E12,"") | BP12: =IF(OR(AND($C12=4,NOT($K12=""),NOT($K12="PHA Oper Sub"),$B12=20,NOT($N12="Common Space")),AND($C12=4,NOT($K12=""),NOT($K12="PHA Oper Sub"),$B12="HOME 20",NOT($N12="Common Space"))),$E12,"") | BQ12: =IF(OR(AND($C12="Efficiency",NOT($K12=""),NOT($K12="PHA Oper Sub"),$B12=30,NOT($N12="Common Space")),AND($C12="Efficiency",NOT($K12=""),NOT($K12="PHA Oper Sub"),$B12="HOME 30",NOT($N12="Common Space"))),$E12,"") | BR12: =IF(OR(AND($C12=1,NOT($K12=""),NOT($K12="PHA Oper Sub"),$B12=30,NOT($N12="Common Space")),AND($C12=1,NOT($K12=""),NOT($K12="PHA Oper Sub"),$B12="HOME 30",NOT($N12="Common Space"))),$E12,"") | BS12: =IF(OR(AND($C12=2,NOT($K12=""),NOT($K12="PHA Oper Sub"),$B12=30,NOT($N12="Common Space")),AND($C12=2,NOT($K12=""),NOT($K12="PHA Oper Sub"),$B12="HOME 30",NOT($N12="Common Space"))),$E12,"") | BT12: =IF(OR(AND($C12=3,NOT($K12=""),NOT($K12="PHA Oper Sub"),$B12=30,NOT($N12="Common Space")),AND($C12=3,NOT($K12=""),NOT($K12="PHA Oper Sub"),$B12="HOME 30",NOT($N12="Common Space"))),$E12,"") | BU12: =IF(OR(AND($C12=4,NOT($K12=""),NOT($K12="PHA Oper Sub"),$B12=30,NOT($N12="Common Space")),AND($C12=4,NOT($K12=""),NOT($K12="PHA Oper Sub"),$B12="HOME 30",NOT($N12="Common Space"))),$E12,"") | BV12: =IF(OR(AND($C12="Efficiency",NOT($K12=""),NOT($K12="PHA Oper Sub"),$B12=40,NOT($N12="Common Space")),AND($C12="Efficiency",NOT($K12=""),NOT($K12="PHA Oper Sub"),$B12="HOME 40",NOT($N12="Common Space"))),$E12,"") | BW12: =IF(OR(AND($C12=1,NOT($K12=""),NOT($K12="PHA Oper Sub"),$B12=40,NOT($N12="Common Space")),AND($C12=1,NOT($K12=""),NOT($K12="PHA Oper Sub"),$B12="HOME 40",NOT($N12="Common Space"))),$E12,"") | BX12: =IF(OR(AND($C12=2,NOT($K12=""),NOT($K12="PHA Oper Sub"),$B12=40,NOT($N12="Common Space")),AND($C12=2,NOT($K12=""),NOT($K12="PHA Oper Sub"),$B12="HOME 40",NOT($N12="Common Space"))),$E12,"") | BY12: =IF(OR(AND($C12=3,NOT($K12=""),NOT($K12="PHA Oper Sub"),$B12=40,NOT($N12="Common Space")),AND($C12=3,NOT($K12=""),NOT($K12="PHA Oper Sub"),$B12="HOME 40",NOT($N12="Common Space"))),$E12,"") | BZ12: =IF(OR(AND($C12=4,NOT($K12=""),NOT($K12="PHA Oper Sub"),$B12=40,NOT($N12="Common Space")),AND($C12=4,NOT($K12=""),NOT($K12="PHA Oper Sub"),$B12="HOME 40",NOT($N12="Common Space"))),$E12,"") | CA12: =IF(OR(AND($C12="Efficiency",NOT($K12=""),NOT($K12="PHA Oper Sub"),NOT($K12=0),$B12=50,NOT($N12="Common Space")),AND($C12="Efficiency",NOT($K12=""),NOT($K12=0),NOT($K12="PHA Oper Sub"),$B12="HOME 50",NOT($N12="Common Space"))),$E12,"") | CB12: =IF(OR(AND($C12=1,NOT($K12=""),NOT($K12=0),NOT($K12="PHA Oper Sub"),$B12=50,NOT($N12="Common Space")),AND($C12=1,NOT($K12=""),NOT($K12=0),NOT($K12="PHA Oper Sub"),$B12="HOME 50",NOT($N12="Common Space"))),$E12,"") | CC12: =IF(OR(AND($C12=2,NOT($K12=""),NOT($K12=0),NOT($K12="PHA Oper Sub"),$B12=50,NOT($N12="Common Space")),AND($C12=2,NOT($K12=""),NOT($K12=0),NOT($K12="PHA Oper Sub"),$B12="HOME 50",NOT($N12="Common Space"))),$E12,"") | CD12: =IF(OR(AND($C12=3,NOT($K12=""),NOT($K12=0),NOT($K12="PHA Oper Sub"),$B12=50,NOT($N12="Common Space")),AND($C12=3,NOT($K12=""),NOT($K12=0),NOT($K12="PHA Oper Sub"),$B12="HOME 50",NOT($N12="Common Space"))),$E12,"") | CE12: =IF(OR(AND($C12=4,NOT($K12=""),NOT($K12=0),NOT($K12="PHA Oper Sub"),$B12=50,NOT($N12="Common Space")),AND($C12=4,NOT($K12=""),NOT($K12=0),NOT($K12="PHA Oper Sub"),$B12="HOME 50",NOT($N12="Common Space"))),$E12,"") | CF12: =IF(OR(AND($C12="Efficiency",NOT($K12=""),NOT($K12=0),NOT($K12="PHA Oper Sub"),$B12=60,NOT($N12="Common Space")),AND($C12="Efficiency",NOT($K12=""),NOT($K12=0),NOT($K12="PHA Oper Sub"),$B12="HOME 60",NOT($N12="Common Space"))),$E12,"") | CG12: =IF(OR(AND($C12=1,NOT($K12=""),NOT($K12=0),NOT($K12="PHA Oper Sub"),$B12=60,NOT($N12="Common Space")),AND($C12=1,NOT($K12=""),NOT($K12=0),NOT($K12="PHA Oper Sub"),$B12="HOME 60",NOT($N12="Common Space"))),$E12,"") | CH12: =IF(OR(AND($C12=2,NOT($K12=""),NOT($K12=0),NOT($K12="PHA Oper Sub"),$B12=60,NOT($N12="Common Space")),AND($C12=2,NOT($K12=""),NOT($K12=0),NOT($K12="PHA Oper Sub"),$B12="HOME 60",NOT($N12="Common Space"))),$E12,"") | CI12: =IF(OR(AND($C12=3,NOT($K12=""),NOT($K12=0),NOT($K12="PHA Oper Sub"),$B12=60,NOT($N12="Common Space")),AND($C12=3,NOT($K12=""),NOT($K12=0),NOT($K12="PHA Oper Sub"),$B12="HOME 60",NOT($N12="Common Space"))),$E12,"") | CJ12: =IF(OR(AND($C12=4,NOT($K12=""),NOT($K12=0),NOT($K12="PHA Oper Sub"),$B12=60,NOT($N12="Common Space")),AND($C12=4,NOT($K12=""),NOT($K12=0),NOT($K12="PHA Oper Sub"),$B12="HOME 60",NOT($N12="Common Space"))),$E12,"") | CK12: =IF(OR(AND($C12="Efficiency",NOT($K12=""),NOT($K12="PHA Oper Sub"),$B12=70,NOT($N12="Common Space")),AND($C12="Efficiency",NOT($K12=""),NOT($K12="PHA Oper Sub"),$B12="HOME 70",NOT($N12="Common Space"))),$E12,"") | CL12: =IF(OR(AND($C12=1,NOT($K12=""),NOT($K12="PHA Oper Sub"),$B12=70,NOT($N12="Common Space")),AND($C12=1,NOT($K12=""),NOT($K12="PHA Oper Sub"),$B12="HOME 70",NOT($N12="Common Space"))),$E12,"") | CM12: =IF(OR(AND($C12=2,NOT($K12=""),NOT($K12="PHA Oper Sub"),$B12=70,NOT($N12="Common Space")),AND($C12=2,NOT($K12=""),NOT($K12="PHA Oper Sub"),$B12="HOME 70",NOT($N12="Common Space"))),$E12,"") | CN12: =IF(OR(AND($C12=3,NOT($K12=""),NOT($K12="PHA Oper Sub"),$B12=70,NOT($N12="Common Space")),AND($C12=3,NOT($K12=""),NOT($K12="PHA Oper Sub"),$B12="HOME 70",NOT($N12="Common Space"))),$E12,"") | CO12: =IF(OR(AND($C12=4,NOT($K12=""),NOT($K12="PHA Oper Sub"),$B12=70,NOT($N12="Common Space")),AND($C12=4,NOT($K12=""),NOT($K12="PHA Oper Sub"),$B12="HOME 70",NOT($N12="Common Space"))),$E12,"") | CP12: =IF(OR(AND($C12="Efficiency",NOT($K12=""),NOT($K12="PHA Oper Sub"),$B12=80,NOT($N12="Common Space")),AND($C12="Efficiency",NOT($K12=""),NOT($K12="PHA Oper Sub"),$B12="HOME 80",NOT($N12="Common Space"))),$E12,"") | CQ12: =IF(OR(AND($C12=1,NOT($K12=""),NOT($K12="PHA Oper Sub"),$B12=80,NOT($N12="Common Space")),AND($C12=1,NOT($K12=""),NOT($K12="PHA Oper Sub"),$B12="HOME 80",NOT($N12="Common Space"))),$E12,"") | CR12: =IF(OR(AND($C12=2,NOT($K12=""),NOT($K12="PHA Oper Sub"),$B12=80,NOT($N12="Common Space")),AND($C12=2,NOT($K12=""),NOT($K12="PHA Oper Sub"),$B12="HOME 80",NOT($N12="Common Space"))),$E12,"") | CS12: =IF(OR(AND($C12=3,NOT($K12=""),NOT($K12="PHA Oper Sub"),$B12=80,NOT($N12="Common Space")),AND($C12=3,NOT($K12=""),NOT($K12="PHA Oper Sub"),$B12="HOME 80",NOT($N12="Common Space"))),$E12,"") | CT12: =IF(OR(AND($C12=4,NOT($K12=""),NOT($K12="PHA Oper Sub"),$B12=80,NOT($N12="Common Space")),AND($C12=4,NOT($K12=""),NOT($K12="PHA Oper Sub"),$B12="HOME 80",NOT($N12="Common Space"))),$E12,"") | CU12: =IF(OR(AND($C12="Efficiency",$K12="PHA Oper Sub",$B12=20,NOT($N12="Common Space")),AND($C12="Efficiency",$K12="PHA Oper Sub",$B12="HOME 20",NOT($N12="Common Space"))),$E12,"") | CV12: =IF(OR(AND($C12=1,$K12="PHA Oper Sub",$B12=20,NOT($N12="Common Space")),AND($C12=1,$K12="PHA Oper Sub",$B12="HOME 20",NOT($N12="Common Space"))),$E12,"") | CW12: =IF(OR(AND($C12=2,$K12="PHA Oper Sub",$B12=20,NOT($N12="Common Space")),AND($C12=2,$K12="PHA Oper Sub",$B12="HOME 20",NOT($N12="Common Space"))),$E12,"") | CX12: =IF(OR(AND($C12=3,$K12="PHA Oper Sub",$B12=20,NOT($N12="Common Space")),AND($C12=3,$K12="PHA Oper Sub",$B12="HOME 20",NOT($N12="Common Space"))),$E12,"") | CY12: =IF(OR(AND($C12=4,$K12="PHA Oper Sub",$B12=20,NOT($N12="Common Space")),AND($C12=4,$K12="PHA Oper Sub",$B12="HOME 20",NOT($N12="Common Space"))),$E12,"") | CZ12: =IF(OR(AND($C12="Efficiency",$K12="PHA Oper Sub",$B12=30,NOT($N12="Common Space")),AND($C12="Efficiency",$K12="PHA Oper Sub",$B12="HOME 30",NOT($N12="Common Space"))),$E12,"") | DA12: =IF(OR(AND($C12=1,$K12="PHA Oper Sub",$B12=30,NOT($N12="Common Space")),AND($C12=1,$K12="PHA Oper Sub",$B12="HOME 30",NOT($N12="Common Space"))),$E12,"") | DB12: =IF(OR(AND($C12=2,$K12="PHA Oper Sub",$B12=30,NOT($N12="Common Space")),AND($C12=2,$K12="PHA Oper Sub",$B12="HOME 30",NOT($N12="Common Space"))),$E12,"") | DC12: =IF(OR(AND($C12=3,$K12="PHA Oper Sub",$B12=30,NOT($N12="Common Space")),AND($C12=3,$K12="PHA Oper Sub",$B12="HOME 30",NOT($N12="Common Space"))),$E12,"") | DD12: =IF(OR(AND($C12=4,$K12="PHA Oper Sub",$B12=30,NOT($N12="Common Space")),AND($C12=4,$K12="PHA Oper Sub",$B12="HOME 30",NOT($N12="Common Space"))),$E12,"") | DE12: =IF(OR(AND($C12="Efficiency",$K12="PHA Oper Sub",$B12=40,NOT($N12="Common Space")),AND($C12="Efficiency",$K12="PHA Oper Sub",$B12="HOME 40",NOT($N12="Common Space"))),$E12,"") | DF12: =IF(OR(AND($C12=1,$K12="PHA Oper Sub",$B12=40,NOT($N12="Common Space")),AND($C12=1,$K12="PHA Oper Sub",$B12="HOME 40",NOT($N12="Common Space"))),$E12,"") | DG12: =IF(OR(AND($C12=2,$K12="PHA Oper Sub",$B12=40,NOT($N12="Common Space")),AND($C12=2,$K12="PHA Oper Sub",$B12="HOME 40",NOT($N12="Common Space"))),$E12,"") | DH12: =IF(OR(AND($C12=3,$K12="PHA Oper Sub",$B12=40,NOT($N12="Common Space")),AND($C12=3,$K12="PHA Oper Sub",$B12="HOME 40",NOT($N12="Common Space"))),$E12,"") | DI12: =IF(OR(AND($C12=4,$K12="PHA Oper Sub",$B12=40,NOT($N12="Common Space")),AND($C12=4,$K12="PHA Oper Sub",$B12="HOME 40",NOT($N12="Common Space"))),$E12,"") | DJ12: =IF(OR(AND($C12="Efficiency",$K12="PHA Oper Sub",$B12=50,NOT($N12="Common Space")),AND($C12="Efficiency",$K12="PHA Oper Sub",$B12="HOME 50",NOT($N12="Common Space"))),$E12,"") | DK12: =IF(OR(AND($C12=1,$K12="PHA Oper Sub",$B12=50,NOT($N12="Common Space")),AND($C12=1,$K12="PHA Oper Sub",$B12="HOME 50",NOT($N12="Common Space"))),$E12,"") | DL12: =IF(OR(AND($C12=2,$K12="PHA Oper Sub",$B12=50,NOT($N12="Common Space")),AND($C12=2,$K12="PHA Oper Sub",$B12="HOME 50",NOT($N12="Common Space"))),$E12,"") | DM12: =IF(OR(AND($C12=3,$K12="PHA Oper Sub",$B12=50,NOT($N12="Common Space")),AND($C12=3,$K12="PHA Oper Sub",$B12="HOME 50",NOT($N12="Common Space"))),$E12,"") | DN12: =IF(OR(AND($C12=4,$K12="PHA Oper Sub",$B12=50,NOT($N12="Common Space")),AND($C12=4,$K12="PHA Oper Sub",$B12="HOME 50",NOT($N12="Common Space"))),$E12,"") | DO12: =IF(OR(AND($C12="Efficiency",$K12="PHA Oper Sub",$B12=60,NOT($N12="Common Space")),AND($C12="Efficiency",$K12="PHA Oper Sub",$B12="HOME 60",NOT($N12="Common Space"))),$E12,"") | DP12: =IF(OR(AND($C12=1,$K12="PHA Oper Sub",$B12=60,NOT($N12="Common Space")),AND($C12=1,$K12="PHA Oper Sub",$B12="HOME 60",NOT($N12="Common Space"))),$E12,"") | DQ12: =IF(OR(AND($C12=2,$K12="PHA Oper Sub",$B12=60,NOT($N12="Common Space")),AND($C12=2,$K12="PHA Oper Sub",$B12="HOME 60",NOT($N12="Common Space"))),$E12,"") | DR12: =IF(OR(AND($C12=3,$K12="PHA Oper Sub",$B12=60,NOT($N12="Common Space")),AND($C12=3,$K12="PHA Oper Sub",$B12="HOME 60",NOT($N12="Common Space"))),$E12,"") | DS12: =IF(OR(AND($C12=4,$K12="PHA Oper Sub",$B12=60,NOT($N12="Common Space")),AND($C12=4,$K12="PHA Oper Sub",$B12="HOME 60",NOT($N12="Common Space"))),$E12,"") | DT12: =IF(OR(AND($C12="Efficiency",$K12="PHA Oper Sub",$B12=70,NOT($N12="Common Space")),AND($C12="Efficiency",$K12="PHA Oper Sub",$B12="HOME 70",NOT($N12="Common Space"))),$E12,"") | DU12: =IF(OR(AND($C12=1,$K12="PHA Oper Sub",$B12=70,NOT($N12="Common Space")),AND($C12=1,$K12="PHA Oper Sub",$B12="HOME 70",NOT($N12="Common Space"))),$E12,"") | DV12: =IF(OR(AND($C12=2,$K12="PHA Oper Sub",$B12=70,NOT($N12="Common Space")),AND($C12=2,$K12="PHA Oper Sub",$B12="HOME 70",NOT($N12="Common Space"))),$E12,"") | DW12: =IF(OR(AND($C12=3,$K12="PHA Oper Sub",$B12=70,NOT($N12="Common Space")),AND($C12=3,$K12="PHA Oper Sub",$B12="HOME 70",NOT($N12="Common Space"))),$E12,"") | DX12: =IF(OR(AND($C12=4,$K12="PHA Oper Sub",$B12=70,NOT($N12="Common Space")),AND($C12=4,$K12="PHA Oper Sub",$B12="HOME 70",NOT($N12="Common Space"))),$E12,"") | DY12: =IF(OR(AND($C12="Efficiency",$K12="PHA Oper Sub",$B12=80,NOT($N12="Common Space")),AND($C12="Efficiency",$K12="PHA Oper Sub",$B12="HOME 80",NOT($N12="Common Space"))),$E12,"") | DZ12: =IF(OR(AND($C12=1,$K12="PHA Oper Sub",$B12=80,NOT($N12="Common Space")),AND($C12=1,$K12="PHA Oper Sub",$B12="HOME 80",NOT($N12="Common Space"))),$E12,"") | EA12: =IF(OR(AND($C12=2,$K12="PHA Oper Sub",$B12=80,NOT($N12="Common Space")),AND($C12=2,$K12="PHA Oper Sub",$B12="HOME 80",NOT($N12="Common Space"))),$E12,"") | EB12: =IF(OR(AND($C12=3,$K12="PHA Oper Sub",$B12=80,NOT($N12="Common Space")),AND($C12=3,$K12="PHA Oper Sub",$B12="HOME 80",NOT($N12="Common Space"))),$E12,"") | EC12: =IF(OR(AND($C12=4,$K12="PHA Oper Sub",$B12=80,NOT($N12="Common Space")),AND($C12=4,$K12="PHA Oper Sub",$B12="HOME 80",NOT($N12="Common Space"))),$E12,"") | ED12: =IF(OR(AND($C12="Efficiency",$K12="PBV",$B12=20,NOT($N12="Common Space")),AND($C12="Efficiency",$K12="PBV",$B12="HOME 20",NOT($N12="Common Space"))),$E12,"") | EE12: =IF(OR(AND($C12=1,$K12="PBV",$B12=20,NOT($N12="Common Space")),AND($C12=1,$K12="PBV",$B12="HOME 20",NOT($N12="Common Space"))),$E12,"") | EF12: =IF(OR(AND($C12=2,$K12="PBV",$B12=20,NOT($N12="Common Space")),AND($C12=2,$K12="PBV",$B12="HOME 20",NOT($N12="Common Space"))),$E12,"") | EG12: =IF(OR(AND($C12=3,$K12="PBV",$B12=20,NOT($N12="Common Space")),AND($C12=3,$K12="PBV",$B12="HOME 20",NOT($N12="Common Space"))),$E12,"") | EH12: =IF(OR(AND($C12=4,$K12="PBV",$B12=20,NOT($N12="Common Space")),AND($C12=4,$K12="PBV",$B12="HOME 20",NOT($N12="Common Space"))),$E12,"") | EI12: =IF(OR(AND($C12="Efficiency",$K12="PBV",$B12=30,NOT($N12="Common Space")),AND($C12="Efficiency",$K12="PBV",$B12="HOME 30",NOT($N12="Common Space"))),$E12,"") | EJ12: =IF(OR(AND($C12=1,$K12="PBV",$B12=30,NOT($N12="Common Space")),AND($C12=1,$K12="PBV",$B12="HOME 30",NOT($N12="Common Space"))),$E12,"") | EK12: =IF(OR(AND($C12=2,$K12="PBV",$B12=30,NOT($N12="Common Space")),AND($C12=2,$K12="PBV",$B12="HOME 30",NOT($N12="Common Space"))),$E12,"") | EL12: =IF(OR(AND($C12=3,$K12="PBV",$B12=30,NOT($N12="Common Space")),AND($C12=3,$K12="PBV",$B12="HOME 30",NOT($N12="Common Space"))),$E12,"") | EM12: =IF(OR(AND($C12=4,$K12="PBV",$B12=30,NOT($N12="Common Space")),AND($C12=4,$K12="PBV",$B12="HOME 30",NOT($N12="Common Space"))),$E12,"") | EN12: =IF(OR(AND($C12="Efficiency",$K12="PBV",$B12=40,NOT($N12="Common Space")),AND($C12="Efficiency",$K12="PBV",$B12="HOME 40",NOT($N12="Common Space"))),$E12,"") | EO12: =IF(OR(AND($C12=1,$K12="PBV",$B12=40,NOT($N12="Common Space")),AND($C12=1,$K12="PBV",$B12="HOME 40",NOT($N12="Common Space"))),$E12,"") | EP12: =IF(OR(AND($C12=2,$K12="PBV",$B12=40,NOT($N12="Common Space")),AND($C12=2,$K12="PBV",$B12="HOME 40",NOT($N12="Common Space"))),$E12,"") | EQ12: =IF(OR(AND($C12=3,$K12="PBV",$B12=40,NOT($N12="Common Space")),AND($C12=3,$K12="PBV",$B12="HOME 40",NOT($N12="Common Space"))),$E12,"") | ER12: =IF(OR(AND($C12=4,$K12="PBV",$B12=40,NOT($N12="Common Space")),AND($C12=4,$K12="PBV",$B12="HOME 40",NOT($N12="Common Space"))),$E12,"") | ES12: =IF(OR(AND($C12="Efficiency",$K12="PBV",$B12=50,NOT($N12="Common Space")),AND($C12="Efficiency",$K12="PBV",$B12="HOME 50",NOT($N12="Common Space"))),$E12,"") | ET12: =IF(OR(AND($C12=1,$K12="PBV",$B12=50,NOT($N12="Common Space")),AND($C12=1,$K12="PBV",$B12="HOME 50",NOT($N12="Common Space"))),$E12,"") | EU12: =IF(OR(AND($C12=2,$K12="PBV",$B12=50,NOT($N12="Common Space")),AND($C12=2,$K12="PBV",$B12="HOME 50",NOT($N12="Common Space"))),$E12,"") | EV12: =IF(OR(AND($C12=3,$K12="PBV",$B12=50,NOT($N12="Common Space")),AND($C12=3,$K12="PBV",$B12="HOME 50",NOT($N12="Common Space"))),$E12,"") | EW12: =IF(OR(AND($C12=4,$K12="PBV",$B12=50,NOT($N12="Common Space")),AND($C12=4,$K12="PBV",$B12="HOME 50",NOT($N12="Common Space"))),$E12,"") | EX12: =IF(OR(AND($C12="Efficiency",$K12="PBV",$B12=60,NOT($N12="Common Space")),AND($C12="Efficiency",$K12="PBV",$B12="HOME 60",NOT($N12="Common Space"))),$E12,"") | EY12: =IF(OR(AND($C12=1,$K12="PBV",$B12=60,NOT($N12="Common Space")),AND($C12=1,$K12="PBV",$B12="HOME 60",NOT($N12="Common Space"))),$E12,"") | EZ12: =IF(OR(AND($C12=2,$K12="PBV",$B12=60,NOT($N12="Common Space")),AND($C12=2,$K12="PBV",$B12="HOME 60",NOT($N12="Common Space"))),$E12,"") | FA12: =IF(OR(AND($C12=3,$K12="PBV",$B12=60,NOT($N12="Common Space")),AND($C12=3,$K12="PBV",$B12="HOME 60",NOT($N12="Common Space"))),$E12,"") | FB12: =IF(OR(AND($C12=4,$K12="PBV",$B12=60,NOT($N12="Common Space")),AND($C12=4,$K12="PBV",$B12="HOME 60",NOT($N12="Common Space"))),$E12,"") | FC12: =IF(OR(AND($C12="Efficiency",$K12="PBV",$B12=70,NOT($N12="Common Space")),AND($C12="Efficiency",$K12="PBV",$B12="HOME 70",NOT($N12="Common Space"))),$E12,"") | FD12: =IF(OR(AND($C12=1,$K12="PBV",$B12=70,NOT($N12="Common Space")),AND($C12=1,$K12="PBV",$B12="HOME 70",NOT($N12="Common Space"))),$E12,"") | FE12: =IF(OR(AND($C12=2,$K12="PBV",$B12=70,NOT($N12="Common Space")),AND($C12=2,$K12="PBV",$B12="HOME 70",NOT($N12="Common Space"))),$E12,"") | FF12: =IF(OR(AND($C12=3,$K12="PBV",$B12=70,NOT($N12="Common Space")),AND($C12=3,$K12="PBV",$B12="HOME 70",NOT($N12="Common Space"))),$E12,"") | FG12: =IF(OR(AND($C12=4,$K12="PBV",$B12=70,NOT($N12="Common Space")),AND($C12=4,$K12="PBV",$B12="HOME 70",NOT($N12="Common Space"))),$E12,"") | FH12: =IF(OR(AND($C12="Efficiency",$K12="PBV",$B12=80,NOT($N12="Common Space")),AND($C12="Efficiency",$K12="PBV",$B12="HOME 80",NOT($N12="Common Space"))),$E12,"") | FI12: =IF(OR(AND($C12=1,$K12="PBV",$B12=80,NOT($N12="Common Space")),AND($C12=1,$K12="PBV",$B12="HOME 80",NOT($N12="Common Space"))),$E12,"") | FJ12: =IF(OR(AND($C12=2,$K12="PBV",$B12=80,NOT($N12="Common Space")),AND($C12=2,$K12="PBV",$B12="HOME 80",NOT($N12="Common Space"))),$E12,"") | FK12: =IF(OR(AND($C12=3,$K12="PBV",$B12=80,NOT($N12="Common Space")),AND($C12=3,$K12="PBV",$B12="HOME 80",NOT($N12="Common Space"))),$E12,"") | FL12: =IF(OR(AND($C12=4,$K12="PBV",$B12=80,NOT($N12="Common Space")),AND($C12=4,$K12="PBV",$B12="HOME 80",NOT($N12="Common Space"))),$E12,"") | FM12: =IF(AND(C12="Efficiency",N12="Common Space"),E12,"") | FN12: =IF(AND(C12=1,N12="Common Space"),E12,"") | FO12: =IF(AND(C12=2,N12="Common Space"),E12,"") | FP12: =IF(AND(C12=3,N12="Common Space"),E12,"") | FQ12: =IF(AND(C12=4,N12="Common Space"),E12,"") | FR12: =IF(OR(AND($C12="Efficiency",$B12=80,NOT($N12="Common Space")),AND($C12="Efficiency",$B12="HOME 80",NOT($N12="Common Space"))),$E12*$F12,"") | FS12: =IF(OR(AND($C12=1,$B12=80,NOT($N12="Common Space")),AND($C12=1,$B12="HOME 80",NOT($N12="Common Space"))),$E12*$F12,"") | FT12: =IF(OR(AND($C12=2,$B12=80,NOT($N12="Common Space")),AND($C12=2,$B12="HOME 80",NOT($N12="Common Space"))),$E12*$F12,"") | FU12: =IF(OR(AND($C12=3,$B12=80,NOT($N12="Common Space")),AND($C12=3,$B12="HOME 80",NOT($N12="Common Space"))),$E12*$F12,"") | FV12: =IF(OR(AND($C12=4,$B12=80,NOT($N12="Common Space")),AND($C12=4,$B12="HOME 80",NOT($N12="Common Space"))),$E12*$F12,"") | FW12: =IF(OR(AND($C12="Efficiency",$B12=70,NOT($N12="Common Space")),AND($C12="Efficiency",$B12="HOME 70",NOT($N12="Common Space"))),$E12*$F12,"") | FX12: =IF(OR(AND($C12=1,$B12=70,NOT($N12="Common Space")),AND($C12=1,$B12="HOME 70",NOT($N12="Common Space"))),$E12*$F12,"") | FY12: =IF(OR(AND($C12=2,$B12=70,NOT($N12="Common Space")),AND($C12=2,$B12="HOME 70",NOT($N12="Common Space"))),$E12*$F12,"") | FZ12: =IF(OR(AND($C12=3,$B12=70,NOT($N12="Common Space")),AND($C12=3,$B12="HOME 70",NOT($N12="Common Space"))),$E12*$F12,"") | GA12: =IF(OR(AND($C12=4,$B12=70,NOT($N12="Common Space")),AND($C12=4,$B12="HOME 70",NOT($N12="Common Space"))),$E12*$F12,"") | GB12: =IF(OR(AND($C12="Efficiency",$B12=60,NOT($N12="Common Space")),AND($C12="Efficiency",$B12="HOME 60",NOT($N12="Common Space"))),$E12*$F12,"") | GC12: =IF(OR(AND($C12=1,$B12=60,NOT($N12="Common Space")),AND($C12=1,$B12="HOME 60",NOT($N12="Common Space"))),$E12*$F12,"") | GD12: =IF(OR(AND($C12=2,$B12=60,NOT($N12="Common Space")),AND($C12=2,$B12="HOME 60",NOT($N12="Common Space"))),$E12*$F12,"") | GE12: =IF(OR(AND($C12=3,$B12=60,NOT($N12="Common Space")),AND($C12=3,$B12="HOME 60",NOT($N12="Common Space"))),$E12*$F12,"") | GF12: =IF(OR(AND($C12=4,$B12=60,NOT($N12="Common Space")),AND($C12=4,$B12="HOME 60",NOT($N12="Common Space"))),$E12*$F12,"") | GG12: =IF(OR(AND($C12="Efficiency",$B12=50,NOT($N12="Common Space")),AND($C12="Efficiency",$B12="HOME 50",NOT($N12="Common Space"))),$E12*$F12,"") | GH12: =IF(OR(AND($C12=1,$B12=50,NOT($N12="Common Space")),AND($C12=1,$B12="HOME 50",NOT($N12="Common Space"))),$E12*$F12,"") | GI12: =IF(OR(AND($C12=2,$B12=50,NOT($N12="Common Space")),AND($C12=2,$B12="HOME 50",NOT($N12="Common Space"))),$E12*$F12,"") | GJ12: =IF(OR(AND($C12=3,$B12=50,NOT($N12="Common Space")),AND($C12=3,$B12="HOME 50",NOT($N12="Common Space"))),$E12*$F12,"") | GK12: =IF(OR(AND($C12=4,$B12=50,NOT($N12="Common Space")),AND($C12=4,$B12="HOME 50",NOT($N12="Common Space"))),$E12*$F12,"") | GL12: =IF(OR(AND($C12="Efficiency",$B12=40,NOT($N12="Common Space")),AND($C12="Efficiency",$B12="HOME 40",NOT($N12="Common Space"))),$E12*$F12,"") | GM12: =IF(OR(AND($C12=1,$B12=40,NOT($N12="Common Space")),AND($C12=1,$B12="HOME 40",NOT($N12="Common Space"))),$E12*$F12,"") | GN12: =IF(OR(AND($C12=2,$B12=40,NOT($N12="Common Space")),AND($C12=2,$B12="HOME 40",NOT($N12="Common Space"))),$E12*$F12,"") | GO12: =IF(OR(AND($C12=3,$B12=40,NOT($N12="Common Space")),AND($C12=3,$B12="HOME 40",NOT($N12="Common Space"))),$E12*$F12,"") | GP12: =IF(OR(AND($C12=4,$B12=40,NOT($N12="Common Space")),AND($C12=4,$B12="HOME 40",NOT($N12="Common Space"))),$E12*$F12,"") | GQ12: =IF(OR(AND($C12="Efficiency",$B12=30,NOT($N12="Common Space")),AND($C12="Efficiency",$B12="HOME 30",NOT($N12="Common Space"))),$E12*$F12,"") | GR12: =IF(OR(AND($C12=1,$B12=30,NOT($N12="Common Space")),AND($C12=1,$B12="HOME 30",NOT($N12="Common Space"))),$E12*$F12,"") | GS12: =IF(OR(AND($C12=2,$B12=30,NOT($N12="Common Space")),AND($C12=2,$B12="HOME 30",NOT($N12="Common Space"))),$E12*$F12,"") | GT12: =IF(OR(AND($C12=3,$B12=30,NOT($N12="Common Space")),AND($C12=3,$B12="HOME 30",NOT($N12="Common Space"))),$E12*$F12,"") | GU12: =IF(OR(AND($C12=4,$B12=30,NOT($N12="Common Space")),AND($C12=4,$B12="HOME 30",NOT($N12="Common Space"))),$E12*$F12,"") | GV12: =IF(OR(AND($C12="Efficiency",$B12=20,NOT($N12="Common Space")),AND($C12="Efficiency",$B12="HOME 20",NOT($N12="Common Space"))),$E12*$F12,"") | GW12: =IF(OR(AND($C12=1,$B12=20,NOT($N12="Common Space")),AND($C12=1,$B12="HOME 20",NOT($N12="Common Space"))),$E12*$F12,"") | GX12: =IF(OR(AND($C12=2,$B12=20,NOT($N12="Common Space")),AND($C12=2,$B12="HOME 20",NOT($N12="Common Space"))),$E12*$F12,"") | GY12: =IF(OR(AND($C12=3,$B12=20,NOT($N12="Common Space")),AND($C12=3,$B12="HOME 20",NOT($N12="Common Space"))),$E12*$F12,"") | GZ12: =IF(OR(AND($C12=4,$B12=20,NOT($N12="Common Space")),AND($C12=4,$B12="HOME 20",NOT($N12="Common Space"))),$E12*$F12,"") | HA12: =IF(AND(C12="Efficiency",B12="Unrestricted",NOT(N12="Common Space")),E12*F12,"") | HB12: =IF(AND(C12=1,B12="Unrestricted",NOT(N12="Common Space")),E12*F12,"") | HC12: =IF(AND(C12=2,B12="Unrestricted",NOT(N12="Common Space")),E12*F12,"") | HD12: =IF(AND(C12=3,B12="Unrestricted",NOT(N12="Common Space")),E12*F12,"") | HE12: =IF(AND(C12=4,B12="Unrestricted",NOT(N12="Common Space")),E12*F12,"") | HF12: =IF(AND(C12="Efficiency",NOT(K12=""),NOT($K12=0),NOT(N12="Common Space")),E12*F12,"") | HG12: =IF(AND(C12=1,NOT(K12=""),NOT($K12=0),NOT(N12="Common Space")),E12*F12,"") | HH12: =IF(AND(C12=2,NOT(K12=""),NOT($K12=0),NOT(N12="Common Space")),E12*F12,"") | HI12: =IF(AND(C12=3,NOT(K12=""),NOT($K12=0),NOT(N12="Common Space")),E12*F12,"") | HJ12: =IF(AND(C12=4,NOT(K12=""),NOT($K12=0),NOT(N12="Common Space")),E12*F12,"") | HK12: =IF(AND(C12="Efficiency",N12="Common Space"),E12*F12,"") | HL12: =IF(AND(C12=1,N12="Common Space"),E12*F12,"") | HM12: =IF(AND(C12=2,N12="Common Space"),E12*F12,"") | HN12: =IF(AND(C12=3,N12="Common Space"),E12*F12,"") | HO12: =IF(AND(C12=4,N12="Common Space"),E12*F12,"") | HP12: =IF(AND($C12="Efficiency", $P12="New Construction",NOT($B12="Unrestricted"),NOT($B12="NSP 120"),NOT($B12="N/A-CS"),NOT($N12="Common Space")),$E12,"") | HQ12: =IF(AND($C12=1, $P12="New Construction",NOT($B12="Unrestricted"),NOT($B12="NSP 120"),NOT($B12="N/A-CS"),NOT($N12="Common Space")),$E12,"") | HR12: =IF(AND($C12=2, $P12="New Construction",NOT($B12="Unrestricted"),NOT($B12="NSP 120"),NOT($B12="N/A-CS"),NOT($N12="Common Space")),$E12,"") | HS12: =IF(AND($C12=3, $P12="New Construction",NOT($B12="Unrestricted"),NOT($B12="NSP 120"),NOT($B12="N/A-CS"),NOT($N12="Common Space")),$E12,"") | HT12: =IF(AND($C12=4, $P12="New Construction",NOT($B12="Unrestricted"),NOT($B12="NSP 120"),NOT($B12="N/A-CS"),NOT($N12="Common Space")),$E12,"") | HU12: =IF(AND($C12="Efficiency", $P12="New Construction",$B12="Unrestricted",NOT($B12="N/A-CS"),NOT($N12="Common Space")),$E12,"") | HV12: =IF(AND($C12=1, $P12="New Construction",$B12="Unrestricted",NOT($B12="N/A-CS"),NOT($N12="Common Space")),$E12,"") | HW12: =IF(AND($C12=2, $P12="New Construction",$B12="Unrestricted",NOT($B12="N/A-CS"),NOT($N12="Common Space")),$E12,"") | HX12: =IF(AND($C12=3, $P12="New Construction",$B12="Unrestricted",NOT($B12="N/A-CS"),NOT($N12="Common Space")),$E12,"") | HY12: =IF(AND($C12=4, $P12="New Construction",$B12="Unrestricted",NOT($B12="N/A-CS"),NOT($N12="Common Space")),$E12,"") | HZ12: =IF(AND($C12="Efficiency", $P12="New Construction",$B12="N/A-CS",$N12="Common Space"),$E12,"") | IA12: =IF(AND($C12=1, $P12="New Construction",$B12="N/A-CS",$N12="Common Space"),$E12,"") | IB12: =IF(AND($C12=2, $P12="New Construction",$B12="N/A-CS",$N12="Common Space"),$E12,"") | IC12: =IF(AND($C12=3, $P12="New Construction",$B12="N/A-CS",$N12="Common Space"),$E12,"") | ID12: =IF(AND($C12=4, $P12="New Construction",$B12="N/A-CS",$N12="Common Space"),$E12,"") | IE12: =IF(AND($C12="Efficiency", $P12="Acquisition/Rehab",NOT($B12="Unrestricted"),NOT($B12="NSP 120"),NOT($B12="N/A-CS"),NOT($N12="Common Space")),$E12,"") | IF12: =IF(AND($C12=1, $P12="Acquisition/Rehab",NOT($B12="Unrestricted"),NOT($B12="NSP 120"),NOT($B12="N/A-CS"),NOT($N12="Common Space")),$E12,"") | IG12: =IF(AND($C12=2, $P12="Acquisition/Rehab",NOT($B12="Unrestricted"),NOT($B12="NSP 120"),NOT($B12="N/A-CS"),NOT($N12="Common Space")),$E12,"") | IH12: =IF(AND($C12=3, $P12="Acquisition/Rehab",NOT($B12="Unrestricted"),NOT($B12="NSP 120"),NOT($B12="N/A-CS"),NOT($N12="Common Space")),$E12,"") | II12: =IF(AND($C12=4, $P12="Acquisition/Rehab",NOT($B12="Unrestricted"),NOT($B12="NSP 120"),NOT($B12="N/A-CS"),NOT($N12="Common Space")),$E12,"") | IJ12: =IF(AND($C12="Efficiency", $P12="Acquisition/Rehab",$B12="Unrestricted",NOT($B12="N/A-CS"),NOT($N12="Common Space")),$E12,"") | IK12: =IF(AND($C12=1, $P12="Acquisition/Rehab",$B12="Unrestricted",NOT($B12="N/A-CS"),NOT($N12="Common Space")),$E12,"") | IL12: =IF(AND($C12=2, $P12="Acquisition/Rehab",$B12="Unrestricted",NOT($B12="N/A-CS"),NOT($N12="Common Space")),$E12,"") | IM12: =IF(AND($C12=3, $P12="Acquisition/Rehab",$B12="Unrestricted",NOT($B12="N/A-CS"),NOT($N12="Common Space")),$E12,"") | IN12: =IF(AND($C12=4, $P12="Acquisition/Rehab",$B12="Unrestricted",NOT($B12="N/A-CS"),NOT($N12="Common Space")),$E12,"") | IO12: =IF(AND($C12="Efficiency", $P12="Acquisition/Rehab",$B12="N/A-CS",$N12="Common Space"),$E12,"") | IP12: =IF(AND($C12=1, $P12="Acquisition/Rehab",$B12="N/A-CS",$N12="Common Space"),$E12,"") | IQ12: =IF(AND($C12=2, $P12="Acquisition/Rehab",$B12="N/A-CS",$N12="Common Space"),$E12,"") | IR12: =IF(AND($C12=3, $P12="Acquisition/Rehab",$B12="N/A-CS",$N12="Common Space"),$E12,"") | IS12: =IF(AND($C12=4, $P12="Acquisition/Rehab",$B12="N/A-CS",$N12="Common Space"),$E12,"") | IT12: =IF(AND($C12="Efficiency", $P12="Rehabilitation",NOT($B12="Unrestricted"),NOT($B12="NSP 120"),NOT($B12="N/A-CS"),NOT($N12="Common Space")),$E12,"") | IU12: =IF(AND($C12=1, $P12="Rehabilitation",NOT($B12="Unrestricted"),NOT($B12="NSP 120"),NOT($B12="N/A-CS"),NOT($N12="Common Space")),$E12,"") | IV12: =IF(AND($C12=2, $P12="Rehabilitation",NOT($B12="Unrestricted"),NOT($B12="NSP 120"),NOT($B12="N/A-CS"),NOT($N12="Common Space")),$E12,"") | IW12: =IF(AND($C12=3, $P12="Rehabilitation",NOT($B12="Unrestricted"),NOT($B12="NSP 120"),NOT($B12="N/A-CS"),NOT($N12="Common Space")),$E12,"") | IX12: =IF(AND($C12=4, $P12="Rehabilitation",NOT($B12="Unrestricted"),NOT($B12="NSP 120"),NOT($B12="N/A-CS"),NOT($N12="Common Space")),$E12,"") | IY12: =IF(AND($C12="Efficiency", $P12="Rehabilitation",$B12="Unrestricted",NOT($B12="N/A-CS"),NOT($N12="Common Space")),$E12,"") | IZ12: =IF(AND($C12=1, $P12="Rehabilitation",$B12="Unrestricted",NOT($B12="N/A-CS"),NOT($N12="Common Space")),$E12,"") | JA12: =IF(AND($C12=2, $P12="Rehabilitation",$B12="Unrestricted",NOT($B12="N/A-CS"),NOT($N12="Common Space")),$E12,"") | JB12: =IF(AND($C12=3, $P12="Rehabilitation",$B12="Unrestricted",NOT($B12="N/A-CS"),NOT($N12="Common Space")),$E12,"") | JC12: =IF(AND($C12=4, $P12="Rehabilitation",$B12="Unrestricted",NOT($B12="N/A-CS"),NOT($N12="Common Space")),$E12,"") | JD12: =IF(AND($C12="Efficiency", $P12="Rehabilitation",$B12="N/A-CS",$N12="Common Space"),$E12,"") | JE12: =IF(AND($C12=1, $P12="Rehabilitation",$B12="N/A-CS",$N12="Common Space"),$E12,"") | JF12: =IF(AND($C12=2, $P12="Rehabilitation",$B12="N/A-CS",$N12="Common Space"),$E12,"") | JG12: =IF(AND($C12=3, $P12="Rehabilitation",$B12="N/A-CS",$N12="Common Space"),$E12,"") | JH12: =IF(AND($C12=4, $P12="Rehabilitation",$B12="N/A-CS",$N12="Common Space"),$E12,"") | JI12: =IF(AND($C12="Efficiency", NOT(OR($O12="SF Detached",$O12="Mfd Home",$O12="Semi-Detached",$O12="Row House/TH"))),$E12,"") | JJ12: =IF(AND($C12=1, NOT(OR($O12="SF Detached",$O12="Mfd Home",$O12="Semi-Detached",$O12="Row House/TH"))),$E12,"") | JK12: =IF(AND($C12=2, NOT(OR($O12="SF Detached",$O12="Mfd Home",$O12="Semi-Detached",$O12="Row House/TH"))),$E12,"") | JL12: =IF(AND($C12=3, NOT(OR($O12="SF Detached",$O12="Mfd Home",$O12="Semi-Detached",$O12="Row House/TH"))),$E12,"") | JM12: =IF(AND($C12=4, NOT(OR($O12="SF Detached",$O12="Mfd Home",$O12="Semi-Detached",$O12="Row House/TH"))),$E12,"") | JN12: =IF(AND($C12="Efficiency", $O12="SF Detached",NOT($Q12="Yes")),$E12,"") | JO12: =IF(AND($C12=1, $O12="SF Detached",NOT($Q12="Yes")),$E12,"") | JP12: =IF(AND($C12=2, $O12="SF Detached",NOT($Q12="Yes")),$E12,"") | JQ12: =IF(AND($C12=3, $O12="SF Detached",NOT($Q12="Yes")),$E12,"") | JR12: =IF(AND($C12=4, $O12="SF Detached",NOT($Q12="Yes")),$E12,"") | JS12: =IF(AND($C12="Efficiency", $O12="SF Detached",$Q12="Yes"),$E12,"") | JT12: =IF(AND($C12=1, $O12="SF Detached",$Q12="Yes"),$E12,"") | JU12: =IF(AND($C12=2, $O12="SF Detached",$Q12="Yes"),$E12,"") | JV12: =IF(AND($C12=3, $O12="SF Detached",$Q12="Yes"),$E12,"") | JW12: =IF(AND($C12=4, $O12="SF Detached",$Q12="Yes"),$E12,"") | JX12: =IF(AND($C12="Efficiency", $O12="Mfd Home",NOT($Q12="Yes")),$E12,"") | JY12: =IF(AND($C12=1, $O12="Mfd Home",NOT($Q12="Yes")),$E12,"") | JZ12: =IF(AND($C12=2, $O12="Mfd Home",NOT($Q12="Yes")),$E12,"") | KA12: =IF(AND($C12=3, $O12="Mfd Home",NOT($Q12="Yes")),$E12,"") | KB12: =IF(AND($C12=4, $O12="Mfd Home",NOT($Q12="Yes")),$E12,"") | KC12: =IF(AND($C12="Efficiency", $O12="Mfd Home",$Q12="Yes"),$E12,"") | KD12: =IF(AND($C12=1, $O12="Mfd Home",$Q12="Yes"),$E12,"") | KE12: =IF(AND($C12=2, $O12="Mfd Home",$Q12="Yes"),$E12,"") | KF12: =IF(AND($C12=3, $O12="Mfd Home",$Q12="Yes"),$E12,"") | KG12: =IF(AND($C12=4, $O12="Mfd Home",$Q12="Yes"),$E12,"") | KH12: =IF(AND($C12="Efficiency", $O12="Semi-Detached",NOT($Q12="Yes")),$E12,"") | KI12: =IF(AND($C12=1, $O12="Semi-Detached",NOT($Q12="Yes")),$E12,"") | KJ12: =IF(AND($C12=2, $O12="Semi-Detached",NOT($Q12="Yes")),$E12,"") | KK12: =IF(AND($C12=3, $O12="Semi-Detached",NOT($Q12="Yes")),$E12,"") | KL12: =IF(AND($C12=4, $O12="Semi-Detached",NOT($Q12="Yes")),$E12,"") | KM12: =IF(AND($C12="Efficiency", $O12="Semi-Detached",$Q12="Yes"),$E12,"") | KN12: =IF(AND($C12=1, $O12="Semi-Detached",$Q12="Yes"),$E12,"") | KO12: =IF(AND($C12=2, $O12="Semi-Detached",$Q12="Yes"),$E12,"") | KP12: =IF(AND($C12=3, $O12="Semi-Detached",$Q12="Yes"),$E12,"") | KQ12: =IF(AND($C12=4, $O12="Semi-Detached",$Q12="Yes"),$E12,"") | KR12: =IF(AND($C12="Efficiency", $O12="Row House/TH",NOT($Q12="Yes")),$E12,"") | KS12: =IF(AND($C12=1, $O12="Row House/TH",NOT($Q12="Yes")),$E12,"") | KT12: =IF(AND($C12=2, $O12="Row House/TH",NOT($Q12="Yes")),$E12,"") | KU12: =IF(AND($C12=3, $O12="Row House/TH",NOT($Q12="Yes")),$E12,"") | KV12: =IF(AND($C12=4, $O12="Row House/TH",NOT($Q12="Yes")),$E12,"") | KW12: =IF(AND($C12="Efficiency", $O12="Row House/TH",$Q12="Yes"),$E12,"") | KX12: =IF(AND($C12=1, $O12="Row House/TH",$Q12="Yes"),$E12,"") | KY12: =IF(AND($C12=2, $O12="Row House/TH",$Q12="Yes"),$E12,"") | KZ12: =IF(AND($C12=3, $O12="Row House/TH",$Q12="Yes"),$E12,"") | LA12: =IF(AND($C12=4, $O12="Row House/TH",$Q12="Yes"),$E12,"") | LB12: =IF(AND($C12="Efficiency", $O12="Low-Rise Apt",NOT($Q12="Yes")),$E12,"") | LC12: =IF(AND($C12=1, $O12="Low-Rise Apt",NOT($Q12="Yes")),$E12,"") | LD12: =IF(AND($C12=2, $O12="Low-Rise Apt",NOT($Q12="Yes")),$E12,"") | LE12: =IF(AND($C12=3, $O12="Low-Rise Apt",NOT($Q12="Yes")),$E12,"") | LF12: =IF(AND($C12=4, $O12="Low-Rise Apt",NOT($Q12="Yes")),$E12,"") | LG12: =IF(AND($C12="Efficiency", $O12="Low-Rise Elevator",NOT($Q12="Yes")),$E12,"") | LH12: =IF(AND($C12=1, $O12="Low-Rise Elevator",NOT($Q12="Yes")),$E12,"") | LI12: =IF(AND($C12=2, $O12="Low-Rise Elevator",NOT($Q12="Yes")),$E12,"") | LJ12: =IF(AND($C12=3, $O12="Low-Rise Elevator",NOT($Q12="Yes")),$E12,"") | LK12: =IF(AND($C12=4, $O12="Low-Rise Elevator",NOT($Q12="Yes")),$E12,"") | LL12: =IF(AND($C12="Efficiency", $O12="Low-Rise Apt",$Q12="Yes"),$E12,"") | LM12: =IF(AND($C12=1, $O12="Low-Rise Apt",$Q12="Yes"),$E12,"") | LN12: =IF(AND($C12=2, $O12="Low-Rise Apt",$Q12="Yes"),$E12,"") | LO12: =IF(AND($C12=3, $O12="Low-Rise Apt",$Q12="Yes"),$E12,"") | LP12: =IF(AND($C12=4, $O12="Low-Rise Apt",$Q12="Yes"),$E12,"") | LQ12: =IF(AND($C12="Efficiency", $O12="Low-Rise Elevator",$Q12="Yes"),$E12,"") | LR12: =IF(AND($C12=1, $O12="Low-Rise Elevator",$Q12="Yes"),$E12,"") | LS12: =IF(AND($C12=2, $O12="Low-Rise Elevator",$Q12="Yes"),$E12,"") | LT12: =IF(AND($C12=3, $O12="Low-Rise Elevator",$Q12="Yes"),$E12,"") | LU12: =IF(AND($C12=4, $O12="Low-Rise Elevator",$Q12="Yes"),$E12,"") | LV12: =IF(AND($C12="Efficiency", $O12="High-Rise Apt",NOT($Q12="Yes")),$E12,"") | LW12: =IF(AND($C12=1, $O12="High-Rise Apt",NOT($Q12="Yes")),$E12,"") | LX12: =IF(AND($C12=2, $O12="High-Rise Apt",NOT($Q12="Yes")),$E12,"") | LY12: =IF(AND($C12=3, $O12="High-Rise Apt",NOT($Q12="Yes")),$E12,"") | LZ12: =IF(AND($C12=4, $O12="High-Rise Apt",NOT($Q12="Yes")),$E12,"") | MA12: =IF(AND($C12="Efficiency", $O12="High-Rise Elevator",NOT($Q12="Yes")),$E12,"") | MB12: =IF(AND($C12=1, $O12="High-Rise Elevator",NOT($Q12="Yes")),$E12,"") | MC12: =IF(AND($C12=2, $O12="High-Rise Elevator",NOT($Q12="Yes")),$E12,"") | MD12: =IF(AND($C12=3, $O12="High-Rise Elevator",NOT($Q12="Yes")),$E12,"") | ME12: =IF(AND($C12=4, $O12="High-Rise Elevator",NOT($Q12="Yes")),$E12,"") | MF12: =IF(AND($C12="Efficiency", $O12="High-Rise Apt",$Q12="Yes"),$E12,"") | MG12: =IF(AND($C12=1, $O12="High-Rise Apt",$Q12="Yes"),$E12,"") | MH12: =IF(AND($C12=2, $O12="High-Rise Apt",$Q12="Yes"),$E12,"") | MI12: =IF(AND($C12=3, $O12="High-Rise Apt",$Q12="Yes"),$E12,"") | MJ12: =IF(AND($C12=4, $O12="High-Rise Apt",$Q12="Yes"),$E12,"") | MK12: =IF(AND($C12="Efficiency", $O12="High-Rise Elevator",$Q12="Yes"),$E12,"") | ML12: =IF(AND($C12=1, $O12="High-Rise Elevator",$Q12="Yes"),$E12,"") | MM12: =IF(AND($C12=2, $O12="High-Rise Elevator",$Q12="Yes"),$E12,"") | MN12: =IF(AND($C12=3, $O12="High-Rise Elevator",$Q12="Yes"),$E12,"") | MO12: =IF(AND($C12=4, $O12="High-Rise Elevator",$Q12="Yes"),$E12,"") | MP12: =IF(AND($B12="NSP 120% AMI",$C12="Efficiency", NOT($N12="Common Space")),$E12,"") | MQ12: =IF(AND($B12="NSP 120% AMI",$C12=1,NOT($N12="Common Space")),$E12,"") | MR12: =IF(AND($B12="NSP 120% AMI",$C12=2,NOT($N12="Common Space")),$E12,"") | MS12: =IF(AND($B12="NSP 120% AMI",$C12=3,NOT($N12="Common Space")),$E12,"") | MT12: =IF(AND($B12="NSP 120% AMI",$C12=4,NOT($N12="Common Space")),$E12,"") | MU12: =IF(AND(C12="Efficiency",B12="NSP 120% AMI",NOT(N12="Common Space")),E12*F12,"") | MV12: =IF(AND(C12=1,B12="NSP 120% AMI",NOT(N12="Common Space")),E12*F12,"") | MW12: =IF(AND(C12=2,B12="NSP 120% AMI",NOT(N12="Common Space")),E12*F12,"") | MX12: =IF(AND(C12=3,B12="NSP 120% AMI",NOT(N12="Common Space")),E12*F12,"") | MY12: =IF(AND(C12=4,B12="NSP 120% AMI",NOT(N12="Common Space")),E12*F12,"") | MZ12: =IF(AND($C12="Efficiency", $P12="New Construction",$B12="NSP 120% AMI",NOT($N12="Common Space")),$E12,"") | NA12: =IF(AND($C12=1, $P12="New Construction",$B12="NSP 120% AMI",NOT($N12="Common Space")),$E12,"") | NB12: =IF(AND($C12=2, $P12="New Construction",$B12="NSP 120% AMI",NOT($N12="Common Space")),$E12,"") | NC12: =IF(AND($C12=3, $P12="New Construction",$B12="NSP 120% AMI",NOT($N12="Common Space")),$E12,"") | ND12: =IF(AND($C12=4, $P12="New Construction",$B12="NSP 120% AMI",NOT($N12="Common Space")),$E12,"") | NE12: =IF(AND($C12="Efficiency", $P12="Acquisition/Rehab",$B12="NSP 120% AMI",NOT($N12="Common Space")),$E12,"") | NF12: =IF(AND($C12=1, $P12="Acquisition/Rehab",$B12="NSP 120% AMI",NOT($N12="Common Space")),$E12,"") | NG12: =IF(AND($C12=2, $P12="Acquisition/Rehab",$B12="NSP 120% AMI",NOT($N12="Common Space")),$E12,"") | NH12: =IF(AND($C12=3, $P12="Acquisition/Rehab",$B12="NSP 120% AMI",NOT($N12="Common Space")),$E12,"") | NI12: =IF(AND($C12=4, $P12="Acquisition/Rehab",$B12="NSP 120% AMI",NOT($N12="Common Space")),$E12,"") | NJ12: =IF(AND($C12="Efficiency", $P12="Rehabilitation",$B12="NSP 120% AMI",NOT($N12="Common Space")),$E12,"") | NK12: =IF(AND($C12=1, $P12="Rehabilitation",$B12="NSP 120% AMI",NOT($N12="Common Space")),$E12,"") | NL12: =IF(AND($C12=2, $P12="Rehabilitation",$B12="NSP 120% AMI",NOT($N12="Common Space")),$E12,"") | NM12: =IF(AND($C12=3, $P12="Rehabilitation",$B12="NSP 120% AMI",NOT($N12="Common Space")),$E12,"") | NN12: =IF(AND($C12=4, $P12="Rehabilitation",$B12="NSP 120% AMI",NOT($N12="Common Space")),$E12,"") | NO12: =IF(AND($C12="Efficiency",$E12>0,OR($O12="Low-Rise Apt",$O12="Low-Rise Elevator",$O12="High-Rise Apt",$O12="High-Rise Elevator",$O12="Row House/TH"),OR($P12="Acquisition/Rehab",$P12="Rehabilitation"),NOT($Q12="Yes")),$E12,0) -> 0 | NP12: =IF(AND($C12=1,$E12>0,OR($O12="Low-Rise Apt",$O12="Low-Rise Elevator",$O12="High-Rise Apt",$O12="High-Rise Elevator",$O12="Row House/TH"),OR($P12="Acquisition/Rehab",$P12="Rehabilitation"),NOT($Q12="Yes")),$E12,0) -> 0 | NQ12: =IF(AND($C12=2,$E12>0,OR($O12="Low-Rise Apt",$O12="Low-Rise Elevator",$O12="High-Rise Apt",$O12="High-Rise Elevator",$O12="Row House/TH"),OR($P12="Acquisition/Rehab",$P12="Rehabilitation"),NOT($Q12="Yes")),$E12,0) -> 0 | NR12: =IF(AND($C12=3,$E12>0,OR($O12="Low-Rise Apt",$O12="Low-Rise Elevator",$O12="High-Rise Apt",$O12="High-Rise Elevator",$O12="Row House/TH"),OR($P12="Acquisition/Rehab",$P12="Rehabilitation"),NOT($Q12="Yes")),$E12,0) -> 0 | NS12: =IF(AND($C12=4,$E12>0,OR($O12="Low-Rise Apt",$O12="Low-Rise Elevator",$O12="High-Rise Apt",$O12="High-Rise Elevator",$O12="Row House/TH"),OR($P12="Acquisition/Rehab",$P12="Rehabilitation"),NOT($Q12="Yes")),$E12,0) -> 0 | NT12: =IF(AND($C12="Efficiency",$E12>0,OR($O12="Low-Rise Apt",$O12="Low-Rise Elevator",$O12="High-Rise Apt",$O12="High-Rise Elevator",$O12="Row House/TH"),$P12="New Construction"),$E12,0) -> 0 | NU12: =IF(AND($C12=1,$E12>0,OR($O12="Low-Rise Apt",$O12="Low-Rise Elevator",$O12="High-Rise Apt",$O12="High-Rise Elevator",$O12="Row House/TH"),$P12="New Construction"),$E12,0) -> 0 | NV12: =IF(AND($C12=2,$E12>0,OR($O12="Low-Rise Apt",$O12="Low-Rise Elevator",$O12="High-Rise Apt",$O12="High-Rise Elevator",$O12="Row House/TH"),$P12="New Construction"),$E12,0) -> 0 | NW12: =IF(AND($C12=3,$E12>0,OR($O12="Low-Rise Apt",$O12="Low-Rise Elevator",$O12="High-Rise Apt",$O12="High-Rise Elevator",$O12="Row House/TH"),$P12="New Construction"),$E12,0) -> 0 | NX12: =IF(AND($C12=4,$E12>0,OR($O12="Low-Rise Apt",$O12="Low-Rise Elevator",$O12="High-Rise Apt",$O12="High-Rise Elevator",$O12="Row House/TH"),$P12="New Construction"),$E12,0) -> 0 | NY12: =IF(AND($C12="Efficiency",$E12>0,OR($O12="SF Detached",$O12="Semi-Detached",$O12="Mfd Home"),NOT($Q12="Yes")),$E12,0) -> 0 | NZ12: =IF(AND($C12=1,$E12>0,OR($O12="SF Detached",$O12="Semi-Detached",$O12="Mfd Home"),NOT($Q12="Yes")),$E12,0) -> 0 | OA12: =IF(AND($C12=2,$E12>0,OR($O12="SF Detached",$O12="Semi-Detached",$O12="Mfd Home"),NOT($Q12="Yes")),$E12,0) -> 0 | OB12: =IF(AND($C12=3,$E12>0,OR($O12="SF Detached",$O12="Semi-Detached",$O12="Mfd Home"),NOT($Q12="Yes")),$E12,0) -> 0 | OC12: =IF(AND($C12=4,$E12>0,OR($O12="SF Detached",$O12="Semi-Detached",$O12="Mfd Home"),NOT($Q12="Yes")),$E12,0) -> 0 | OY12: Units2 | OZ12: 12
